Workbook
Name \a: #REF!
Name \a: #REF!
Name _____DAT23: #REF!
Name _____DAT23: #REF!
Name _____DAT24: #REF!
Name _____DAT24: #REF!
Name ____DAT23: #REF!
Name ____DAT24: #REF!
Name ___DAT1: #REF!
Name ___DAT12: #REF!
Name ___DAT13: #REF!
Name ___DAT14: #REF!
Name ___DAT15: #REF!
Name ___DAT16: #REF!
Name ___DAT17: #REF!
Name ___DAT18: #REF!
Name ___DAT19: #REF!
Name ___DAT2: #REF!
Name ___DAT20: #REF!
Name ___DAT22: #REF!
Name ___DAT23: #REF!
Name ___DAT24: #REF!
Name ___DAT3: #REF!
Name ___DAT4: #REF!
Name ___DAT5: #REF!
Name ___DAT6: #REF!
Name ___DAT7: #REF!
Name ___DAT8: #REF!
Name __DAT1: #REF!
Name __DAT12: #REF!
Name __DAT13: #REF!
Name __DAT14: #REF!
Name __DAT15: #REF!
Name __DAT16: #REF!
Name __DAT17: #REF!
Name __DAT18: #REF!
Name __DAT19: #REF!
Name __DAT2: #REF!
Name __DAT20: #REF!
Name __DAT22: #REF!
Name __DAT23: #REF!
Name __DAT23: #REF!
Name __DAT24: #REF!
Name __DAT24: #REF!
Name __DAT3: #REF!
Name __DAT4: #REF!
Name __DAT5: #REF!
Name __DAT6: #REF!
Name __DAT7: #REF!
Name __DAT8: #REF!
Name __RSE1: #REF!
Name __RSE2: #REF!
Name _DAT1: #REF!
Name _DAT12: #REF!
Name _DAT13: #REF!
Name _DAT13: #REF!
Name _DAT14: #REF!
Name _DAT14: #REF!
Name _DAT15: #REF!
Name _DAT16: #REF!

Sheet INDICE
B6: FONDO MUTUO FAM LIQUIDEZ DÓLARES Administrado por: FAMILIAR ADMINISTRADORA DE FONDOS PATRIMONIALES DE INVERSIÓN SOCIEDAD ANÓNIMA
B14: ESTADOS FINANCIEROS AL 30 DE SEPTIEMBRE DE 2024 PRESENTADO DE FORMA COMPARATIVA
B15: CON EL PERÍODO COMPRENDIDO DESDE EL 1 DE ENERO HASTA EL 31 DE DICIEMBRE DEL 2023
L19: REF,
C21: Activo Neto | L21: Activo Neto
C23: Estado de Ingresos y Egresos | L23: Estado de Ingresos y Egresos
C25: Flujos de Efectivo | L25: Flujos de Efectivo
C27: Variación del Activo Neto | L27: Variación del Activo Neto
C29: Notas a los Estados Financieros (Nota 1 a Nota 3,7) | L29: Nota 1 a Nota 3,7
C31: Notas a los Estados Financieros (Nota 3,8 a Nota 4,1) | L31: Nota 3,8 a Nota 4,1
C33: Notas a los Estados Financieros (Nota 4,2) | L33: Nota 4,2
C35: Notas a los Estados Financieros (Nota 4,3 a Nota 4,11) | L35: Nota 4,3 a Nota 4,11
C37: Notas a los Estados Financieros (Nota 5 a Nota 8) | L37: Nota 5 a Nota 8
D47: Rodolfo Gauto | L47: Dahiana Gómez
D48: Presidente | L48: Contadora
H54: Maria Cristina Troche
H55: Vicepresidente

Sheet INVENTARIO RF-MAR
B1: FECHA VALOR | C1: =+'[1]FM FAMPLUSUSD'!A305 -> 46112 | I1: =+C3-1.38%-0.07% -> 0.049916263
B2: PORTAFOLIO | C2: =ROUND((SUM(Tabla3[Valor Presente o Contable])),2) -> 19360935 | D2: Plazo promedio | G2: =SUMPRODUCT(Tabla3[Valor Presente o Contable],Tabla3[Plazo residual])/SUM(Tabla3[Valor Presente o Contable]) -> 804.02841 | I2: =+C4-1.38% -> 0.049207811
B3: YTM | C3: =SUMPRODUCT(Tabla3[YTM],Tabla3[Valor Presente o Contable])/SUM(Tabla3[Valor Presente o Contable]) -> 0.064416263 | D3: Duración promedio | G3: =SUMPRODUCT(Tabla3[Valor Presente o Contable],Tabla3[Duration])/SUM(Tabla3[Valor Presente o Contable]) -> 2.1955641
B4: TNA | C4: =SUMPRODUCT(Tabla3[TNA],Tabla3[Valor Presente o Contable])/SUM(Tabla3[Valor Presente o Contable]) -> 0.063007811 | D4: Duración Modif. Prom. | G4: =SUMPRODUCT(Tabla3[Valor Presente o Contable],Tabla3[Modified Duration])/SUM(Tabla3[Valor Presente o Contable]) -> 2.1446195 | H4: Valuación por devengado | K4: =SUM(Tabla3[Valuación por devegamiento]) -> 3291.2479
U5: =C1 -> 46112 | V5: =U5-1 -> 46111 | W5: =SUM(Tabla3[Valuación por devegamiento]) -> 3291.2479 | AG5: =+SUM(AG7:AG557) -> 19334000 | AH5: =+SUM(AH7:AH557) -> 3058466.6 | AI5: =+SUM(AI7:AI557) -> 2906363.6 | AJ5: =+SUM(AJ7:AJ557) -> 23163.242 | AK5: =+SUM(AK7:AK557) -> -148330.8 | AL5: =AG5+AH5-AI5+AJ5+AK5 -> 19360935 | AM5: =+AL5-C2 -> -0.00067058578
A6: #Operación | B6: Emisor | C6: Código Emisión | D6: Instrumento | E6: Calificación | F6: Sector | G6: País | H6: Cantidad | I6: Cortes | J6: Tasa de Interés | K6: Last coupon | L6: Accrued | M6: Precio Clean | N6: Precio Dirty | O6: YTM | P6: TNA | Q6: Fecha de operación | R6: Fecha de Vencimiento | S6: Moneda | T6: Valor Nominal | U6: Valor Presente o Contable | V6: Valor presente o contable2 | W6: Valuación por devegamiento | X6: Estado | Y6: Periodicidad | Z6: Plazo residual | AA6: Duration | AB6: Modified Duration | AC6: Custodio | AD6: Amortización k | cupón de intereses | AG6: Valor nominal K | AH6: Valor nominal CI | AI6: Int. a devengar | AJ6: Diferencia de Px + | AK6: Diferencia de Px -
A7: 1 | B7: Banco Basa SA | C7: PYBAM01F0358 | D7: Bonos Financieros | E7: AA-py | F7: Financiero | G7: Paraguay | H7: 50 | I7: 1000 | J7: 0.065 | K7: =_xlfn.MAXIFS(R:R,C:C,C7,AD:AD,"Cupón de interés",X:X,"Vencido") -> 46049 | L7: =+Tabla3[[#This Row],[Tasa de Interés]]*($U$5-Tabla3[[#This Row],[Last coupon]])/365 -> 0.011219178 | M7: =+Tabla3[[#This Row],[Precio Dirty]]-Tabla3[[#This Row],[Accrued]] -> 1.0002144 | N7: =SUMIFS(U:U,C:C,C7,Q:Q,Q7)/SUMIFS(T:T,C:C,C7,Q:Q,Q7,AD:AD,"Amortización de K") -> 1.0114336 | O7: 0.066508695 | P7: 0.06491147 | Q7: 45812 | R7: 47238 | S7: USD | T7: =Tabla3[[#This Row],[Cantidad]]*Tabla3[[#This Row],[Cortes]] -> 50000 | U7: =IF(X7="VIgente",(T7/(1+O7)^((R7-$U$5)/365))) -> 40992.249 | V7: =IF(X7="VIgente",(T7/(1+O7)^((R7-$V$5)/365))) -> 40985.018 | W7: =IF(Tabla3[[#This Row],[Fecha de operación]]=$C$1,0,U7-V7) -> 7.2308904 | X7: =IF(R7<=$U$5,"Vencido","Vigente") -> Vigente | Y7: Trimestral | Z7: =+R7-$U$5 -> 1126 | AA7: =IF(Y7="Mensual",DURATION($C$1,$C$1+Z7*12,J7/12,O7/12,1)/12,DURATION($C$1,R7,J7,O7,IF(Y7="Cupón cero",1,IF(Y7="Al vencimiento",1,IF(Y7="Anual",1,IF(Y7="Semestral",2,IF(Y7="Trimestral",4,""))))))) -> 2.7882992 | AB7: =IF(Y7="Mensual",MDURATION($C$1,$C$1+Z7*12,J7/12,O7/12,1)/12,MDURATION($C$1,R7,J7,O7,IF(Y7="Cupón cero",1,IF(Y7="Al vencimiento",1,IF(Y7="Anual",1,IF(Y7="Semestral",2,IF(Y7="Trimestral",4,""))))))) -> 2.7426959 | AC7: Familiar CB | AD7: Amortización de K | AG7: =+IF(Tabla3[[#This Row],[Amortización k | cupón de intereses]]="Amortización de K",Tabla3[[#This Row],[Valor Nominal]],0) -> 50000 | AH7: =+IF(AND(Tabla3[[#This Row],[Amortización k | cupón de intereses]]="Cupón de interés",Tabla3[[#This Row],[Estado]]="Vigente"),Tabla3[[#This Row],[Valor Nominal]],0) -> 0 | AI7: =+IF(Tabla3[[#This Row],[Amortización k | cupón de intereses]]="Amortización de K",SUMIFS($AH$7:$AH$557,Tabla3[Código Emisión],Tabla3[[#This Row],[Código Emisión]],Tabla3[Fecha de operación],Tabla3[[#This Row],[Fecha de operación]]),0)-Tabla3[[#This Row],[Accrued]]*Tabla3[[#This Row],[Valor Nominal]] -> 10026.027 | AJ7: =+IF(Tabla3[[#This Row],[Amortización k | cupón de intereses]]="Amortización de K",IF(Tabla3[[#This Row],[Precio Clean]]>1,Tabla3[[#This Row],[Valor Nominal]]*(Tabla3[[#This Row],[Precio Clean]]-1),0),0) -> 10.721264 | AK7: =+IF(Tabla3[[#This Row],[Amortización k | cupón de intereses]]="Amortización de K",IF(Tabla3[[#This Row],[Precio Clean]]<1,Tabla3[[#This Row],[Valor Nominal]]*(Tabla3[[#This Row],[Precio Clean]]-1),0),0) -> 0
B8: =+B7 -> Banco Basa SA | C8: =+C7 -> PYBAM01F0358 | D8: =+D7 -> Bonos Financieros | E8: =+E7 -> AA-py | F8: Financiero | G8: Paraguay | H8: =+H7 -> 50 | I8: 16.739726 | O8: =$O$7 -> 0.066508695 | P8: =$P$7 -> 0.06491147 | Q8: =+Q7 -> 45812 | R8: 47238 | S8: USD | T8: =Tabla3[[#This Row],[Cantidad]]*Tabla3[[#This Row],[Cortes]] -> 836.9863 | U8: =IF(X8="VIgente",(T8/(1+O8)^((R8-$U$5)/365))) -> 686.19901 | V8: =IF(X8="VIgente",(T8/(1+O8)^((R8-$V$5)/365))) -> 686.07797 | W8: =IF(Tabla3[[#This Row],[Fecha de operación]]=$C$1,0,U8-V8) -> 0.12104312 | X8: =IF(R8<=$U$5,"Vencido","Vigente") -> Vigente | Z8: =+R8-$U$5 -> 1126 | AA8: =+AA7 -> 2.7882992 | AB8: =AB7 -> 2.7426959 | AC8: Familiar CB | AD8: Cupón de Interés | AG8: =+IF(Tabla3[[#This Row],[Amortización k | cupón de intereses]]="Amortización de K",Tabla3[[#This Row],[Valor Nominal]],0) -> 0 | AH8: =+IF(AND(Tabla3[[#This Row],[Amortización k | cupón de intereses]]="Cupón de interés",Tabla3[[#This Row],[Estado]]="Vigente"),Tabla3[[#This Row],[Valor Nominal]],0) -> 836.9863 | AI8: =+IF(Tabla3[[#This Row],[Amortización k | cupón de intereses]]="Amortización de K",SUMIFS($AH$7:$AH$557,Tabla3[Código Emisión],Tabla3[[#This Row],[Código Emisión]],Tabla3[Fecha de operación],Tabla3[[#This Row],[Fecha de operación]]),0)-Tabla3[[#This Row],[Accrued]]*Tabla3[[#This Row],[Valor Nominal]] -> 0 | AJ8: =+IF(Tabla3[[#This Row],[Amortización k | cupón de intereses]]="Amortización de K",IF(Tabla3[[#This Row],[Precio Clean]]>1,Tabla3[[#This Row],[Valor Nominal]]*(Tabla3[[#This Row],[Precio Clean]]-1),0),0) -> 0 | AK8: =+IF(Tabla3[[#This Row],[Amortización k | cupón de intereses]]="Amortización de K",IF(Tabla3[[#This Row],[Precio Clean]]<1,Tabla3[[#This Row],[Valor Nominal]]*(Tabla3[[#This Row],[Precio Clean]]-1),0),0) -> 0 | AO8: CDA | AP8: =+AP9+AP10-AP11+AP12+AP13 -> 15513942 | AQ8: =+SUMIFS(Tabla3[Valor Presente o Contable],Tabla3[Instrumento],AO8) -> 15513942 | AR8: =+AP8-AQ8 -> 0
B9: =+B8 -> Banco Basa SA | C9: =+C8 -> PYBAM01F0358 | D9: =+D8 -> Bonos Financieros | E9: =+E8 -> AA-py | F9: =+F8 -> Financiero | G9: =+G8 -> Paraguay | H9: =+H8 -> 50 | I9: 16.205479 | O9: =+O8 -> 0.066508695 | P9: =+P8 -> 0.06491147 | Q9: =+Q8 -> 45812 | R9: 47144 | S9: USD | T9: =Tabla3[[#This Row],[Cantidad]]*Tabla3[[#This Row],[Cortes]] -> 810.27395 | U9: =IF(X9="VIgente",(T9/(1+O9)^((R9-$U$5)/365))) -> 675.40677 | V9: =IF(X9="VIgente",(T9/(1+O9)^((R9-$V$5)/365))) -> 675.28763 | W9: =IF(Tabla3[[#This Row],[Fecha de operación]]=$C$1,0,U9-V9) -> 0.11913941 | X9: =IF(R9<=$U$5,"Vencido","Vigente") -> Vigente | Z9: =+R9-$U$5 -> 1032 | AA9: =AA8 -> 2.7882992 | AB9: =AB8 -> 2.7426959 | AC9: Familiar CB | AD9: Cupón de Interés | AG9: =+IF(Tabla3[[#This Row],[Amortización k | cupón de intereses]]="Amortización de K",Tabla3[[#This Row],[Valor Nominal]],0) -> 0 | AH9: =+IF(AND(Tabla3[[#This Row],[Amortización k | cupón de intereses]]="Cupón de interés",Tabla3[[#This Row],[Estado]]="Vigente"),Tabla3[[#This Row],[Valor Nominal]],0) -> 810.27395 | AI9: =+IF(Tabla3[[#This Row],[Amortización k | cupón de intereses]]="Amortización de K",SUMIFS($AH$7:$AH$557,Tabla3[Código Emisión],Tabla3[[#This Row],[Código Emisión]],Tabla3[Fecha de operación],Tabla3[[#This Row],[Fecha de operación]]),0)-Tabla3[[#This Row],[Accrued]]*Tabla3[[#This Row],[Valor Nominal]] -> 0 | AJ9: =+IF(Tabla3[[#This Row],[Amortización k | cupón de intereses]]="Amortización de K",IF(Tabla3[[#This Row],[Precio Clean]]>1,Tabla3[[#This Row],[Valor Nominal]]*(Tabla3[[#This Row],[Precio Clean]]-1),0),0) -> 0 | AK9: =+IF(Tabla3[[#This Row],[Amortización k | cupón de intereses]]="Amortización de K",IF(Tabla3[[#This Row],[Precio Clean]]<1,Tabla3[[#This Row],[Valor Nominal]]*(Tabla3[[#This Row],[Precio Clean]]-1),0),0) -> 0 | AN9: 12010115001001 | AO9: CDA USD | AP9: =+SUMIF(Tabla3[Instrumento],$AO$8,$AG$7:$AG$520) -> 15384000
B10: =+B9 -> Banco Basa SA | C10: =+C9 -> PYBAM01F0358 | D10: =+D9 -> Bonos Financieros | E10: =+E9 -> AA-py | F10: =+F9 -> Financiero | G10: =+G9 -> Paraguay | H10: =+H9 -> 50 | I10: 16.205479 | O10: =+O9 -> 0.066508695 | P10: =+P9 -> 0.06491147 | Q10: =+Q9 -> 45812 | R10: 47053 | S10: USD | T10: =Tabla3[[#This Row],[Cantidad]]*Tabla3[[#This Row],[Cortes]] -> 810.27395 | U10: =IF(X10="VIgente",(T10/(1+O10)^((R10-$U$5)/365))) -> 686.33691 | V10: =IF(X10="VIgente",(T10/(1+O10)^((R10-$V$5)/365))) -> 686.21584 | W10: =IF(Tabla3[[#This Row],[Fecha de operación]]=$C$1,0,U10-V10) -> 0.12106745 | X10: =IF(R10<=$U$5,"Vencido","Vigente") -> Vigente | Z10: =+R10-$U$5 -> 941 | AA10: =AA9 -> 2.7882992 | AB10: =AB9 -> 2.7426959 | AC10: Familiar CB | AD10: Cupón de Interés | AG10: =+IF(Tabla3[[#This Row],[Amortización k | cupón de intereses]]="Amortización de K",Tabla3[[#This Row],[Valor Nominal]],0) -> 0 | AH10: =+IF(AND(Tabla3[[#This Row],[Amortización k | cupón de intereses]]="Cupón de interés",Tabla3[[#This Row],[Estado]]="Vigente"),Tabla3[[#This Row],[Valor Nominal]],0) -> 810.27395 | AI10: =+IF(Tabla3[[#This Row],[Amortización k | cupón de intereses]]="Amortización de K",SUMIFS($AH$7:$AH$557,Tabla3[Código Emisión],Tabla3[[#This Row],[Código Emisión]],Tabla3[Fecha de operación],Tabla3[[#This Row],[Fecha de operación]]),0)-Tabla3[[#This Row],[Accrued]]*Tabla3[[#This Row],[Valor Nominal]] -> 0 | AJ10: =+IF(Tabla3[[#This Row],[Amortización k | cupón de intereses]]="Amortización de K",IF(Tabla3[[#This Row],[Precio Clean]]>1,Tabla3[[#This Row],[Valor Nominal]]*(Tabla3[[#This Row],[Precio Clean]]-1),0),0) -> 0 | AK10: =+IF(Tabla3[[#This Row],[Amortización k | cupón de intereses]]="Amortización de K",IF(Tabla3[[#This Row],[Precio Clean]]<1,Tabla3[[#This Row],[Valor Nominal]]*(Tabla3[[#This Row],[Precio Clean]]-1),0),0) -> 0 | AN10: 13080225001001 | AO10: Int. a cobrar - CDA USD | AP10: =+SUMIF(Tabla3[Instrumento],$AO$8,$AH$7:$AH$197) -> 2041255.1
B11: =+B10 -> Banco Basa SA | C11: =+C10 -> PYBAM01F0358 | D11: =+D10 -> Bonos Financieros | E11: =+E10 -> AA-py | F11: =+F10 -> Financiero | G11: =+G10 -> Paraguay | H11: =+H10 -> 50 | I11: 16.205479 | O11: =+O10 -> 0.066508695 | P11: =+P10 -> 0.06491147 | Q11: =+Q10 -> 45812 | R11: 46962 | S11: USD | T11: =Tabla3[[#This Row],[Cantidad]]*Tabla3[[#This Row],[Cortes]] -> 810.27395 | U11: =IF(X11="VIgente",(T11/(1+O11)^((R11-$U$5)/365))) -> 697.44393 | V11: =IF(X11="VIgente",(T11/(1+O11)^((R11-$V$5)/365))) -> 697.3209 | W11: =IF(Tabla3[[#This Row],[Fecha de operación]]=$C$1,0,U11-V11) -> 0.12302669 | X11: =IF(R11<=$U$5,"Vencido","Vigente") -> Vigente | Z11: =+R11-$U$5 -> 850 | AA11: =AA10 -> 2.7882992 | AB11: =AB10 -> 2.7426959 | AC11: Familiar CB | AD11: Cupón de Interés | AG11: =+IF(Tabla3[[#This Row],[Amortización k | cupón de intereses]]="Amortización de K",Tabla3[[#This Row],[Valor Nominal]],0) -> 0 | AH11: =+IF(AND(Tabla3[[#This Row],[Amortización k | cupón de intereses]]="Cupón de interés",Tabla3[[#This Row],[Estado]]="Vigente"),Tabla3[[#This Row],[Valor Nominal]],0) -> 810.27395 | AI11: =+IF(Tabla3[[#This Row],[Amortización k | cupón de intereses]]="Amortización de K",SUMIFS($AH$7:$AH$557,Tabla3[Código Emisión],Tabla3[[#This Row],[Código Emisión]],Tabla3[Fecha de operación],Tabla3[[#This Row],[Fecha de operación]]),0)-Tabla3[[#This Row],[Accrued]]*Tabla3[[#This Row],[Valor Nominal]] -> 0 | AJ11: =+IF(Tabla3[[#This Row],[Amortización k | cupón de intereses]]="Amortización de K",IF(Tabla3[[#This Row],[Precio Clean]]>1,Tabla3[[#This Row],[Valor Nominal]]*(Tabla3[[#This Row],[Precio Clean]]-1),0),0) -> 0 | AK11: =+IF(Tabla3[[#This Row],[Amortización k | cupón de intereses]]="Amortización de K",IF(Tabla3[[#This Row],[Precio Clean]]<1,Tabla3[[#This Row],[Valor Nominal]]*(Tabla3[[#This Row],[Precio Clean]]-1),0),0) -> 0 | AN11: 13080225901001 | AO11: (-) Int. a devengar - CDA USD | AP11: =+SUMIF(Tabla3[Instrumento],$AO8,$AI$7:$AI$384) -> 1928680.9
B12: =+B11 -> Banco Basa SA | C12: =+C11 -> PYBAM01F0358 | D12: =+D11 -> Bonos Financieros | E12: =+E11 -> AA-py | F12: =+F11 -> Financiero | G12: =+G11 -> Paraguay | H12: =+H11 -> 50 | I12: 16.739726 | O12: =+O11 -> 0.066508695 | P12: =+P11 -> 0.06491147 | Q12: =+Q11 -> 45812 | R12: 46871 | S12: USD | T12: =Tabla3[[#This Row],[Cantidad]]*Tabla3[[#This Row],[Cortes]] -> 836.9863 | U12: =IF(X12="VIgente",(T12/(1+O12)^((R12-$U$5)/365))) -> 732.09547 | V12: =IF(X12="VIgente",(T12/(1+O12)^((R12-$V$5)/365))) -> 731.96633 | W12: =IF(Tabla3[[#This Row],[Fecha de operación]]=$C$1,0,U12-V12) -> 0.1291391 | X12: =IF(R12<=$U$5,"Vencido","Vigente") -> Vigente | Z12: =+R12-$U$5 -> 759 | AA12: =AA11 -> 2.7882992 | AB12: =AB11 -> 2.7426959 | AC12: Familiar CB | AD12: Cupón de Interés | AG12: =+IF(Tabla3[[#This Row],[Amortización k | cupón de intereses]]="Amortización de K",Tabla3[[#This Row],[Valor Nominal]],0) -> 0 | AH12: =+IF(AND(Tabla3[[#This Row],[Amortización k | cupón de intereses]]="Cupón de interés",Tabla3[[#This Row],[Estado]]="Vigente"),Tabla3[[#This Row],[Valor Nominal]],0) -> 836.9863 | AI12: =+IF(Tabla3[[#This Row],[Amortización k | cupón de intereses]]="Amortización de K",SUMIFS($AH$7:$AH$557,Tabla3[Código Emisión],Tabla3[[#This Row],[Código Emisión]],Tabla3[Fecha de operación],Tabla3[[#This Row],[Fecha de operación]]),0)-Tabla3[[#This Row],[Accrued]]*Tabla3[[#This Row],[Valor Nominal]] -> 0 | AJ12: =+IF(Tabla3[[#This Row],[Amortización k | cupón de intereses]]="Amortización de K",IF(Tabla3[[#This Row],[Precio Clean]]>1,Tabla3[[#This Row],[Valor Nominal]]*(Tabla3[[#This Row],[Precio Clean]]-1),0),0) -> 0 | AK12: =+IF(Tabla3[[#This Row],[Amortización k | cupón de intereses]]="Amortización de K",IF(Tabla3[[#This Row],[Precio Clean]]<1,Tabla3[[#This Row],[Valor Nominal]]*(Tabla3[[#This Row],[Precio Clean]]-1),0),0) -> 0 | AN12: 12010121001001 | AO12: Dif. de Precio Positivo no Amort. - CDA USD | AP12: =+SUMIF(Tabla3[Instrumento],$AO8,$AJ$7:$AJ$384) -> 23120.018
B13: =+B12 -> Banco Basa SA | C13: =+C12 -> PYBAM01F0358 | D13: =+D12 -> Bonos Financieros | E13: =+E12 -> AA-py | F13: =+F12 -> Financiero | G13: =+G12 -> Paraguay | H13: =+H12 -> 50 | I13: 16.205479 | O13: =+O12 -> 0.066508695 | P13: =+P12 -> 0.06491147 | Q13: =+Q12 -> 45812 | R13: 46777 | S13: USD | T13: =Tabla3[[#This Row],[Cantidad]]*Tabla3[[#This Row],[Cortes]] -> 810.27395 | U13: =IF(X13="VIgente",(T13/(1+O13)^((R13-$U$5)/365))) -> 720.58138 | V13: =IF(X13="VIgente",(T13/(1+O13)^((R13-$V$5)/365))) -> 720.45427 | W13: =IF(Tabla3[[#This Row],[Fecha de operación]]=$C$1,0,U13-V13) -> 0.12710805 | X13: =IF(R13<=$U$5,"Vencido","Vigente") -> Vigente | Z13: =+R13-$U$5 -> 665 | AA13: =AA12 -> 2.7882992 | AB13: =AB12 -> 2.7426959 | AC13: Familiar CB | AD13: Cupón de Interés | AG13: =+IF(Tabla3[[#This Row],[Amortización k | cupón de intereses]]="Amortización de K",Tabla3[[#This Row],[Valor Nominal]],0) -> 0 | AH13: =+IF(AND(Tabla3[[#This Row],[Amortización k | cupón de intereses]]="Cupón de interés",Tabla3[[#This Row],[Estado]]="Vigente"),Tabla3[[#This Row],[Valor Nominal]],0) -> 810.27395 | AI13: =+IF(Tabla3[[#This Row],[Amortización k | cupón de intereses]]="Amortización de K",SUMIFS($AH$7:$AH$557,Tabla3[Código Emisión],Tabla3[[#This Row],[Código Emisión]],Tabla3[Fecha de operación],Tabla3[[#This Row],[Fecha de operación]]),0)-Tabla3[[#This Row],[Accrued]]*Tabla3[[#This Row],[Valor Nominal]] -> 0 | AJ13: =+IF(Tabla3[[#This Row],[Amortización k | cupón de intereses]]="Amortización de K",IF(Tabla3[[#This Row],[Precio Clean]]>1,Tabla3[[#This Row],[Valor Nominal]]*(Tabla3[[#This Row],[Precio Clean]]-1),0),0) -> 0 | AK13: =+IF(Tabla3[[#This Row],[Amortización k | cupón de intereses]]="Amortización de K",IF(Tabla3[[#This Row],[Precio Clean]]<1,Tabla3[[#This Row],[Valor Nominal]]*(Tabla3[[#This Row],[Precio Clean]]-1),0),0) -> 0 | AN13: 22010110001001 | AO13: Dif. de Precio Negativo no Amort. - CDA USD | AP13: =+SUMIF(Tabla3[Instrumento],$AO8,$AK$7:$AK$384) -> -5752.3845
B14: =+B13 -> Banco Basa SA | C14: =+C13 -> PYBAM01F0358 | D14: =+D13 -> Bonos Financieros | E14: =+E13 -> AA-py | F14: =+F13 -> Financiero | G14: =+G13 -> Paraguay | H14: =+H13 -> 50 | I14: 16.205479 | O14: =+O13 -> 0.066508695 | P14: =+P13 -> 0.06491147 | Q14: =+Q13 -> 45812 | R14: 46686 | S14: USD | T14: =Tabla3[[#This Row],[Cantidad]]*Tabla3[[#This Row],[Cortes]] -> 810.27395 | U14: =IF(X14="VIgente",(T14/(1+O14)^((R14-$U$5)/365))) -> 732.24259 | V14: =IF(X14="VIgente",(T14/(1+O14)^((R14-$V$5)/365))) -> 732.11342 | W14: =IF(Tabla3[[#This Row],[Fecha de operación]]=$C$1,0,U14-V14) -> 0.12916505 | X14: =IF(R14<=$U$5,"Vencido","Vigente") -> Vigente | Z14: =+R14-$U$5 -> 574 | AA14: =AA13 -> 2.7882992 | AB14: =AB13 -> 2.7426959 | AC14: Familiar CB | AD14: Cupón de Interés | AG14: =+IF(Tabla3[[#This Row],[Amortización k | cupón de intereses]]="Amortización de K",Tabla3[[#This Row],[Valor Nominal]],0) -> 0 | AH14: =+IF(AND(Tabla3[[#This Row],[Amortización k | cupón de intereses]]="Cupón de interés",Tabla3[[#This Row],[Estado]]="Vigente"),Tabla3[[#This Row],[Valor Nominal]],0) -> 810.27395 | AI14: =+IF(Tabla3[[#This Row],[Amortización k | cupón de intereses]]="Amortización de K",SUMIFS($AH$7:$AH$557,Tabla3[Código Emisión],Tabla3[[#This Row],[Código Emisión]],Tabla3[Fecha de operación],Tabla3[[#This Row],[Fecha de operación]]),0)-Tabla3[[#This Row],[Accrued]]*Tabla3[[#This Row],[Valor Nominal]] -> 0 | AJ14: =+IF(Tabla3[[#This Row],[Amortización k | cupón de intereses]]="Amortización de K",IF(Tabla3[[#This Row],[Precio Clean]]>1,Tabla3[[#This Row],[Valor Nominal]]*(Tabla3[[#This Row],[Precio Clean]]-1),0),0) -> 0 | AK14: =+IF(Tabla3[[#This Row],[Amortización k | cupón de intereses]]="Amortización de K",IF(Tabla3[[#This Row],[Precio Clean]]<1,Tabla3[[#This Row],[Valor Nominal]]*(Tabla3[[#This Row],[Precio Clean]]-1),0),0) -> 0
B15: =+B14 -> Banco Basa SA | C15: =+C14 -> PYBAM01F0358 | D15: =+D14 -> Bonos Financieros | E15: =+E14 -> AA-py | F15: =+F14 -> Financiero | G15: =+G14 -> Paraguay | H15: =+H14 -> 50 | I15: 16.205479 | O15: =+O14 -> 0.066508695 | P15: =+P14 -> 0.06491147 | Q15: =+Q14 -> 45812 | R15: 46595 | S15: USD | T15: =Tabla3[[#This Row],[Cantidad]]*Tabla3[[#This Row],[Cortes]] -> 810.27395 | U15: =IF(X15="VIgente",(T15/(1+O15)^((R15-$U$5)/365))) -> 744.0925 | V15: =IF(X15="VIgente",(T15/(1+O15)^((R15-$V$5)/365))) -> 743.96125 | W15: =IF(Tabla3[[#This Row],[Fecha de operación]]=$C$1,0,U15-V15) -> 0.13125533 | X15: =IF(R15<=$U$5,"Vencido","Vigente") -> Vigente | Z15: =+R15-$U$5 -> 483 | AA15: =AA14 -> 2.7882992 | AB15: =AB14 -> 2.7426959 | AC15: Familiar CB | AD15: Cupón de Interés | AG15: =+IF(Tabla3[[#This Row],[Amortización k | cupón de intereses]]="Amortización de K",Tabla3[[#This Row],[Valor Nominal]],0) -> 0 | AH15: =+IF(AND(Tabla3[[#This Row],[Amortización k | cupón de intereses]]="Cupón de interés",Tabla3[[#This Row],[Estado]]="Vigente"),Tabla3[[#This Row],[Valor Nominal]],0) -> 810.27395 | AI15: =+IF(Tabla3[[#This Row],[Amortización k | cupón de intereses]]="Amortización de K",SUMIFS($AH$7:$AH$557,Tabla3[Código Emisión],Tabla3[[#This Row],[Código Emisión]],Tabla3[Fecha de operación],Tabla3[[#This Row],[Fecha de operación]]),0)-Tabla3[[#This Row],[Accrued]]*Tabla3[[#This Row],[Valor Nominal]] -> 0 | AJ15: =+IF(Tabla3[[#This Row],[Amortización k | cupón de intereses]]="Amortización de K",IF(Tabla3[[#This Row],[Precio Clean]]>1,Tabla3[[#This Row],[Valor Nominal]]*(Tabla3[[#This Row],[Precio Clean]]-1),0),0) -> 0 | AK15: =+IF(Tabla3[[#This Row],[Amortización k | cupón de intereses]]="Amortización de K",IF(Tabla3[[#This Row],[Precio Clean]]<1,Tabla3[[#This Row],[Valor Nominal]]*(Tabla3[[#This Row],[Precio Clean]]-1),0),0) -> 0 | AO15: Bonos financieros | AP15: =+AP16+AP17-AP18+AP19+AP20 -> 202287.06 | AQ15: =+SUMIFS(Tabla3[Valor Presente o Contable],Tabla3[Instrumento],AO15) -> 202287.06 | AR15: =+AP15-AQ15 -> 0
B16: =+B15 -> Banco Basa SA | C16: =+C15 -> PYBAM01F0358 | D16: =+D15 -> Bonos Financieros | E16: =+E15 -> AA-py | F16: =+F15 -> Financiero | G16: =+G15 -> Paraguay | H16: =+H15 -> 50 | I16: 16.205479 | O16: =+O15 -> 0.066508695 | P16: =+P15 -> 0.06491147 | Q16: =+Q15 -> 45812 | R16: 46504 | S16: USD | T16: =Tabla3[[#This Row],[Cantidad]]*Tabla3[[#This Row],[Cortes]] -> 810.27395 | U16: =IF(X16="VIgente",(T16/(1+O16)^((R16-$U$5)/365))) -> 756.13419 | V16: =IF(X16="VIgente",(T16/(1+O16)^((R16-$V$5)/365))) -> 756.00081 | W16: =IF(Tabla3[[#This Row],[Fecha de operación]]=$C$1,0,U16-V16) -> 0.13337945 | X16: =IF(R16<=$U$5,"Vencido","Vigente") -> Vigente | Z16: =+R16-$U$5 -> 392 | AA16: =AA15 -> 2.7882992 | AB16: =AB15 -> 2.7426959 | AC16: Familiar CB | AD16: Cupón de Interés | AG16: =+IF(Tabla3[[#This Row],[Amortización k | cupón de intereses]]="Amortización de K",Tabla3[[#This Row],[Valor Nominal]],0) -> 0 | AH16: =+IF(AND(Tabla3[[#This Row],[Amortización k | cupón de intereses]]="Cupón de interés",Tabla3[[#This Row],[Estado]]="Vigente"),Tabla3[[#This Row],[Valor Nominal]],0) -> 810.27395 | AI16: =+IF(Tabla3[[#This Row],[Amortización k | cupón de intereses]]="Amortización de K",SUMIFS($AH$7:$AH$557,Tabla3[Código Emisión],Tabla3[[#This Row],[Código Emisión]],Tabla3[Fecha de operación],Tabla3[[#This Row],[Fecha de operación]]),0)-Tabla3[[#This Row],[Accrued]]*Tabla3[[#This Row],[Valor Nominal]] -> 0 | AJ16: =+IF(Tabla3[[#This Row],[Amortización k | cupón de intereses]]="Amortización de K",IF(Tabla3[[#This Row],[Precio Clean]]>1,Tabla3[[#This Row],[Valor Nominal]]*(Tabla3[[#This Row],[Precio Clean]]-1),0),0) -> 0 | AK16: =+IF(Tabla3[[#This Row],[Amortización k | cupón de intereses]]="Amortización de K",IF(Tabla3[[#This Row],[Precio Clean]]<1,Tabla3[[#This Row],[Valor Nominal]]*(Tabla3[[#This Row],[Precio Clean]]-1),0),0) -> 0 | AN16: 12010115004001 | AO16: Bonos Financieros USD | AP16: =+SUMIF(Tabla3[Instrumento],$AO$15,$AG$7:$AG$520) -> 200000
B17: =+B16 -> Banco Basa SA | C17: =+C16 -> PYBAM01F0358 | D17: =+D16 -> Bonos Financieros | E17: =+E16 -> AA-py | F17: =+F16 -> Financiero | G17: =+G16 -> Paraguay | H17: =+H16 -> 50 | I17: 16.205479 | O17: =+O16 -> 0.066508695 | P17: =+P16 -> 0.06491147 | Q17: =+Q16 -> 45812 | R17: 46413 | S17: USD | T17: =Tabla3[[#This Row],[Cantidad]]*Tabla3[[#This Row],[Cortes]] -> 810.27395 | U17: =IF(X17="VIgente",(T17/(1+O17)^((R17-$U$5)/365))) -> 768.37075 | V17: =IF(X17="VIgente",(T17/(1+O17)^((R17-$V$5)/365))) -> 768.23521 | W17: =IF(Tabla3[[#This Row],[Fecha de operación]]=$C$1,0,U17-V17) -> 0.13553793 | X17: =IF(R17<=$U$5,"Vencido","Vigente") -> Vigente | Z17: =+R17-$U$5 -> 301 | AA17: =AA16 -> 2.7882992 | AB17: =AB16 -> 2.7426959 | AC17: Familiar CB | AD17: Cupón de Interés | AG17: =+IF(Tabla3[[#This Row],[Amortización k | cupón de intereses]]="Amortización de K",Tabla3[[#This Row],[Valor Nominal]],0) -> 0 | AH17: =+IF(AND(Tabla3[[#This Row],[Amortización k | cupón de intereses]]="Cupón de interés",Tabla3[[#This Row],[Estado]]="Vigente"),Tabla3[[#This Row],[Valor Nominal]],0) -> 810.27395 | AI17: =+IF(Tabla3[[#This Row],[Amortización k | cupón de intereses]]="Amortización de K",SUMIFS($AH$7:$AH$557,Tabla3[Código Emisión],Tabla3[[#This Row],[Código Emisión]],Tabla3[Fecha de operación],Tabla3[[#This Row],[Fecha de operación]]),0)-Tabla3[[#This Row],[Accrued]]*Tabla3[[#This Row],[Valor Nominal]] -> 0 | AJ17: =+IF(Tabla3[[#This Row],[Amortización k | cupón de intereses]]="Amortización de K",IF(Tabla3[[#This Row],[Precio Clean]]>1,Tabla3[[#This Row],[Valor Nominal]]*(Tabla3[[#This Row],[Precio Clean]]-1),0),0) -> 0 | AK17: =+IF(Tabla3[[#This Row],[Amortización k | cupón de intereses]]="Amortización de K",IF(Tabla3[[#This Row],[Precio Clean]]<1,Tabla3[[#This Row],[Valor Nominal]]*(Tabla3[[#This Row],[Precio Clean]]-1),0),0) -> 0 | AN17: 13080225004001 | AO17: Int. a cobrar - Bonos Financieros USD | AP17: =+SUMIF(Tabla3[Instrumento],$AO$15,$AH$7:$AH$197) -> 42347.944
B18: =+B17 -> Banco Basa SA | C18: =+C17 -> PYBAM01F0358 | D18: =+D17 -> Bonos Financieros | E18: =+E17 -> AA-py | F18: =+F17 -> Financiero | G18: =+G17 -> Paraguay | H18: =+H17 -> 50 | I18: 16.205479 | O18: =+O17 -> 0.066508695 | P18: =+P17 -> 0.06491147 | Q18: =+Q17 -> 45812 | R18: 46322 | S18: USD | T18: =Tabla3[[#This Row],[Cantidad]]*Tabla3[[#This Row],[Cortes]] -> 810.27395 | U18: =IF(X18="VIgente",(T18/(1+O18)^((R18-$U$5)/365))) -> 780.80533 | V18: =IF(X18="VIgente",(T18/(1+O18)^((R18-$V$5)/365))) -> 780.6676 | W18: =IF(Tabla3[[#This Row],[Fecha de operación]]=$C$1,0,U18-V18) -> 0.13773135 | X18: =IF(R18<=$U$5,"Vencido","Vigente") -> Vigente | Z18: =+R18-$U$5 -> 210 | AA18: =AA17 -> 2.7882992 | AB18: =AB17 -> 2.7426959 | AC18: Familiar CB | AD18: Cupón de Interés | AG18: =+IF(Tabla3[[#This Row],[Amortización k | cupón de intereses]]="Amortización de K",Tabla3[[#This Row],[Valor Nominal]],0) -> 0 | AH18: =+IF(AND(Tabla3[[#This Row],[Amortización k | cupón de intereses]]="Cupón de interés",Tabla3[[#This Row],[Estado]]="Vigente"),Tabla3[[#This Row],[Valor Nominal]],0) -> 810.27395 | AI18: =+IF(Tabla3[[#This Row],[Amortización k | cupón de intereses]]="Amortización de K",SUMIFS($AH$7:$AH$557,Tabla3[Código Emisión],Tabla3[[#This Row],[Código Emisión]],Tabla3[Fecha de operación],Tabla3[[#This Row],[Fecha de operación]]),0)-Tabla3[[#This Row],[Accrued]]*Tabla3[[#This Row],[Valor Nominal]] -> 0 | AJ18: =+IF(Tabla3[[#This Row],[Amortización k | cupón de intereses]]="Amortización de K",IF(Tabla3[[#This Row],[Precio Clean]]>1,Tabla3[[#This Row],[Valor Nominal]]*(Tabla3[[#This Row],[Precio Clean]]-1),0),0) -> 0 | AK18: =+IF(Tabla3[[#This Row],[Amortización k | cupón de intereses]]="Amortización de K",IF(Tabla3[[#This Row],[Precio Clean]]<1,Tabla3[[#This Row],[Valor Nominal]]*(Tabla3[[#This Row],[Precio Clean]]-1),0),0) -> 0 | AN18: 13080225904001 | AO18: (-) Int. a devengar - Bonos Financieros USD | AP18: =+SUMIF(Tabla3[Instrumento],$AO15,$AI$7:$AI$384) -> 40104.109
B19: =+B18 -> Banco Basa SA | C19: =+C18 -> PYBAM01F0358 | D19: =+D18 -> Bonos Financieros | E19: =+E18 -> AA-py | F19: =+F18 -> Financiero | G19: =+G18 -> Paraguay | H19: =+H18 -> 50 | I19: 16.205479 | O19: =+O18 -> 0.066508695 | P19: =+P18 -> 0.06491147 | Q19: =+Q18 -> 45812 | R19: 46231 | S19: USD | T19: =Tabla3[[#This Row],[Cantidad]]*Tabla3[[#This Row],[Cortes]] -> 810.27395 | U19: =IF(X19="VIgente",(T19/(1+O19)^((R19-$U$5)/365))) -> 793.44114 | V19: =IF(X19="VIgente",(T19/(1+O19)^((R19-$V$5)/365))) -> 793.30118 | W19: =IF(Tabla3[[#This Row],[Fecha de operación]]=$C$1,0,U19-V19) -> 0.13996026 | X19: =IF(R19<=$U$5,"Vencido","Vigente") -> Vigente | Z19: =+R19-$U$5 -> 119 | AA19: =AA18 -> 2.7882992 | AB19: =AB18 -> 2.7426959 | AC19: Familiar CB | AD19: Cupón de Interés | AG19: =+IF(Tabla3[[#This Row],[Amortización k | cupón de intereses]]="Amortización de K",Tabla3[[#This Row],[Valor Nominal]],0) -> 0 | AH19: =+IF(AND(Tabla3[[#This Row],[Amortización k | cupón de intereses]]="Cupón de interés",Tabla3[[#This Row],[Estado]]="Vigente"),Tabla3[[#This Row],[Valor Nominal]],0) -> 810.27395 | AI19: =+IF(Tabla3[[#This Row],[Amortización k | cupón de intereses]]="Amortización de K",SUMIFS($AH$7:$AH$557,Tabla3[Código Emisión],Tabla3[[#This Row],[Código Emisión]],Tabla3[Fecha de operación],Tabla3[[#This Row],[Fecha de operación]]),0)-Tabla3[[#This Row],[Accrued]]*Tabla3[[#This Row],[Valor Nominal]] -> 0 | AJ19: =+IF(Tabla3[[#This Row],[Amortización k | cupón de intereses]]="Amortización de K",IF(Tabla3[[#This Row],[Precio Clean]]>1,Tabla3[[#This Row],[Valor Nominal]]*(Tabla3[[#This Row],[Precio Clean]]-1),0),0) -> 0 | AK19: =+IF(Tabla3[[#This Row],[Amortización k | cupón de intereses]]="Amortización de K",IF(Tabla3[[#This Row],[Precio Clean]]<1,Tabla3[[#This Row],[Valor Nominal]]*(Tabla3[[#This Row],[Precio Clean]]-1),0),0) -> 0 | AN19: 12010121004001 | AO19: Dif. de Precio Positivo no Amort. - Bonos Financieros USD | AP19: =+SUMIF(Tabla3[Instrumento],$AO15,$AJ$7:$AJ$384) -> 43.224295
B20: =+B19 -> Banco Basa SA | C20: =+C19 -> PYBAM01F0358 | D20: =+D19 -> Bonos Financieros | E20: =+E19 -> AA-py | F20: =+F19 -> Financiero | G20: =+G19 -> Paraguay | H20: =+H19 -> 50 | I20: 16.205479 | O20: =+O19 -> 0.066508695 | P20: =+P19 -> 0.06491147 | Q20: =+Q19 -> 45812 | R20: 46140 | S20: USD | T20: =Tabla3[[#This Row],[Cantidad]]*Tabla3[[#This Row],[Cortes]] -> 810.27395 | U20: =IF(X20="VIgente",(T20/(1+O20)^((R20-$U$5)/365))) -> 806.28144 | V20: =IF(X20="VIgente",(T20/(1+O20)^((R20-$V$5)/365))) -> 806.13921 | W20: =IF(Tabla3[[#This Row],[Fecha de operación]]=$C$1,0,U20-V20) -> 0.14222525 | X20: =IF(R20<=$U$5,"Vencido","Vigente") -> Vigente | Z20: =+R20-$U$5 -> 28 | AA20: =AA19 -> 2.7882992 | AB20: =AB19 -> 2.7426959 | AC20: Familiar CB | AD20: Cupón de Interés | AG20: =+IF(Tabla3[[#This Row],[Amortización k | cupón de intereses]]="Amortización de K",Tabla3[[#This Row],[Valor Nominal]],0) -> 0 | AH20: =+IF(AND(Tabla3[[#This Row],[Amortización k | cupón de intereses]]="Cupón de interés",Tabla3[[#This Row],[Estado]]="Vigente"),Tabla3[[#This Row],[Valor Nominal]],0) -> 810.27395 | AI20: =+IF(Tabla3[[#This Row],[Amortización k | cupón de intereses]]="Amortización de K",SUMIFS($AH$7:$AH$557,Tabla3[Código Emisión],Tabla3[[#This Row],[Código Emisión]],Tabla3[Fecha de operación],Tabla3[[#This Row],[Fecha de operación]]),0)-Tabla3[[#This Row],[Accrued]]*Tabla3[[#This Row],[Valor Nominal]] -> 0 | AJ20: =+IF(Tabla3[[#This Row],[Amortización k | cupón de intereses]]="Amortización de K",IF(Tabla3[[#This Row],[Precio Clean]]>1,Tabla3[[#This Row],[Valor Nominal]]*(Tabla3[[#This Row],[Precio Clean]]-1),0),0) -> 0 | AK20: =+IF(Tabla3[[#This Row],[Amortización k | cupón de intereses]]="Amortización de K",IF(Tabla3[[#This Row],[Precio Clean]]<1,Tabla3[[#This Row],[Valor Nominal]]*(Tabla3[[#This Row],[Precio Clean]]-1),0),0) -> 0 | AN20: 22010110004001 | AO20: Dif. de Precio Negativo no Amort. - Bonos Financieros USD | AP20: =+SUMIF(Tabla3[Instrumento],$AO15,$AK$7:$AK$384) -> 0
B21: =+B20 -> Banco Basa SA | C21: =+C20 -> PYBAM01F0358 | D21: =+D20 -> Bonos Financieros | E21: =+E20 -> AA-py | F21: =+F20 -> Financiero | G21: =+G20 -> Paraguay | H21: =+H20 -> 50 | I21: 16.205479 | O21: =+O20 -> 0.066508695 | P21: =+P20 -> 0.06491147 | Q21: =+Q20 -> 45812 | R21: 46049 | S21: USD | T21: =Tabla3[[#This Row],[Cantidad]]*Tabla3[[#This Row],[Cortes]] -> 810.27395 | U21: =IF(X21="VIgente",(T21/(1+O21)^((R21-$U$5)/365))) -> FALSE | V21: =IF(X21="VIgente",(T21/(1+O21)^((R21-$V$5)/365))) -> FALSE | W21: =IF(Tabla3[[#This Row],[Fecha de operación]]=$C$1,0,U21-V21) -> 0 | X21: =IF(R21<=$U$5,"Vencido","Vigente") -> Vencido | Z21: =+R21-$U$5 -> -63 | AA21: =AA20 -> 2.7882992 | AB21: =AB20 -> 2.7426959 | AC21: Familiar CB | AD21: Cupón de Interés | AG21: =+IF(Tabla3[[#This Row],[Amortización k | cupón de intereses]]="Amortización de K",Tabla3[[#This Row],[Valor Nominal]],0) -> 0 | AH21: =+IF(AND(Tabla3[[#This Row],[Amortización k | cupón de intereses]]="Cupón de interés",Tabla3[[#This Row],[Estado]]="Vigente"),Tabla3[[#This Row],[Valor Nominal]],0) -> 0 | AI21: =+IF(Tabla3[[#This Row],[Amortización k | cupón de intereses]]="Amortización de K",SUMIFS($AH$7:$AH$557,Tabla3[Código Emisión],Tabla3[[#This Row],[Código Emisión]],Tabla3[Fecha de operación],Tabla3[[#This Row],[Fecha de operación]]),0)-Tabla3[[#This Row],[Accrued]]*Tabla3[[#This Row],[Valor Nominal]] -> 0 | AJ21: =+IF(Tabla3[[#This Row],[Amortización k | cupón de intereses]]="Amortización de K",IF(Tabla3[[#This Row],[Precio Clean]]>1,Tabla3[[#This Row],[Valor Nominal]]*(Tabla3[[#This Row],[Precio Clean]]-1),0),0) -> 0 | AK21: =+IF(Tabla3[[#This Row],[Amortización k | cupón de intereses]]="Amortización de K",IF(Tabla3[[#This Row],[Precio Clean]]<1,Tabla3[[#This Row],[Valor Nominal]]*(Tabla3[[#This Row],[Precio Clean]]-1),0),0) -> 0
B22: =+B21 -> Banco Basa SA | C22: =+C21 -> PYBAM01F0358 | D22: =+D21 -> Bonos Financieros | E22: =+E21 -> AA-py | F22: =+F21 -> Financiero | G22: =+G21 -> Paraguay | H22: =+H21 -> 50 | I22: 16.205479 | O22: =+O21 -> 0.066508695 | P22: =+P21 -> 0.06491147 | Q22: =+Q21 -> 45812 | R22: 45958 | S22: USD | T22: =Tabla3[[#This Row],[Cantidad]]*Tabla3[[#This Row],[Cortes]] -> 810.27395 | U22: =IF(X22="VIgente",(T22/(1+O22)^((R22-$U$5)/365))) -> FALSE | V22: =IF(X22="VIgente",(T22/(1+O22)^((R22-$V$5)/365))) -> FALSE | W22: =IF(Tabla3[[#This Row],[Fecha de operación]]=$C$1,0,U22-V22) -> 0 | X22: =IF(R22<=$U$5,"Vencido","Vigente") -> Vencido | Z22: =+R22-$U$5 -> -154 | AA22: =AA21 -> 2.7882992 | AB22: =AB21 -> 2.7426959 | AC22: Familiar CB | AD22: Cupón de Interés | AG22: =+IF(Tabla3[[#This Row],[Amortización k | cupón de intereses]]="Amortización de K",Tabla3[[#This Row],[Valor Nominal]],0) -> 0 | AH22: =+IF(AND(Tabla3[[#This Row],[Amortización k | cupón de intereses]]="Cupón de interés",Tabla3[[#This Row],[Estado]]="Vigente"),Tabla3[[#This Row],[Valor Nominal]],0) -> 0 | AI22: =+IF(Tabla3[[#This Row],[Amortización k | cupón de intereses]]="Amortización de K",SUMIFS($AH$7:$AH$557,Tabla3[Código Emisión],Tabla3[[#This Row],[Código Emisión]],Tabla3[Fecha de operación],Tabla3[[#This Row],[Fecha de operación]]),0)-Tabla3[[#This Row],[Accrued]]*Tabla3[[#This Row],[Valor Nominal]] -> 0 | AJ22: =+IF(Tabla3[[#This Row],[Amortización k | cupón de intereses]]="Amortización de K",IF(Tabla3[[#This Row],[Precio Clean]]>1,Tabla3[[#This Row],[Valor Nominal]]*(Tabla3[[#This Row],[Precio Clean]]-1),0),0) -> 0 | AK22: =+IF(Tabla3[[#This Row],[Amortización k | cupón de intereses]]="Amortización de K",IF(Tabla3[[#This Row],[Precio Clean]]<1,Tabla3[[#This Row],[Valor Nominal]]*(Tabla3[[#This Row],[Precio Clean]]-1),0),0) -> 0 | AO22: Bonos en el exterior | AP22: =+AP23+AP24-AP25+AP26+AP27 -> 1944067.5 | AQ22: =+SUMIFS(Tabla3[Valor Presente o Contable],Tabla3[Instrumento],AO22) -> 1944067.5 | AR22: =+AP22-AQ22 -> 0
A23: =+A7+1 -> 2 | B23: Banco Basa SA | C23: BASA_5,15%_30062027_AA2367-68_100K | D23: CDA | E23: AA-py | F23: Financiero | G23: Paraguay | H23: 2 | I23: 100000 | J23: 0.0515 | K23: =_xlfn.MAXIFS(R:R,C:C,C23,AD:AD,"Cupón de interés",X:X,"Vencido") -> 46111 | L23: =+Tabla3[[#This Row],[Tasa de Interés]]*($U$5-Tabla3[[#This Row],[Last coupon]])/365 -> 0.00014109589 | M23: =+Tabla3[[#This Row],[Precio Dirty]]-Tabla3[[#This Row],[Accrued]] -> 0.98378123 | N23: =SUMIFS(U:U,C:C,C23,Q:Q,Q23)/SUMIFS(T:T,C:C,C23,Q:Q,Q23,AD:AD,"Amortización de K") -> 0.98392232 | O23: 0.066607305 | P23: 0.065005428 | Q23: 45812 | R23: 46568 | S23: USD | T23: =Tabla3[[#This Row],[Cantidad]]*Tabla3[[#This Row],[Cortes]] -> 200000 | U23: =IF(X23="VIgente",(T23/(1+O23)^((R23-$U$5)/365))) -> 184520.02 | V23: =IF(X23="VIgente",(T23/(1+O23)^((R23-$V$5)/365))) -> 184487.42 | W23: =IF(Tabla3[[#This Row],[Fecha de operación]]=$C$1,0,U23-V23) -> 32.595422 | X23: =IF(R23<=$U$5,"Vencido","Vigente") -> Vigente | Y23: Trimestral | Z23: =+R23-$U$5 -> 456 | AA23: =IF(Y23="Mensual",DURATION($C$1,$C$1+Z23*12,J23/12,O23/12,1)/12,DURATION($C$1,R23,J23,O23,IF(Y23="Cupón cero",1,IF(Y23="Al vencimiento",1,IF(Y23="Anual",1,IF(Y23="Semestral",2,IF(Y23="Trimestral",4,""))))))) -> 1.2182839 | AB23: =IF(Y23="Mensual",MDURATION($C$1,$C$1+Z23*12,J23/12,O23/12,1)/12,MDURATION($C$1,R23,J23,O23,IF(Y23="Cupón cero",1,IF(Y23="Al vencimiento",1,IF(Y23="Anual",1,IF(Y23="Semestral",2,IF(Y23="Trimestral",4,""))))))) -> 1.1983295 | AC23: Familiar CB | AD23: Amortización de K | AG23: =+IF(Tabla3[[#This Row],[Amortización k | cupón de intereses]]="Amortización de K",Tabla3[[#This Row],[Valor Nominal]],0) -> 200000 | AH23: =+IF(AND(Tabla3[[#This Row],[Amortización k | cupón de intereses]]="Cupón de interés",Tabla3[[#This Row],[Estado]]="Vigente"),Tabla3[[#This Row],[Valor Nominal]],0) -> 0 | AI23: =+IF(Tabla3[[#This Row],[Amortización k | cupón de intereses]]="Amortización de K",SUMIFS($AH$7:$AH$557,Tabla3[Código Emisión],Tabla3[[#This Row],[Código Emisión]],Tabla3[Fecha de operación],Tabla3[[#This Row],[Fecha de operación]]),0)-Tabla3[[#This Row],[Accrued]]*Tabla3[[#This Row],[Valor Nominal]] -> 12839.781 | AJ23: =+IF(Tabla3[[#This Row],[Amortización k | cupón de intereses]]="Amortización de K",IF(Tabla3[[#This Row],[Precio Clean]]>1,Tabla3[[#This Row],[Valor Nominal]]*(Tabla3[[#This Row],[Precio Clean]]-1),0),0) -> 0 | AK23: =+IF(Tabla3[[#This Row],[Amortización k | cupón de intereses]]="Amortización de K",IF(Tabla3[[#This Row],[Precio Clean]]<1,Tabla3[[#This Row],[Valor Nominal]]*(Tabla3[[#This Row],[Precio Clean]]-1),0),0) -> -3243.7545 | AN23: 12010125001001 | AO23: Bonos en el exterior USD | AP23: =+SUMIF(Tabla3[Instrumento],$AO$22,$AG$7:$AG$520) -> 2050000
B24: =+B23 -> Banco Basa SA | C24: BASA_5,15%_30062027_AA2367-68_100K | D24: =+D23 -> CDA | E24: =+E23 -> AA-py | F24: =+F23 -> Financiero | G24: =+G23 -> Paraguay | H24: =+H23 -> 2 | I24: 1312 | O24: 0.066607305 | P24: 0.065005428 | Q24: =+Q23 -> 45812 | R24: 46568 | S24: USD | T24: =Tabla3[[#This Row],[Cantidad]]*Tabla3[[#This Row],[Cortes]] -> 2624 | U24: =IF(X24="VIgente",(T24/(1+O24)^((R24-$U$5)/365))) -> 2420.9026 | V24: =IF(X24="VIgente",(T24/(1+O24)^((R24-$V$5)/365))) -> 2420.475 | W24: =IF(Tabla3[[#This Row],[Fecha de operación]]=$C$1,0,U24-V24) -> 0.42765193 | X24: =IF(R24<=$U$5,"Vencido","Vigente") -> Vigente | Z24: =+R24-$U$5 -> 456 | AA24: =AA23 -> 1.2182839 | AB24: =AB23 -> 1.1983295 | AC24: Familiar CB | AD24: Cupón de Interés | AG24: =+IF(Tabla3[[#This Row],[Amortización k | cupón de intereses]]="Amortización de K",Tabla3[[#This Row],[Valor Nominal]],0) -> 0 | AH24: =+IF(AND(Tabla3[[#This Row],[Amortización k | cupón de intereses]]="Cupón de interés",Tabla3[[#This Row],[Estado]]="Vigente"),Tabla3[[#This Row],[Valor Nominal]],0) -> 2624 | AI24: =+IF(Tabla3[[#This Row],[Amortización k | cupón de intereses]]="Amortización de K",SUMIFS($AH$7:$AH$557,Tabla3[Código Emisión],Tabla3[[#This Row],[Código Emisión]],Tabla3[Fecha de operación],Tabla3[[#This Row],[Fecha de operación]]),0)-Tabla3[[#This Row],[Accrued]]*Tabla3[[#This Row],[Valor Nominal]] -> 0 | AJ24: =+IF(Tabla3[[#This Row],[Amortización k | cupón de intereses]]="Amortización de K",IF(Tabla3[[#This Row],[Precio Clean]]>1,Tabla3[[#This Row],[Valor Nominal]]*(Tabla3[[#This Row],[Precio Clean]]-1),0),0) -> 0 | AK24: =+IF(Tabla3[[#This Row],[Amortización k | cupón de intereses]]="Amortización de K",IF(Tabla3[[#This Row],[Precio Clean]]<1,Tabla3[[#This Row],[Valor Nominal]]*(Tabla3[[#This Row],[Precio Clean]]-1),0),0) -> 0 | AN24: 13080229001001 | AO24: Intereses a cobrar - Bonos en el exterior USD | AP24: =+SUMIF(Tabla3[Instrumento],$AO$22,$AH$7:$AH$197) -> 492937.5
B25: =+B24 -> Banco Basa SA | C25: BASA_5,15%_30062027_AA2367-68_100K | D25: =+D24 -> CDA | E25: =+E24 -> AA-py | F25: =+F24 -> Financiero | G25: =+G24 -> Paraguay | H25: =+H24 -> 2 | I25: 1270 | O25: 0.066607305 | P25: 0.065005428 | Q25: =+Q24 -> 45812 | R25: 46475 | S25: USD | T25: =Tabla3[[#This Row],[Cantidad]]*Tabla3[[#This Row],[Cortes]] -> 2540 | U25: =IF(X25="VIgente",(T25/(1+O25)^((R25-$U$5)/365))) -> 2382.2241 | V25: =IF(X25="VIgente",(T25/(1+O25)^((R25-$V$5)/365))) -> 2381.8033 | W25: =IF(Tabla3[[#This Row],[Fecha de operación]]=$C$1,0,U25-V25) -> 0.42081938 | X25: =IF(R25<=$U$5,"Vencido","Vigente") -> Vigente | Z25: =+R25-$U$5 -> 363 | AA25: =AA24 -> 1.2182839 | AB25: =AB24 -> 1.1983295 | AC25: Familiar CB | AD25: Cupón de Interés | AG25: =+IF(Tabla3[[#This Row],[Amortización k | cupón de intereses]]="Amortización de K",Tabla3[[#This Row],[Valor Nominal]],0) -> 0 | AH25: =+IF(AND(Tabla3[[#This Row],[Amortización k | cupón de intereses]]="Cupón de interés",Tabla3[[#This Row],[Estado]]="Vigente"),Tabla3[[#This Row],[Valor Nominal]],0) -> 2540 | AI25: =+IF(Tabla3[[#This Row],[Amortización k | cupón de intereses]]="Amortización de K",SUMIFS($AH$7:$AH$557,Tabla3[Código Emisión],Tabla3[[#This Row],[Código Emisión]],Tabla3[Fecha de operación],Tabla3[[#This Row],[Fecha de operación]]),0)-Tabla3[[#This Row],[Accrued]]*Tabla3[[#This Row],[Valor Nominal]] -> 0 | AJ25: =+IF(Tabla3[[#This Row],[Amortización k | cupón de intereses]]="Amortización de K",IF(Tabla3[[#This Row],[Precio Clean]]>1,Tabla3[[#This Row],[Valor Nominal]]*(Tabla3[[#This Row],[Precio Clean]]-1),0),0) -> 0 | AK25: =+IF(Tabla3[[#This Row],[Amortización k | cupón de intereses]]="Amortización de K",IF(Tabla3[[#This Row],[Precio Clean]]<1,Tabla3[[#This Row],[Valor Nominal]]*(Tabla3[[#This Row],[Precio Clean]]-1),0),0) -> 0 | AN25: 13080229901001 | AO25: (-) Intereses a devengar - Bonos en el exterior USD | AP25: =+SUMIF(Tabla3[Instrumento],$AO22,$AI$7:$AI$384) -> 470142.98
B26: =+B25 -> Banco Basa SA | C26: BASA_5,15%_30062027_AA2367-68_100K | D26: =+D25 -> CDA | E26: =+E25 -> AA-py | F26: =+F25 -> Financiero | G26: =+G25 -> Paraguay | H26: =+H25 -> 2 | I26: 1284 | O26: 0.066607305 | P26: 0.065005428 | Q26: =+Q25 -> 45812 | R26: 46385 | S26: USD | T26: =Tabla3[[#This Row],[Cantidad]]*Tabla3[[#This Row],[Cortes]] -> 2568 | U26: =IF(X26="VIgente",(T26/(1+O26)^((R26-$U$5)/365))) -> 2447.0855 | V26: =IF(X26="VIgente",(T26/(1+O26)^((R26-$V$5)/365))) -> 2446.6532 | W26: =IF(Tabla3[[#This Row],[Fecha de operación]]=$C$1,0,U26-V26) -> 0.43227714 | X26: =IF(R26<=$U$5,"Vencido","Vigente") -> Vigente | Z26: =+R26-$U$5 -> 273 | AA26: =AA25 -> 1.2182839 | AB26: =AB25 -> 1.1983295 | AC26: Familiar CB | AD26: Cupón de Interés | AG26: =+IF(Tabla3[[#This Row],[Amortización k | cupón de intereses]]="Amortización de K",Tabla3[[#This Row],[Valor Nominal]],0) -> 0 | AH26: =+IF(AND(Tabla3[[#This Row],[Amortización k | cupón de intereses]]="Cupón de interés",Tabla3[[#This Row],[Estado]]="Vigente"),Tabla3[[#This Row],[Valor Nominal]],0) -> 2568 | AI26: =+IF(Tabla3[[#This Row],[Amortización k | cupón de intereses]]="Amortización de K",SUMIFS($AH$7:$AH$557,Tabla3[Código Emisión],Tabla3[[#This Row],[Código Emisión]],Tabla3[Fecha de operación],Tabla3[[#This Row],[Fecha de operación]]),0)-Tabla3[[#This Row],[Accrued]]*Tabla3[[#This Row],[Valor Nominal]] -> 0 | AJ26: =+IF(Tabla3[[#This Row],[Amortización k | cupón de intereses]]="Amortización de K",IF(Tabla3[[#This Row],[Precio Clean]]>1,Tabla3[[#This Row],[Valor Nominal]]*(Tabla3[[#This Row],[Precio Clean]]-1),0),0) -> 0 | AK26: =+IF(Tabla3[[#This Row],[Amortización k | cupón de intereses]]="Amortización de K",IF(Tabla3[[#This Row],[Precio Clean]]<1,Tabla3[[#This Row],[Valor Nominal]]*(Tabla3[[#This Row],[Precio Clean]]-1),0),0) -> 0 | AN26: 12010259001001 | AO26: Dif. de precio positivo no amort. - Bonos en el exterior USD | AP26: =+SUMIF(Tabla3[Instrumento],$AO22,$AJ$7:$AJ$384) -> 0
B27: =+B26 -> Banco Basa SA | C27: BASA_5,15%_30062027_AA2367-68_100K | D27: =+D26 -> CDA | E27: =+E26 -> AA-py | F27: =+F26 -> Financiero | G27: =+G26 -> Paraguay | H27: =+H26 -> 2 | I27: 1284 | O27: 0.066607305 | P27: 0.065005428 | Q27: =+Q26 -> 45812 | R27: 46294 | S27: USD | T27: =Tabla3[[#This Row],[Cantidad]]*Tabla3[[#This Row],[Cortes]] -> 2568 | U27: =IF(X27="VIgente",(T27/(1+O27)^((R27-$U$5)/365))) -> 2486.7441 | V27: =IF(X27="VIgente",(T27/(1+O27)^((R27-$V$5)/365))) -> 2486.3049 | W27: =IF(Tabla3[[#This Row],[Fecha de operación]]=$C$1,0,U27-V27) -> 0.43928283 | X27: =IF(R27<=$U$5,"Vencido","Vigente") -> Vigente | Z27: =+R27-$U$5 -> 182 | AA27: =AA26 -> 1.2182839 | AB27: =AB26 -> 1.1983295 | AC27: Familiar CB | AD27: Cupón de Interés | AG27: =+IF(Tabla3[[#This Row],[Amortización k | cupón de intereses]]="Amortización de K",Tabla3[[#This Row],[Valor Nominal]],0) -> 0 | AH27: =+IF(AND(Tabla3[[#This Row],[Amortización k | cupón de intereses]]="Cupón de interés",Tabla3[[#This Row],[Estado]]="Vigente"),Tabla3[[#This Row],[Valor Nominal]],0) -> 2568 | AI27: =+IF(Tabla3[[#This Row],[Amortización k | cupón de intereses]]="Amortización de K",SUMIFS($AH$7:$AH$557,Tabla3[Código Emisión],Tabla3[[#This Row],[Código Emisión]],Tabla3[Fecha de operación],Tabla3[[#This Row],[Fecha de operación]]),0)-Tabla3[[#This Row],[Accrued]]*Tabla3[[#This Row],[Valor Nominal]] -> 0 | AJ27: =+IF(Tabla3[[#This Row],[Amortización k | cupón de intereses]]="Amortización de K",IF(Tabla3[[#This Row],[Precio Clean]]>1,Tabla3[[#This Row],[Valor Nominal]]*(Tabla3[[#This Row],[Precio Clean]]-1),0),0) -> 0 | AK27: =+IF(Tabla3[[#This Row],[Amortización k | cupón de intereses]]="Amortización de K",IF(Tabla3[[#This Row],[Precio Clean]]<1,Tabla3[[#This Row],[Valor Nominal]]*(Tabla3[[#This Row],[Precio Clean]]-1),0),0) -> 0 | AN27: 22010146001001 | AO27: Dif. de precio negativo no amort. - Bonos en el exterior USD | AP27: =+SUMIF(Tabla3[Instrumento],$AO22,$AK$7:$AK$384) -> -128727.03
B28: =+B27 -> Banco Basa SA | C28: BASA_5,15%_30062027_AA2367-68_100K | D28: =+D27 -> CDA | E28: =+E27 -> AA-py | F28: =+F27 -> Financiero | G28: =+G27 -> Paraguay | H28: =+H27 -> 2 | I28: 1284 | O28: 0.066607305 | P28: 0.065005428 | Q28: =+Q27 -> 45812 | R28: 46202 | S28: USD | T28: =Tabla3[[#This Row],[Cantidad]]*Tabla3[[#This Row],[Cortes]] -> 2568 | U28: =IF(X28="VIgente",(T28/(1+O28)^((R28-$U$5)/365))) -> 2527.492 | V28: =IF(X28="VIgente",(T28/(1+O28)^((R28-$V$5)/365))) -> 2527.0455 | W28: =IF(Tabla3[[#This Row],[Fecha de operación]]=$C$1,0,U28-V28) -> 0.44648092 | X28: =IF(R28<=$U$5,"Vencido","Vigente") -> Vigente | Z28: =+R28-$U$5 -> 90 | AA28: =AA27 -> 1.2182839 | AB28: =AB27 -> 1.1983295 | AC28: Familiar CB | AD28: Cupón de Interés | AG28: =+IF(Tabla3[[#This Row],[Amortización k | cupón de intereses]]="Amortización de K",Tabla3[[#This Row],[Valor Nominal]],0) -> 0 | AH28: =+IF(AND(Tabla3[[#This Row],[Amortización k | cupón de intereses]]="Cupón de interés",Tabla3[[#This Row],[Estado]]="Vigente"),Tabla3[[#This Row],[Valor Nominal]],0) -> 2568 | AI28: =+IF(Tabla3[[#This Row],[Amortización k | cupón de intereses]]="Amortización de K",SUMIFS($AH$7:$AH$557,Tabla3[Código Emisión],Tabla3[[#This Row],[Código Emisión]],Tabla3[Fecha de operación],Tabla3[[#This Row],[Fecha de operación]]),0)-Tabla3[[#This Row],[Accrued]]*Tabla3[[#This Row],[Valor Nominal]] -> 0 | AJ28: =+IF(Tabla3[[#This Row],[Amortización k | cupón de intereses]]="Amortización de K",IF(Tabla3[[#This Row],[Precio Clean]]>1,Tabla3[[#This Row],[Valor Nominal]]*(Tabla3[[#This Row],[Precio Clean]]-1),0),0) -> 0 | AK28: =+IF(Tabla3[[#This Row],[Amortización k | cupón de intereses]]="Amortización de K",IF(Tabla3[[#This Row],[Precio Clean]]<1,Tabla3[[#This Row],[Valor Nominal]]*(Tabla3[[#This Row],[Precio Clean]]-1),0),0) -> 0
B29: =+B28 -> Banco Basa SA | C29: BASA_5,15%_30062027_AA2367-68_100K | D29: =+D28 -> CDA | E29: =+E28 -> AA-py | F29: =+F28 -> Financiero | G29: =+G28 -> Paraguay | H29: =+H28 -> 2 | I29: 1284 | O29: 0.066607305 | P29: 0.065005428 | Q29: =+Q28 -> 45812 | R29: 46111 | S29: USD | T29: =Tabla3[[#This Row],[Cantidad]]*Tabla3[[#This Row],[Cortes]] -> 2568 | U29: =IF(X29="VIgente",(T29/(1+O29)^((R29-$U$5)/365))) -> FALSE | V29: =IF(X29="VIgente",(T29/(1+O29)^((R29-$V$5)/365))) -> FALSE | W29: =IF(Tabla3[[#This Row],[Fecha de operación]]=$C$1,0,U29-V29) -> 0 | X29: =IF(R29<=$U$5,"Vencido","Vigente") -> Vencido | Z29: =+R29-$U$5 -> -1 | AA29: =AA28 -> 1.2182839 | AB29: =AB28 -> 1.1983295 | AC29: Familiar CB | AD29: Cupón de Interés | AG29: =+IF(Tabla3[[#This Row],[Amortización k | cupón de intereses]]="Amortización de K",Tabla3[[#This Row],[Valor Nominal]],0) -> 0 | AH29: =+IF(AND(Tabla3[[#This Row],[Amortización k | cupón de intereses]]="Cupón de interés",Tabla3[[#This Row],[Estado]]="Vigente"),Tabla3[[#This Row],[Valor Nominal]],0) -> 0 | AI29: =+IF(Tabla3[[#This Row],[Amortización k | cupón de intereses]]="Amortización de K",SUMIFS($AH$7:$AH$557,Tabla3[Código Emisión],Tabla3[[#This Row],[Código Emisión]],Tabla3[Fecha de operación],Tabla3[[#This Row],[Fecha de operación]]),0)-Tabla3[[#This Row],[Accrued]]*Tabla3[[#This Row],[Valor Nominal]] -> 0 | AJ29: =+IF(Tabla3[[#This Row],[Amortización k | cupón de intereses]]="Amortización de K",IF(Tabla3[[#This Row],[Precio Clean]]>1,Tabla3[[#This Row],[Valor Nominal]]*(Tabla3[[#This Row],[Precio Clean]]-1),0),0) -> 0 | AK29: =+IF(Tabla3[[#This Row],[Amortización k | cupón de intereses]]="Amortización de K",IF(Tabla3[[#This Row],[Precio Clean]]<1,Tabla3[[#This Row],[Valor Nominal]]*(Tabla3[[#This Row],[Precio Clean]]-1),0),0) -> 0 | AO29: Bonos soberanos extranjeros | AP29: =+AP30+AP31-AP32+AP33+AP34 -> 1502186 | AQ29: =+SUMIFS(Tabla3[Valor Presente o Contable],Tabla3[Instrumento],AO29) -> 1502186 | AR29: =+AP29-AQ29 -> 0
B30: =+B29 -> Banco Basa SA | C30: BASA_5,15%_30062027_AA2367-68_100K | D30: =+D29 -> CDA | E30: =+E29 -> AA-py | F30: =+F29 -> Financiero | G30: =+G29 -> Paraguay | H30: =+H29 -> 2 | I30: 1284 | O30: 0.066607305 | P30: 0.065005428 | Q30: =+Q29 -> 45812 | R30: 46020 | S30: USD | T30: =Tabla3[[#This Row],[Cantidad]]*Tabla3[[#This Row],[Cortes]] -> 2568 | U30: =IF(X30="VIgente",(T30/(1+O30)^((R30-$U$5)/365))) -> FALSE | V30: =IF(X30="VIgente",(T30/(1+O30)^((R30-$V$5)/365))) -> FALSE | W30: =IF(Tabla3[[#This Row],[Fecha de operación]]=$C$1,0,U30-V30) -> 0 | X30: =IF(R30<=$U$5,"Vencido","Vigente") -> Vencido | Z30: =+R30-$U$5 -> -92 | AA30: =AA29 -> 1.2182839 | AB30: =AB29 -> 1.1983295 | AC30: Familiar CB | AD30: Cupón de Interés | AG30: =+IF(Tabla3[[#This Row],[Amortización k | cupón de intereses]]="Amortización de K",Tabla3[[#This Row],[Valor Nominal]],0) -> 0 | AH30: =+IF(AND(Tabla3[[#This Row],[Amortización k | cupón de intereses]]="Cupón de interés",Tabla3[[#This Row],[Estado]]="Vigente"),Tabla3[[#This Row],[Valor Nominal]],0) -> 0 | AI30: =+IF(Tabla3[[#This Row],[Amortización k | cupón de intereses]]="Amortización de K",SUMIFS($AH$7:$AH$557,Tabla3[Código Emisión],Tabla3[[#This Row],[Código Emisión]],Tabla3[Fecha de operación],Tabla3[[#This Row],[Fecha de operación]]),0)-Tabla3[[#This Row],[Accrued]]*Tabla3[[#This Row],[Valor Nominal]] -> 0 | AJ30: =+IF(Tabla3[[#This Row],[Amortización k | cupón de intereses]]="Amortización de K",IF(Tabla3[[#This Row],[Precio Clean]]>1,Tabla3[[#This Row],[Valor Nominal]]*(Tabla3[[#This Row],[Precio Clean]]-1),0),0) -> 0 | AK30: =+IF(Tabla3[[#This Row],[Amortización k | cupón de intereses]]="Amortización de K",IF(Tabla3[[#This Row],[Precio Clean]]<1,Tabla3[[#This Row],[Valor Nominal]]*(Tabla3[[#This Row],[Precio Clean]]-1),0),0) -> 0 | AN30: 12010125002001 | AO30: Bonos soberanos extranjeros USD | AP30: =+SUMIF(Tabla3[Instrumento],$AO$29,$AG$7:$AG$520) -> 1500000
B31: =+B30 -> Banco Basa SA | C31: BASA_5,15%_30062027_AA2367-68_100K | D31: =+D30 -> CDA | E31: =+E30 -> AA-py | F31: =+F30 -> Financiero | G31: =+G30 -> Paraguay | H31: =+H30 -> 2 | I31: 1284 | O31: 0.066607305 | P31: 0.065005428 | Q31: =+Q30 -> 45812 | R31: 45929 | S31: USD | T31: =Tabla3[[#This Row],[Cantidad]]*Tabla3[[#This Row],[Cortes]] -> 2568 | U31: =IF(X31="VIgente",(T31/(1+O31)^((R31-$U$5)/365))) -> FALSE | V31: =IF(X31="VIgente",(T31/(1+O31)^((R31-$V$5)/365))) -> FALSE | W31: =IF(Tabla3[[#This Row],[Fecha de operación]]=$C$1,0,U31-V31) -> 0 | X31: =IF(R31<=$U$5,"Vencido","Vigente") -> Vencido | Z31: =+R31-$U$5 -> -183 | AA31: =AA30 -> 1.2182839 | AB31: =AB30 -> 1.1983295 | AC31: Familiar CB | AD31: Cupón de Interés | AG31: =+IF(Tabla3[[#This Row],[Amortización k | cupón de intereses]]="Amortización de K",Tabla3[[#This Row],[Valor Nominal]],0) -> 0 | AH31: =+IF(AND(Tabla3[[#This Row],[Amortización k | cupón de intereses]]="Cupón de interés",Tabla3[[#This Row],[Estado]]="Vigente"),Tabla3[[#This Row],[Valor Nominal]],0) -> 0 | AI31: =+IF(Tabla3[[#This Row],[Amortización k | cupón de intereses]]="Amortización de K",SUMIFS($AH$7:$AH$557,Tabla3[Código Emisión],Tabla3[[#This Row],[Código Emisión]],Tabla3[Fecha de operación],Tabla3[[#This Row],[Fecha de operación]]),0)-Tabla3[[#This Row],[Accrued]]*Tabla3[[#This Row],[Valor Nominal]] -> 0 | AJ31: =+IF(Tabla3[[#This Row],[Amortización k | cupón de intereses]]="Amortización de K",IF(Tabla3[[#This Row],[Precio Clean]]>1,Tabla3[[#This Row],[Valor Nominal]]*(Tabla3[[#This Row],[Precio Clean]]-1),0),0) -> 0 | AK31: =+IF(Tabla3[[#This Row],[Amortización k | cupón de intereses]]="Amortización de K",IF(Tabla3[[#This Row],[Precio Clean]]<1,Tabla3[[#This Row],[Valor Nominal]]*(Tabla3[[#This Row],[Precio Clean]]-1),0),0) -> 0 | AN31: 13080229002001 | AO31: Intereses a cobrar - Bonos Soberanos extranjeros | AP31: =+SUMIF(Tabla3[Instrumento],$AO$29,$AH$7:$AH$197) -> 455000
A32: =A23+1 -> 3 | B32: Banco Basa SA | C32: PYBAM01F0358 | D32: Bonos Financieros | E32: AA-py | F32: Financiero | G32: Paraguay | H32: 150 | I32: 1000 | J32: 0.065 | K32: =_xlfn.MAXIFS(R:R,C:C,C32,AD:AD,"Cupón de interés",X:X,"Vencido") -> 46049 | L32: =+Tabla3[[#This Row],[Tasa de Interés]]*($U$5-Tabla3[[#This Row],[Last coupon]])/365 -> 0.011219178 | M32: =+Tabla3[[#This Row],[Precio Dirty]]-Tabla3[[#This Row],[Accrued]] -> 1.0002167 | N32: =SUMIFS(U:U,C:C,C32,Q:Q,Q32)/SUMIFS(T:T,C:C,C32,Q:Q,Q32,AD:AD,"Amortización de K") -> 1.0114359 | O32: 0.066507742 | P32: 0.06491147 | Q32: 45819 | R32: 47238 | S32: USD | T32: =Tabla3[[#This Row],[Cantidad]]*Tabla3[[#This Row],[Cortes]] -> 150000 | U32: =IF(X32="VIgente",(T32/(1+O32)^((R32-$U$5)/365))) -> 122977.09 | V32: =IF(X32="VIgente",(T32/(1+O32)^((R32-$V$5)/365))) -> 122955.39 | W32: =IF(Tabla3[[#This Row],[Fecha de operación]]=$C$1,0,U32-V32) -> 21.69243 | X32: =IF(R32<=$U$5,"Vencido","Vigente") -> Vigente | Y32: Trimestral | Z32: =+R32-$U$5 -> 1126 | AA32: =IF(Y32="Mensual",DURATION($C$1,$C$1+Z32*12,J32/12,O32/12,1)/12,DURATION($C$1,R32,J32,O32,IF(Y32="Cupón cero",1,IF(Y32="Al vencimiento",1,IF(Y32="Anual",1,IF(Y32="Semestral",2,IF(Y32="Trimestral",4,""))))))) -> 2.7882997 | AB32: =IF(Y32="Mensual",MDURATION($C$1,$C$1+Z32*12,J32/12,O32/12,1)/12,MDURATION($C$1,R32,J32,O32,IF(Y32="Cupón cero",1,IF(Y32="Al vencimiento",1,IF(Y32="Anual",1,IF(Y32="Semestral",2,IF(Y32="Trimestral",4,""))))))) -> 2.7426971 | AC32: Familiar CB | AD32: Amortización de K | AG32: =+IF(Tabla3[[#This Row],[Amortización k | cupón de intereses]]="Amortización de K",Tabla3[[#This Row],[Valor Nominal]],0) -> 150000 | AH32: =+IF(AND(Tabla3[[#This Row],[Amortización k | cupón de intereses]]="Cupón de interés",Tabla3[[#This Row],[Estado]]="Vigente"),Tabla3[[#This Row],[Valor Nominal]],0) -> 0 | AI32: =+IF(Tabla3[[#This Row],[Amortización k | cupón de intereses]]="Amortización de K",SUMIFS($AH$7:$AH$557,Tabla3[Código Emisión],Tabla3[[#This Row],[Código Emisión]],Tabla3[Fecha de operación],Tabla3[[#This Row],[Fecha de operación]]),0)-Tabla3[[#This Row],[Accrued]]*Tabla3[[#This Row],[Valor Nominal]] -> 30078.081 | AJ32: =+IF(Tabla3[[#This Row],[Amortización k | cupón de intereses]]="Amortización de K",IF(Tabla3[[#This Row],[Precio Clean]]>1,Tabla3[[#This Row],[Valor Nominal]]*(Tabla3[[#This Row],[Precio Clean]]-1),0),0) -> 32.503031 | AK32: =+IF(Tabla3[[#This Row],[Amortización k | cupón de intereses]]="Amortización de K",IF(Tabla3[[#This Row],[Precio Clean]]<1,Tabla3[[#This Row],[Valor Nominal]]*(Tabla3[[#This Row],[Precio Clean]]-1),0),0) -> 0 | AN32: 13080229902001 | AO32: (-) Intereses a devengar - Bonos Soberanos extranjeros | AP32: =+SUMIF(Tabla3[Instrumento],$AO29,$AI$7:$AI$384) -> 442712.33
B33: =+B32 -> Banco Basa SA | C33: =+C32 -> PYBAM01F0358 | D33: =+D32 -> Bonos Financieros | E33: =+E32 -> AA-py | F33: Financiero | G33: Paraguay | H33: =+H32 -> 150 | I33: 16.739726 | O33: =$O$7 -> 0.066508695 | P33: =$P$7 -> 0.06491147 | Q33: =+Q32 -> 45819 | R33: 47238 | S33: USD | T33: =Tabla3[[#This Row],[Cantidad]]*Tabla3[[#This Row],[Cortes]] -> 2510.9589 | U33: =IF(X33="VIgente",(T33/(1+O33)^((R33-$U$5)/365))) -> 2058.597 | V33: =IF(X33="VIgente",(T33/(1+O33)^((R33-$V$5)/365))) -> 2058.2339 | W33: =IF(Tabla3[[#This Row],[Fecha de operación]]=$C$1,0,U33-V33) -> 0.36312937 | X33: =IF(R33<=$U$5,"Vencido","Vigente") -> Vigente | Z33: =+R33-$U$5 -> 1126 | AA33: =AA32 -> 2.7882997 | AB33: =AB32 -> 2.7426971 | AC33: Familiar CB | AD33: Cupón de Interés | AG33: =+IF(Tabla3[[#This Row],[Amortización k | cupón de intereses]]="Amortización de K",Tabla3[[#This Row],[Valor Nominal]],0) -> 0 | AH33: =+IF(AND(Tabla3[[#This Row],[Amortización k | cupón de intereses]]="Cupón de interés",Tabla3[[#This Row],[Estado]]="Vigente"),Tabla3[[#This Row],[Valor Nominal]],0) -> 2510.9589 | AI33: =+IF(Tabla3[[#This Row],[Amortización k | cupón de intereses]]="Amortización de K",SUMIFS($AH$7:$AH$557,Tabla3[Código Emisión],Tabla3[[#This Row],[Código Emisión]],Tabla3[Fecha de operación],Tabla3[[#This Row],[Fecha de operación]]),0)-Tabla3[[#This Row],[Accrued]]*Tabla3[[#This Row],[Valor Nominal]] -> 0 | AJ33: =+IF(Tabla3[[#This Row],[Amortización k | cupón de intereses]]="Amortización de K",IF(Tabla3[[#This Row],[Precio Clean]]>1,Tabla3[[#This Row],[Valor Nominal]]*(Tabla3[[#This Row],[Precio Clean]]-1),0),0) -> 0 | AK33: =+IF(Tabla3[[#This Row],[Amortización k | cupón de intereses]]="Amortización de K",IF(Tabla3[[#This Row],[Precio Clean]]<1,Tabla3[[#This Row],[Valor Nominal]]*(Tabla3[[#This Row],[Precio Clean]]-1),0),0) -> 0 | AN33: 12010259002001 | AO33: Dif. de precio positivo no amort. - Bonos Soberanos extranjeros | AP33: =+SUMIF(Tabla3[Instrumento],$AO29,$AJ$7:$AJ$384) -> 0
B34: =+B33 -> Banco Basa SA | C34: =+C33 -> PYBAM01F0358 | D34: =+D33 -> Bonos Financieros | E34: =+E33 -> AA-py | F34: =+F33 -> Financiero | G34: =+G33 -> Paraguay | H34: =+H33 -> 150 | I34: 16.205479 | O34: =+O33 -> 0.066508695 | P34: =+P33 -> 0.06491147 | Q34: =+Q33 -> 45819 | R34: 47144 | S34: USD | T34: =Tabla3[[#This Row],[Cantidad]]*Tabla3[[#This Row],[Cortes]] -> 2430.8219 | U34: =IF(X34="VIgente",(T34/(1+O34)^((R34-$U$5)/365))) -> 2026.2203 | V34: =IF(X34="VIgente",(T34/(1+O34)^((R34-$V$5)/365))) -> 2025.8629 | W34: =IF(Tabla3[[#This Row],[Fecha de operación]]=$C$1,0,U34-V34) -> 0.35741823 | X34: =IF(R34<=$U$5,"Vencido","Vigente") -> Vigente | Z34: =+R34-$U$5 -> 1032 | AA34: =AA33 -> 2.7882997 | AB34: =AB33 -> 2.7426971 | AC34: Familiar CB | AD34: Cupón de Interés | AG34: =+IF(Tabla3[[#This Row],[Amortización k | cupón de intereses]]="Amortización de K",Tabla3[[#This Row],[Valor Nominal]],0) -> 0 | AH34: =+IF(AND(Tabla3[[#This Row],[Amortización k | cupón de intereses]]="Cupón de interés",Tabla3[[#This Row],[Estado]]="Vigente"),Tabla3[[#This Row],[Valor Nominal]],0) -> 2430.8219 | AI34: =+IF(Tabla3[[#This Row],[Amortización k | cupón de intereses]]="Amortización de K",SUMIFS($AH$7:$AH$557,Tabla3[Código Emisión],Tabla3[[#This Row],[Código Emisión]],Tabla3[Fecha de operación],Tabla3[[#This Row],[Fecha de operación]]),0)-Tabla3[[#This Row],[Accrued]]*Tabla3[[#This Row],[Valor Nominal]] -> 0 | AJ34: =+IF(Tabla3[[#This Row],[Amortización k | cupón de intereses]]="Amortización de K",IF(Tabla3[[#This Row],[Precio Clean]]>1,Tabla3[[#This Row],[Valor Nominal]]*(Tabla3[[#This Row],[Precio Clean]]-1),0),0) -> 0 | AK34: =+IF(Tabla3[[#This Row],[Amortización k | cupón de intereses]]="Amortización de K",IF(Tabla3[[#This Row],[Precio Clean]]<1,Tabla3[[#This Row],[Valor Nominal]]*(Tabla3[[#This Row],[Precio Clean]]-1),0),0) -> 0 | AN34: 22010146002001 | AO34: Dif. de precio negativo no amort. - Bonos Soberanos extranjeros | AP34: =+SUMIF(Tabla3[Instrumento],$AO29,$AK$7:$AK$384) -> -10101.633
B35: =+B34 -> Banco Basa SA | C35: =+C34 -> PYBAM01F0358 | D35: =+D34 -> Bonos Financieros | E35: =+E34 -> AA-py | F35: =+F34 -> Financiero | G35: =+G34 -> Paraguay | H35: =+H34 -> 150 | I35: 16.205479 | O35: =+O34 -> 0.066508695 | P35: =+P34 -> 0.06491147 | Q35: =+Q34 -> 45819 | R35: 47053 | S35: USD | T35: =Tabla3[[#This Row],[Cantidad]]*Tabla3[[#This Row],[Cortes]] -> 2430.8219 | U35: =IF(X35="VIgente",(T35/(1+O35)^((R35-$U$5)/365))) -> 2059.0107 | V35: =IF(X35="VIgente",(T35/(1+O35)^((R35-$V$5)/365))) -> 2058.6475 | W35: =IF(Tabla3[[#This Row],[Fecha de operación]]=$C$1,0,U35-V35) -> 0.36320234 | X35: =IF(R35<=$U$5,"Vencido","Vigente") -> Vigente | Z35: =+R35-$U$5 -> 941 | AA35: =AA34 -> 2.7882997 | AB35: =AB34 -> 2.7426971 | AC35: Familiar CB | AD35: Cupón de Interés | AG35: =+IF(Tabla3[[#This Row],[Amortización k | cupón de intereses]]="Amortización de K",Tabla3[[#This Row],[Valor Nominal]],0) -> 0 | AH35: =+IF(AND(Tabla3[[#This Row],[Amortización k | cupón de intereses]]="Cupón de interés",Tabla3[[#This Row],[Estado]]="Vigente"),Tabla3[[#This Row],[Valor Nominal]],0) -> 2430.8219 | AI35: =+IF(Tabla3[[#This Row],[Amortización k | cupón de intereses]]="Amortización de K",SUMIFS($AH$7:$AH$557,Tabla3[Código Emisión],Tabla3[[#This Row],[Código Emisión]],Tabla3[Fecha de operación],Tabla3[[#This Row],[Fecha de operación]]),0)-Tabla3[[#This Row],[Accrued]]*Tabla3[[#This Row],[Valor Nominal]] -> 0 | AJ35: =+IF(Tabla3[[#This Row],[Amortización k | cupón de intereses]]="Amortización de K",IF(Tabla3[[#This Row],[Precio Clean]]>1,Tabla3[[#This Row],[Valor Nominal]]*(Tabla3[[#This Row],[Precio Clean]]-1),0),0) -> 0 | AK35: =+IF(Tabla3[[#This Row],[Amortización k | cupón de intereses]]="Amortización de K",IF(Tabla3[[#This Row],[Precio Clean]]<1,Tabla3[[#This Row],[Valor Nominal]]*(Tabla3[[#This Row],[Precio Clean]]-1),0),0) -> 0
B36: =+B35 -> Banco Basa SA | C36: =+C35 -> PYBAM01F0358 | D36: =+D35 -> Bonos Financieros | E36: =+E35 -> AA-py | F36: =+F35 -> Financiero | G36: =+G35 -> Paraguay | H36: =+H35 -> 150 | I36: 16.205479 | O36: =+O35 -> 0.066508695 | P36: =+P35 -> 0.06491147 | Q36: =+Q35 -> 45819 | R36: 46962 | S36: USD | T36: =Tabla3[[#This Row],[Cantidad]]*Tabla3[[#This Row],[Cortes]] -> 2430.8219 | U36: =IF(X36="VIgente",(T36/(1+O36)^((R36-$U$5)/365))) -> 2092.3318 | V36: =IF(X36="VIgente",(T36/(1+O36)^((R36-$V$5)/365))) -> 2091.9627 | W36: =IF(Tabla3[[#This Row],[Fecha de operación]]=$C$1,0,U36-V36) -> 0.36908006 | X36: =IF(R36<=$U$5,"Vencido","Vigente") -> Vigente | Z36: =+R36-$U$5 -> 850 | AA36: =AA35 -> 2.7882997 | AB36: =AB35 -> 2.7426971 | AC36: Familiar CB | AD36: Cupón de Interés | AG36: =+IF(Tabla3[[#This Row],[Amortización k | cupón de intereses]]="Amortización de K",Tabla3[[#This Row],[Valor Nominal]],0) -> 0 | AH36: =+IF(AND(Tabla3[[#This Row],[Amortización k | cupón de intereses]]="Cupón de interés",Tabla3[[#This Row],[Estado]]="Vigente"),Tabla3[[#This Row],[Valor Nominal]],0) -> 2430.8219 | AI36: =+IF(Tabla3[[#This Row],[Amortización k | cupón de intereses]]="Amortización de K",SUMIFS($AH$7:$AH$557,Tabla3[Código Emisión],Tabla3[[#This Row],[Código Emisión]],Tabla3[Fecha de operación],Tabla3[[#This Row],[Fecha de operación]]),0)-Tabla3[[#This Row],[Accrued]]*Tabla3[[#This Row],[Valor Nominal]] -> 0 | AJ36: =+IF(Tabla3[[#This Row],[Amortización k | cupón de intereses]]="Amortización de K",IF(Tabla3[[#This Row],[Precio Clean]]>1,Tabla3[[#This Row],[Valor Nominal]]*(Tabla3[[#This Row],[Precio Clean]]-1),0),0) -> 0 | AK36: =+IF(Tabla3[[#This Row],[Amortización k | cupón de intereses]]="Amortización de K",IF(Tabla3[[#This Row],[Precio Clean]]<1,Tabla3[[#This Row],[Valor Nominal]]*(Tabla3[[#This Row],[Precio Clean]]-1),0),0) -> 0 | AO36: Bonos Corporativos | AP36: =+AP37+AP38-AP39+AP40+AP41 -> 198452.99 | AQ36: =+SUMIFS(Tabla3[Valor Presente o Contable],Tabla3[Instrumento],AO36) -> 198452.99 | AR36: =+AP36-AQ36 -> 0
B37: =+B36 -> Banco Basa SA | C37: =+C36 -> PYBAM01F0358 | D37: =+D36 -> Bonos Financieros | E37: =+E36 -> AA-py | F37: =+F36 -> Financiero | G37: =+G36 -> Paraguay | H37: =+H36 -> 150 | I37: 16.739726 | O37: =+O36 -> 0.066508695 | P37: =+P36 -> 0.06491147 | Q37: =+Q36 -> 45819 | R37: 46871 | S37: USD | T37: =Tabla3[[#This Row],[Cantidad]]*Tabla3[[#This Row],[Cortes]] -> 2510.9589 | U37: =IF(X37="VIgente",(T37/(1+O37)^((R37-$U$5)/365))) -> 2196.2864 | V37: =IF(X37="VIgente",(T37/(1+O37)^((R37-$V$5)/365))) -> 2195.899 | W37: =IF(Tabla3[[#This Row],[Fecha de operación]]=$C$1,0,U37-V37) -> 0.3874173 | X37: =IF(R37<=$U$5,"Vencido","Vigente") -> Vigente | Z37: =+R37-$U$5 -> 759 | AA37: =AA36 -> 2.7882997 | AB37: =AB36 -> 2.7426971 | AC37: Familiar CB | AD37: Cupón de Interés | AG37: =+IF(Tabla3[[#This Row],[Amortización k | cupón de intereses]]="Amortización de K",Tabla3[[#This Row],[Valor Nominal]],0) -> 0 | AH37: =+IF(AND(Tabla3[[#This Row],[Amortización k | cupón de intereses]]="Cupón de interés",Tabla3[[#This Row],[Estado]]="Vigente"),Tabla3[[#This Row],[Valor Nominal]],0) -> 2510.9589 | AI37: =+IF(Tabla3[[#This Row],[Amortización k | cupón de intereses]]="Amortización de K",SUMIFS($AH$7:$AH$557,Tabla3[Código Emisión],Tabla3[[#This Row],[Código Emisión]],Tabla3[Fecha de operación],Tabla3[[#This Row],[Fecha de operación]]),0)-Tabla3[[#This Row],[Accrued]]*Tabla3[[#This Row],[Valor Nominal]] -> 0 | AJ37: =+IF(Tabla3[[#This Row],[Amortización k | cupón de intereses]]="Amortización de K",IF(Tabla3[[#This Row],[Precio Clean]]>1,Tabla3[[#This Row],[Valor Nominal]]*(Tabla3[[#This Row],[Precio Clean]]-1),0),0) -> 0 | AK37: =+IF(Tabla3[[#This Row],[Amortización k | cupón de intereses]]="Amortización de K",IF(Tabla3[[#This Row],[Precio Clean]]<1,Tabla3[[#This Row],[Valor Nominal]]*(Tabla3[[#This Row],[Precio Clean]]-1),0),0) -> 0 | AN37: 12010115003001 | AO37: Bonos Corporativos USD | AP37: =+SUMIF(Tabla3[Instrumento],$AO$36,$AG$7:$AG$520) -> 200000
B38: =+B37 -> Banco Basa SA | C38: =+C37 -> PYBAM01F0358 | D38: =+D37 -> Bonos Financieros | E38: =+E37 -> AA-py | F38: =+F37 -> Financiero | G38: =+G37 -> Paraguay | H38: =+H37 -> 150 | I38: 16.205479 | O38: =+O37 -> 0.066508695 | P38: =+P37 -> 0.06491147 | Q38: =+Q37 -> 45819 | R38: 46777 | S38: USD | T38: =Tabla3[[#This Row],[Cantidad]]*Tabla3[[#This Row],[Cortes]] -> 2430.8219 | U38: =IF(X38="VIgente",(T38/(1+O38)^((R38-$U$5)/365))) -> 2161.7441 | V38: =IF(X38="VIgente",(T38/(1+O38)^((R38-$V$5)/365))) -> 2161.3628 | W38: =IF(Tabla3[[#This Row],[Fecha de operación]]=$C$1,0,U38-V38) -> 0.38132416 | X38: =IF(R38<=$U$5,"Vencido","Vigente") -> Vigente | Z38: =+R38-$U$5 -> 665 | AA38: =AA37 -> 2.7882997 | AB38: =AB37 -> 2.7426971 | AC38: Familiar CB | AD38: Cupón de Interés | AG38: =+IF(Tabla3[[#This Row],[Amortización k | cupón de intereses]]="Amortización de K",Tabla3[[#This Row],[Valor Nominal]],0) -> 0 | AH38: =+IF(AND(Tabla3[[#This Row],[Amortización k | cupón de intereses]]="Cupón de interés",Tabla3[[#This Row],[Estado]]="Vigente"),Tabla3[[#This Row],[Valor Nominal]],0) -> 2430.8219 | AI38: =+IF(Tabla3[[#This Row],[Amortización k | cupón de intereses]]="Amortización de K",SUMIFS($AH$7:$AH$557,Tabla3[Código Emisión],Tabla3[[#This Row],[Código Emisión]],Tabla3[Fecha de operación],Tabla3[[#This Row],[Fecha de operación]]),0)-Tabla3[[#This Row],[Accrued]]*Tabla3[[#This Row],[Valor Nominal]] -> 0 | AJ38: =+IF(Tabla3[[#This Row],[Amortización k | cupón de intereses]]="Amortización de K",IF(Tabla3[[#This Row],[Precio Clean]]>1,Tabla3[[#This Row],[Valor Nominal]]*(Tabla3[[#This Row],[Precio Clean]]-1),0),0) -> 0 | AK38: =+IF(Tabla3[[#This Row],[Amortización k | cupón de intereses]]="Amortización de K",IF(Tabla3[[#This Row],[Precio Clean]]<1,Tabla3[[#This Row],[Valor Nominal]]*(Tabla3[[#This Row],[Precio Clean]]-1),0),0) -> 0 | AN38: 13080225003001 | AO38: Int. a cobrar - Bonos Corporativos USD | AP38: =+SUMIF(Tabla3[Instrumento],$AO$36,$AH$7:$AH$197) -> 26926.027
B39: =+B38 -> Banco Basa SA | C39: =+C38 -> PYBAM01F0358 | D39: =+D38 -> Bonos Financieros | E39: =+E38 -> AA-py | F39: =+F38 -> Financiero | G39: =+G38 -> Paraguay | H39: =+H38 -> 150 | I39: 16.205479 | O39: =+O38 -> 0.066508695 | P39: =+P38 -> 0.06491147 | Q39: =+Q38 -> 45819 | R39: 46686 | S39: USD | T39: =Tabla3[[#This Row],[Cantidad]]*Tabla3[[#This Row],[Cortes]] -> 2430.8219 | U39: =IF(X39="VIgente",(T39/(1+O39)^((R39-$U$5)/365))) -> 2196.7278 | V39: =IF(X39="VIgente",(T39/(1+O39)^((R39-$V$5)/365))) -> 2196.3403 | W39: =IF(Tabla3[[#This Row],[Fecha de operación]]=$C$1,0,U39-V39) -> 0.38749515 | X39: =IF(R39<=$U$5,"Vencido","Vigente") -> Vigente | Z39: =+R39-$U$5 -> 574 | AA39: =AA38 -> 2.7882997 | AB39: =AB38 -> 2.7426971 | AC39: Familiar CB | AD39: Cupón de Interés | AG39: =+IF(Tabla3[[#This Row],[Amortización k | cupón de intereses]]="Amortización de K",Tabla3[[#This Row],[Valor Nominal]],0) -> 0 | AH39: =+IF(AND(Tabla3[[#This Row],[Amortización k | cupón de intereses]]="Cupón de interés",Tabla3[[#This Row],[Estado]]="Vigente"),Tabla3[[#This Row],[Valor Nominal]],0) -> 2430.8219 | AI39: =+IF(Tabla3[[#This Row],[Amortización k | cupón de intereses]]="Amortización de K",SUMIFS($AH$7:$AH$557,Tabla3[Código Emisión],Tabla3[[#This Row],[Código Emisión]],Tabla3[Fecha de operación],Tabla3[[#This Row],[Fecha de operación]]),0)-Tabla3[[#This Row],[Accrued]]*Tabla3[[#This Row],[Valor Nominal]] -> 0 | AJ39: =+IF(Tabla3[[#This Row],[Amortización k | cupón de intereses]]="Amortización de K",IF(Tabla3[[#This Row],[Precio Clean]]>1,Tabla3[[#This Row],[Valor Nominal]]*(Tabla3[[#This Row],[Precio Clean]]-1),0),0) -> 0 | AK39: =+IF(Tabla3[[#This Row],[Amortización k | cupón de intereses]]="Amortización de K",IF(Tabla3[[#This Row],[Precio Clean]]<1,Tabla3[[#This Row],[Valor Nominal]]*(Tabla3[[#This Row],[Precio Clean]]-1),0),0) -> 0 | AN39: 13080225903001 | AO39: (-) Int. a devengar - Bonos Corporativos USD | AP39: =+SUMIF(Tabla3[Instrumento],$AO36,$AI$7:$AI$384) -> 24723.287
B40: =+B39 -> Banco Basa SA | C40: =+C39 -> PYBAM01F0358 | D40: =+D39 -> Bonos Financieros | E40: =+E39 -> AA-py | F40: =+F39 -> Financiero | G40: =+G39 -> Paraguay | H40: =+H39 -> 150 | I40: 16.205479 | O40: =+O39 -> 0.066508695 | P40: =+P39 -> 0.06491147 | Q40: =+Q39 -> 45819 | R40: 46595 | S40: USD | T40: =Tabla3[[#This Row],[Cantidad]]*Tabla3[[#This Row],[Cortes]] -> 2430.8219 | U40: =IF(X40="VIgente",(T40/(1+O40)^((R40-$U$5)/365))) -> 2232.2775 | V40: =IF(X40="VIgente",(T40/(1+O40)^((R40-$V$5)/365))) -> 2231.8837 | W40: =IF(Tabla3[[#This Row],[Fecha de operación]]=$C$1,0,U40-V40) -> 0.393766 | X40: =IF(R40<=$U$5,"Vencido","Vigente") -> Vigente | Z40: =+R40-$U$5 -> 483 | AA40: =AA39 -> 2.7882997 | AB40: =AB39 -> 2.7426971 | AC40: Familiar CB | AD40: Cupón de Interés | AG40: =+IF(Tabla3[[#This Row],[Amortización k | cupón de intereses]]="Amortización de K",Tabla3[[#This Row],[Valor Nominal]],0) -> 0 | AH40: =+IF(AND(Tabla3[[#This Row],[Amortización k | cupón de intereses]]="Cupón de interés",Tabla3[[#This Row],[Estado]]="Vigente"),Tabla3[[#This Row],[Valor Nominal]],0) -> 2430.8219 | AI40: =+IF(Tabla3[[#This Row],[Amortización k | cupón de intereses]]="Amortización de K",SUMIFS($AH$7:$AH$557,Tabla3[Código Emisión],Tabla3[[#This Row],[Código Emisión]],Tabla3[Fecha de operación],Tabla3[[#This Row],[Fecha de operación]]),0)-Tabla3[[#This Row],[Accrued]]*Tabla3[[#This Row],[Valor Nominal]] -> 0 | AJ40: =+IF(Tabla3[[#This Row],[Amortización k | cupón de intereses]]="Amortización de K",IF(Tabla3[[#This Row],[Precio Clean]]>1,Tabla3[[#This Row],[Valor Nominal]]*(Tabla3[[#This Row],[Precio Clean]]-1),0),0) -> 0 | AK40: =+IF(Tabla3[[#This Row],[Amortización k | cupón de intereses]]="Amortización de K",IF(Tabla3[[#This Row],[Precio Clean]]<1,Tabla3[[#This Row],[Valor Nominal]]*(Tabla3[[#This Row],[Precio Clean]]-1),0),0) -> 0 | AN40: 12010121003001 | AO40: Dif. de precio positivo no amort. - Bonos Corporativos USD | AP40: =+SUMIF(Tabla3[Instrumento],$AO36,$AJ$7:$AJ$384) -> 0
B41: =+B40 -> Banco Basa SA | C41: =+C40 -> PYBAM01F0358 | D41: =+D40 -> Bonos Financieros | E41: =+E40 -> AA-py | F41: =+F40 -> Financiero | G41: =+G40 -> Paraguay | H41: =+H40 -> 150 | I41: 16.205479 | O41: =+O40 -> 0.066508695 | P41: =+P40 -> 0.06491147 | Q41: =+Q40 -> 45819 | R41: 46504 | S41: USD | T41: =Tabla3[[#This Row],[Cantidad]]*Tabla3[[#This Row],[Cortes]] -> 2430.8219 | U41: =IF(X41="VIgente",(T41/(1+O41)^((R41-$U$5)/365))) -> 2268.4026 | V41: =IF(X41="VIgente",(T41/(1+O41)^((R41-$V$5)/365))) -> 2268.0024 | W41: =IF(Tabla3[[#This Row],[Fecha de operación]]=$C$1,0,U41-V41) -> 0.40013834 | X41: =IF(R41<=$U$5,"Vencido","Vigente") -> Vigente | Z41: =+R41-$U$5 -> 392 | AA41: =AA40 -> 2.7882997 | AB41: =AB40 -> 2.7426971 | AC41: Familiar CB | AD41: Cupón de Interés | AG41: =+IF(Tabla3[[#This Row],[Amortización k | cupón de intereses]]="Amortización de K",Tabla3[[#This Row],[Valor Nominal]],0) -> 0 | AH41: =+IF(AND(Tabla3[[#This Row],[Amortización k | cupón de intereses]]="Cupón de interés",Tabla3[[#This Row],[Estado]]="Vigente"),Tabla3[[#This Row],[Valor Nominal]],0) -> 2430.8219 | AI41: =+IF(Tabla3[[#This Row],[Amortización k | cupón de intereses]]="Amortización de K",SUMIFS($AH$7:$AH$557,Tabla3[Código Emisión],Tabla3[[#This Row],[Código Emisión]],Tabla3[Fecha de operación],Tabla3[[#This Row],[Fecha de operación]]),0)-Tabla3[[#This Row],[Accrued]]*Tabla3[[#This Row],[Valor Nominal]] -> 0 | AJ41: =+IF(Tabla3[[#This Row],[Amortización k | cupón de intereses]]="Amortización de K",IF(Tabla3[[#This Row],[Precio Clean]]>1,Tabla3[[#This Row],[Valor Nominal]]*(Tabla3[[#This Row],[Precio Clean]]-1),0),0) -> 0 | AK41: =+IF(Tabla3[[#This Row],[Amortización k | cupón de intereses]]="Amortización de K",IF(Tabla3[[#This Row],[Precio Clean]]<1,Tabla3[[#This Row],[Valor Nominal]]*(Tabla3[[#This Row],[Precio Clean]]-1),0),0) -> 0 | AN41: 22010110003001 | AO41: Dif. de precio negativo no amort. - Bonos Corporativos USD | AP41: =+SUMIF(Tabla3[Instrumento],$AO36,$AK$7:$AK$384) -> -3749.7516
B42: =+B41 -> Banco Basa SA | C42: =+C41 -> PYBAM01F0358 | D42: =+D41 -> Bonos Financieros | E42: =+E41 -> AA-py | F42: =+F41 -> Financiero | G42: =+G41 -> Paraguay | H42: =+H41 -> 150 | I42: 16.205479 | O42: =+O41 -> 0.066508695 | P42: =+P41 -> 0.06491147 | Q42: =+Q41 -> 45819 | R42: 46413 | S42: USD | T42: =Tabla3[[#This Row],[Cantidad]]*Tabla3[[#This Row],[Cortes]] -> 2430.8219 | U42: =IF(X42="VIgente",(T42/(1+O42)^((R42-$U$5)/365))) -> 2305.1122 | V42: =IF(X42="VIgente",(T42/(1+O42)^((R42-$V$5)/365))) -> 2304.7056 | W42: =IF(Tabla3[[#This Row],[Fecha de operación]]=$C$1,0,U42-V42) -> 0.4066138 | X42: =IF(R42<=$U$5,"Vencido","Vigente") -> Vigente | Z42: =+R42-$U$5 -> 301 | AA42: =AA41 -> 2.7882997 | AB42: =AB41 -> 2.7426971 | AC42: Familiar CB | AD42: Cupón de Interés | AG42: =+IF(Tabla3[[#This Row],[Amortización k | cupón de intereses]]="Amortización de K",Tabla3[[#This Row],[Valor Nominal]],0) -> 0 | AH42: =+IF(AND(Tabla3[[#This Row],[Amortización k | cupón de intereses]]="Cupón de interés",Tabla3[[#This Row],[Estado]]="Vigente"),Tabla3[[#This Row],[Valor Nominal]],0) -> 2430.8219 | AI42: =+IF(Tabla3[[#This Row],[Amortización k | cupón de intereses]]="Amortización de K",SUMIFS($AH$7:$AH$557,Tabla3[Código Emisión],Tabla3[[#This Row],[Código Emisión]],Tabla3[Fecha de operación],Tabla3[[#This Row],[Fecha de operación]]),0)-Tabla3[[#This Row],[Accrued]]*Tabla3[[#This Row],[Valor Nominal]] -> 0 | AJ42: =+IF(Tabla3[[#This Row],[Amortización k | cupón de intereses]]="Amortización de K",IF(Tabla3[[#This Row],[Precio Clean]]>1,Tabla3[[#This Row],[Valor Nominal]]*(Tabla3[[#This Row],[Precio Clean]]-1),0),0) -> 0 | AK42: =+IF(Tabla3[[#This Row],[Amortización k | cupón de intereses]]="Amortización de K",IF(Tabla3[[#This Row],[Precio Clean]]<1,Tabla3[[#This Row],[Valor Nominal]]*(Tabla3[[#This Row],[Precio Clean]]-1),0),0) -> 0
B43: =+B42 -> Banco Basa SA | C43: =+C42 -> PYBAM01F0358 | D43: =+D42 -> Bonos Financieros | E43: =+E42 -> AA-py | F43: =+F42 -> Financiero | G43: =+G42 -> Paraguay | H43: =+H42 -> 150 | I43: 16.205479 | O43: =+O42 -> 0.066508695 | P43: =+P42 -> 0.06491147 | Q43: =+Q42 -> 45819 | R43: 46322 | S43: USD | T43: =Tabla3[[#This Row],[Cantidad]]*Tabla3[[#This Row],[Cortes]] -> 2430.8219 | U43: =IF(X43="VIgente",(T43/(1+O43)^((R43-$U$5)/365))) -> 2342.416 | V43: =IF(X43="VIgente",(T43/(1+O43)^((R43-$V$5)/365))) -> 2342.0028 | W43: =IF(Tabla3[[#This Row],[Fecha de operación]]=$C$1,0,U43-V43) -> 0.41319405 | X43: =IF(R43<=$U$5,"Vencido","Vigente") -> Vigente | Z43: =+R43-$U$5 -> 210 | AA43: =AA42 -> 2.7882997 | AB43: =AB42 -> 2.7426971 | AC43: Familiar CB | AD43: Cupón de Interés | AG43: =+IF(Tabla3[[#This Row],[Amortización k | cupón de intereses]]="Amortización de K",Tabla3[[#This Row],[Valor Nominal]],0) -> 0 | AH43: =+IF(AND(Tabla3[[#This Row],[Amortización k | cupón de intereses]]="Cupón de interés",Tabla3[[#This Row],[Estado]]="Vigente"),Tabla3[[#This Row],[Valor Nominal]],0) -> 2430.8219 | AI43: =+IF(Tabla3[[#This Row],[Amortización k | cupón de intereses]]="Amortización de K",SUMIFS($AH$7:$AH$557,Tabla3[Código Emisión],Tabla3[[#This Row],[Código Emisión]],Tabla3[Fecha de operación],Tabla3[[#This Row],[Fecha de operación]]),0)-Tabla3[[#This Row],[Accrued]]*Tabla3[[#This Row],[Valor Nominal]] -> 0 | AJ43: =+IF(Tabla3[[#This Row],[Amortización k | cupón de intereses]]="Amortización de K",IF(Tabla3[[#This Row],[Precio Clean]]>1,Tabla3[[#This Row],[Valor Nominal]]*(Tabla3[[#This Row],[Precio Clean]]-1),0),0) -> 0 | AK43: =+IF(Tabla3[[#This Row],[Amortización k | cupón de intereses]]="Amortización de K",IF(Tabla3[[#This Row],[Precio Clean]]<1,Tabla3[[#This Row],[Valor Nominal]]*(Tabla3[[#This Row],[Precio Clean]]-1),0),0) -> 0 | AP43: =+AP8+AP15+AP22+AP29+AP36 -> 19360935 | AQ43: =+AQ8+AQ15+AQ22+AQ29+AQ36 -> 19360935 | AR43: =+AP43-AQ43 -> 0
B44: =+B43 -> Banco Basa SA | C44: =+C43 -> PYBAM01F0358 | D44: =+D43 -> Bonos Financieros | E44: =+E43 -> AA-py | F44: =+F43 -> Financiero | G44: =+G43 -> Paraguay | H44: =+H43 -> 150 | I44: 16.205479 | O44: =+O43 -> 0.066508695 | P44: =+P43 -> 0.06491147 | Q44: =+Q43 -> 45819 | R44: 46231 | S44: USD | T44: =Tabla3[[#This Row],[Cantidad]]*Tabla3[[#This Row],[Cortes]] -> 2430.8219 | U44: =IF(X44="VIgente",(T44/(1+O44)^((R44-$U$5)/365))) -> 2380.3234 | V44: =IF(X44="VIgente",(T44/(1+O44)^((R44-$V$5)/365))) -> 2379.9035 | W44: =IF(Tabla3[[#This Row],[Fecha de operación]]=$C$1,0,U44-V44) -> 0.41988079 | X44: =IF(R44<=$U$5,"Vencido","Vigente") -> Vigente | Z44: =+R44-$U$5 -> 119 | AA44: =AA43 -> 2.7882997 | AB44: =AB43 -> 2.7426971 | AC44: Familiar CB | AD44: Cupón de Interés | AG44: =+IF(Tabla3[[#This Row],[Amortización k | cupón de intereses]]="Amortización de K",Tabla3[[#This Row],[Valor Nominal]],0) -> 0 | AH44: =+IF(AND(Tabla3[[#This Row],[Amortización k | cupón de intereses]]="Cupón de interés",Tabla3[[#This Row],[Estado]]="Vigente"),Tabla3[[#This Row],[Valor Nominal]],0) -> 2430.8219 | AI44: =+IF(Tabla3[[#This Row],[Amortización k | cupón de intereses]]="Amortización de K",SUMIFS($AH$7:$AH$557,Tabla3[Código Emisión],Tabla3[[#This Row],[Código Emisión]],Tabla3[Fecha de operación],Tabla3[[#This Row],[Fecha de operación]]),0)-Tabla3[[#This Row],[Accrued]]*Tabla3[[#This Row],[Valor Nominal]] -> 0 | AJ44: =+IF(Tabla3[[#This Row],[Amortización k | cupón de intereses]]="Amortización de K",IF(Tabla3[[#This Row],[Precio Clean]]>1,Tabla3[[#This Row],[Valor Nominal]]*(Tabla3[[#This Row],[Precio Clean]]-1),0),0) -> 0 | AK44: =+IF(Tabla3[[#This Row],[Amortización k | cupón de intereses]]="Amortización de K",IF(Tabla3[[#This Row],[Precio Clean]]<1,Tabla3[[#This Row],[Valor Nominal]]*(Tabla3[[#This Row],[Precio Clean]]-1),0),0) -> 0 | AP44: =+AL5-AP43 -> 0
B45: =+B44 -> Banco Basa SA | C45: =+C44 -> PYBAM01F0358 | D45: =+D44 -> Bonos Financieros | E45: =+E44 -> AA-py | F45: =+F44 -> Financiero | G45: =+G44 -> Paraguay | H45: =+H44 -> 150 | I45: 16.205479 | O45: =+O44 -> 0.066508695 | P45: =+P44 -> 0.06491147 | Q45: =+Q44 -> 45819 | R45: 46140 | S45: USD | T45: =Tabla3[[#This Row],[Cantidad]]*Tabla3[[#This Row],[Cortes]] -> 2430.8219 | U45: =IF(X45="VIgente",(T45/(1+O45)^((R45-$U$5)/365))) -> 2418.8443 | V45: =IF(X45="VIgente",(T45/(1+O45)^((R45-$V$5)/365))) -> 2418.4176 | W45: =IF(Tabla3[[#This Row],[Fecha de operación]]=$C$1,0,U45-V45) -> 0.42667574 | X45: =IF(R45<=$U$5,"Vencido","Vigente") -> Vigente | Z45: =+R45-$U$5 -> 28 | AA45: =AA44 -> 2.7882997 | AB45: =AB44 -> 2.7426971 | AC45: Familiar CB | AD45: Cupón de Interés | AG45: =+IF(Tabla3[[#This Row],[Amortización k | cupón de intereses]]="Amortización de K",Tabla3[[#This Row],[Valor Nominal]],0) -> 0 | AH45: =+IF(AND(Tabla3[[#This Row],[Amortización k | cupón de intereses]]="Cupón de interés",Tabla3[[#This Row],[Estado]]="Vigente"),Tabla3[[#This Row],[Valor Nominal]],0) -> 2430.8219 | AI45: =+IF(Tabla3[[#This Row],[Amortización k | cupón de intereses]]="Amortización de K",SUMIFS($AH$7:$AH$557,Tabla3[Código Emisión],Tabla3[[#This Row],[Código Emisión]],Tabla3[Fecha de operación],Tabla3[[#This Row],[Fecha de operación]]),0)-Tabla3[[#This Row],[Accrued]]*Tabla3[[#This Row],[Valor Nominal]] -> 0 | AJ45: =+IF(Tabla3[[#This Row],[Amortización k | cupón de intereses]]="Amortización de K",IF(Tabla3[[#This Row],[Precio Clean]]>1,Tabla3[[#This Row],[Valor Nominal]]*(Tabla3[[#This Row],[Precio Clean]]-1),0),0) -> 0 | AK45: =+IF(Tabla3[[#This Row],[Amortización k | cupón de intereses]]="Amortización de K",IF(Tabla3[[#This Row],[Precio Clean]]<1,Tabla3[[#This Row],[Valor Nominal]]*(Tabla3[[#This Row],[Precio Clean]]-1),0),0) -> 0
B46: =+B45 -> Banco Basa SA | C46: =+C45 -> PYBAM01F0358 | D46: =+D45 -> Bonos Financieros | E46: =+E45 -> AA-py | F46: =+F45 -> Financiero | G46: =+G45 -> Paraguay | H46: =+H45 -> 150 | I46: 16.205479 | O46: =+O45 -> 0.066508695 | P46: =+P45 -> 0.06491147 | Q46: =+Q45 -> 45819 | R46: 46049 | S46: USD | T46: =Tabla3[[#This Row],[Cantidad]]*Tabla3[[#This Row],[Cortes]] -> 2430.8219 | U46: =IF(X46="VIgente",(T46/(1+O46)^((R46-$U$5)/365))) -> FALSE | V46: =IF(X46="VIgente",(T46/(1+O46)^((R46-$V$5)/365))) -> FALSE | W46: =IF(Tabla3[[#This Row],[Fecha de operación]]=$C$1,0,U46-V46) -> 0 | X46: =IF(R46<=$U$5,"Vencido","Vigente") -> Vencido | Z46: =+R46-$U$5 -> -63 | AA46: =AA45 -> 2.7882997 | AB46: =AB45 -> 2.7426971 | AC46: Familiar CB | AD46: Cupón de Interés | AG46: =+IF(Tabla3[[#This Row],[Amortización k | cupón de intereses]]="Amortización de K",Tabla3[[#This Row],[Valor Nominal]],0) -> 0 | AH46: =+IF(AND(Tabla3[[#This Row],[Amortización k | cupón de intereses]]="Cupón de interés",Tabla3[[#This Row],[Estado]]="Vigente"),Tabla3[[#This Row],[Valor Nominal]],0) -> 0 | AI46: =+IF(Tabla3[[#This Row],[Amortización k | cupón de intereses]]="Amortización de K",SUMIFS($AH$7:$AH$557,Tabla3[Código Emisión],Tabla3[[#This Row],[Código Emisión]],Tabla3[Fecha de operación],Tabla3[[#This Row],[Fecha de operación]]),0)-Tabla3[[#This Row],[Accrued]]*Tabla3[[#This Row],[Valor Nominal]] -> 0 | AJ46: =+IF(Tabla3[[#This Row],[Amortización k | cupón de intereses]]="Amortización de K",IF(Tabla3[[#This Row],[Precio Clean]]>1,Tabla3[[#This Row],[Valor Nominal]]*(Tabla3[[#This Row],[Precio Clean]]-1),0),0) -> 0 | AK46: =+IF(Tabla3[[#This Row],[Amortización k | cupón de intereses]]="Amortización de K",IF(Tabla3[[#This Row],[Precio Clean]]<1,Tabla3[[#This Row],[Valor Nominal]]*(Tabla3[[#This Row],[Precio Clean]]-1),0),0) -> 0
B47: =+B46 -> Banco Basa SA | C47: =+C46 -> PYBAM01F0358 | D47: =+D46 -> Bonos Financieros | E47: =+E46 -> AA-py | F47: =+F46 -> Financiero | G47: =+G46 -> Paraguay | H47: =+H46 -> 150 | I47: 16.205479 | O47: =+O46 -> 0.066508695 | P47: =+P46 -> 0.06491147 | Q47: =+Q46 -> 45819 | R47: 45958 | S47: USD | T47: =Tabla3[[#This Row],[Cantidad]]*Tabla3[[#This Row],[Cortes]] -> 2430.8219 | U47: =IF(X47="VIgente",(T47/(1+O47)^((R47-$U$5)/365))) -> FALSE | V47: =IF(X47="VIgente",(T47/(1+O47)^((R47-$V$5)/365))) -> FALSE | W47: =IF(Tabla3[[#This Row],[Fecha de operación]]=$C$1,0,U47-V47) -> 0 | X47: =IF(R47<=$U$5,"Vencido","Vigente") -> Vencido | Z47: =+R47-$U$5 -> -154 | AA47: =AA46 -> 2.7882997 | AB47: =AB46 -> 2.7426971 | AC47: Familiar CB | AD47: Cupón de Interés | AG47: =+IF(Tabla3[[#This Row],[Amortización k | cupón de intereses]]="Amortización de K",Tabla3[[#This Row],[Valor Nominal]],0) -> 0 | AH47: =+IF(AND(Tabla3[[#This Row],[Amortización k | cupón de intereses]]="Cupón de interés",Tabla3[[#This Row],[Estado]]="Vigente"),Tabla3[[#This Row],[Valor Nominal]],0) -> 0 | AI47: =+IF(Tabla3[[#This Row],[Amortización k | cupón de intereses]]="Amortización de K",SUMIFS($AH$7:$AH$557,Tabla3[Código Emisión],Tabla3[[#This Row],[Código Emisión]],Tabla3[Fecha de operación],Tabla3[[#This Row],[Fecha de operación]]),0)-Tabla3[[#This Row],[Accrued]]*Tabla3[[#This Row],[Valor Nominal]] -> 0 | AJ47: =+IF(Tabla3[[#This Row],[Amortización k | cupón de intereses]]="Amortización de K",IF(Tabla3[[#This Row],[Precio Clean]]>1,Tabla3[[#This Row],[Valor Nominal]]*(Tabla3[[#This Row],[Precio Clean]]-1),0),0) -> 0 | AK47: =+IF(Tabla3[[#This Row],[Amortización k | cupón de intereses]]="Amortización de K",IF(Tabla3[[#This Row],[Precio Clean]]<1,Tabla3[[#This Row],[Valor Nominal]]*(Tabla3[[#This Row],[Precio Clean]]-1),0),0) -> 0
A48: =+A32+1 -> 4 | B48: Banco Nacional de Fomento | C48: BNF_6,45%_200927_BB1790-1794_200K | D48: CDA | E48: AA+py | F48: Financiero | G48: Paraguay | H48: 1 | I48: 200000 | J48: 0.0645 | K48: =_xlfn.MAXIFS(R:R,C:C,C48,AD:AD,"Cupón de interés",X:X,"Vencido") -> 46100 | L48: =+Tabla3[[#This Row],[Tasa de Interés]]*($U$5-Tabla3[[#This Row],[Last coupon]])/365 -> 0.0021205479 | M48: =+Tabla3[[#This Row],[Precio Dirty]]-Tabla3[[#This Row],[Accrued]] -> 1.0014071 | N48: =SUMIFS(U:U,C:C,C48,Q:Q,Q48)/SUMIFS(T:T,C:C,C48,Q:Q,Q48,AD:AD,"Amortización de K") -> 1.0035276 | O48: 0.064464328 | P48: 0.063452567 | Q48: 45821 | R48: 46650 | S48: USD | T48: =Tabla3[[#This Row],[Cantidad]]*Tabla3[[#This Row],[Cortes]] -> 200000 | U48: =IF(X48="VIgente",(T48/(1+O48)^((R48-$U$5)/365))) -> 182406.15 | V48: =IF(X48="VIgente",(T48/(1+O48)^((R48-$V$5)/365))) -> 182374.93 | W48: =IF(Tabla3[[#This Row],[Fecha de operación]]=$C$1,0,U48-V48) -> 31.217113 | X48: =IF(R48<=$U$5,"Vencido","Vigente") -> Vigente | Y48: Trimestral | Z48: =+R48-$U$5 -> 538 | AA48: =IF(Y48="Mensual",DURATION($C$1,$C$1+Z48*12,J48/12,O48/12,1)/12,DURATION($C$1,R48,J48,O48,IF(Y48="Cupón cero",1,IF(Y48="Al vencimiento",1,IF(Y48="Anual",1,IF(Y48="Semestral",2,IF(Y48="Trimestral",4,""))))))) -> 1.4111813 | AB48: =IF(Y48="Mensual",MDURATION($C$1,$C$1+Z48*12,J48/12,O48/12,1)/12,MDURATION($C$1,R48,J48,O48,IF(Y48="Cupón cero",1,IF(Y48="Al vencimiento",1,IF(Y48="Anual",1,IF(Y48="Semestral",2,IF(Y48="Trimestral",4,""))))))) -> 1.3887993 | AC48: Familiar CB | AD48: Amortización de K | AG48: =+IF(Tabla3[[#This Row],[Amortización k | cupón de intereses]]="Amortización de K",Tabla3[[#This Row],[Valor Nominal]],0) -> 200000 | AH48: =+IF(AND(Tabla3[[#This Row],[Amortización k | cupón de intereses]]="Cupón de interés",Tabla3[[#This Row],[Estado]]="Vigente"),Tabla3[[#This Row],[Valor Nominal]],0) -> 0 | AI48: =+IF(Tabla3[[#This Row],[Amortización k | cupón de intereses]]="Amortización de K",SUMIFS($AH$7:$AH$557,Tabla3[Código Emisión],Tabla3[[#This Row],[Código Emisión]],Tabla3[Fecha de operación],Tabla3[[#This Row],[Fecha de operación]]),0)-Tabla3[[#This Row],[Accrued]]*Tabla3[[#This Row],[Valor Nominal]] -> 19014.23 | AJ48: =+IF(Tabla3[[#This Row],[Amortización k | cupón de intereses]]="Amortización de K",IF(Tabla3[[#This Row],[Precio Clean]]>1,Tabla3[[#This Row],[Valor Nominal]]*(Tabla3[[#This Row],[Precio Clean]]-1),0),0) -> 281.41927 | AK48: =+IF(Tabla3[[#This Row],[Amortización k | cupón de intereses]]="Amortización de K",IF(Tabla3[[#This Row],[Precio Clean]]<1,Tabla3[[#This Row],[Valor Nominal]]*(Tabla3[[#This Row],[Precio Clean]]-1),0),0) -> 0
B49: =+B48 -> Banco Nacional de Fomento | C49: =+C48 -> BNF_6,45%_200927_BB1790-1794_200K | D49: =+D48 -> CDA | E49: =+E48 -> AA+py | F49: =+F48 -> Financiero | G49: =+G48 -> Paraguay | H49: =+H48 -> 1 | I49: 6538.35 | O49: =+O48 -> 0.064464328 | P49: =+P48 -> 0.063452567 | Q49: =+Q48 -> 45821 | R49: 46650 | S49: USD | T49: =Tabla3[[#This Row],[Cantidad]]*Tabla3[[#This Row],[Cortes]] -> 6538.35 | U49: =IF(X49="VIgente",(T49/(1+O49)^((R49-$U$5)/365))) -> 5963.1763 | V49: =IF(X49="VIgente",(T49/(1+O49)^((R49-$V$5)/365))) -> 5962.1558 | W49: =IF(Tabla3[[#This Row],[Fecha de operación]]=$C$1,0,U49-V49) -> 1.020542 | X49: =IF(R49<=$U$5,"Vencido","Vigente") -> Vigente | Z49: =+R49-$U$5 -> 538 | AA49: =AA48 -> 1.4111813 | AB49: =AB48 -> 1.3887993 | AC49: =+AC48 -> Familiar CB | AD49: Cupón de Interés | AG49: =+IF(Tabla3[[#This Row],[Amortización k | cupón de intereses]]="Amortización de K",Tabla3[[#This Row],[Valor Nominal]],0) -> 0 | AH49: =+IF(AND(Tabla3[[#This Row],[Amortización k | cupón de intereses]]="Cupón de interés",Tabla3[[#This Row],[Estado]]="Vigente"),Tabla3[[#This Row],[Valor Nominal]],0) -> 6538.35 | AI49: =+IF(Tabla3[[#This Row],[Amortización k | cupón de intereses]]="Amortización de K",SUMIFS($AH$7:$AH$557,Tabla3[Código Emisión],Tabla3[[#This Row],[Código Emisión]],Tabla3[Fecha de operación],Tabla3[[#This Row],[Fecha de operación]]),0)-Tabla3[[#This Row],[Accrued]]*Tabla3[[#This Row],[Valor Nominal]] -> 0 | AJ49: =+IF(Tabla3[[#This Row],[Amortización k | cupón de intereses]]="Amortización de K",IF(Tabla3[[#This Row],[Precio Clean]]>1,Tabla3[[#This Row],[Valor Nominal]]*(Tabla3[[#This Row],[Precio Clean]]-1),0),0) -> 0 | AK49: =+IF(Tabla3[[#This Row],[Amortización k | cupón de intereses]]="Amortización de K",IF(Tabla3[[#This Row],[Precio Clean]]<1,Tabla3[[#This Row],[Valor Nominal]]*(Tabla3[[#This Row],[Precio Clean]]-1),0),0) -> 0
B50: =+B49 -> Banco Nacional de Fomento | C50: =+C49 -> BNF_6,45%_200927_BB1790-1794_200K | D50: =+D49 -> CDA | E50: =+E49 -> AA+py | F50: =+F49 -> Financiero | G50: =+G49 -> Paraguay | H50: =+H49 -> 1 | I50: 6326.3 | O50: =+O49 -> 0.064464328 | P50: =+P49 -> 0.063452567 | Q50: =+Q49 -> 45821 | R50: 46465 | S50: USD | T50: =Tabla3[[#This Row],[Cantidad]]*Tabla3[[#This Row],[Cortes]] -> 6326.3 | U50: =IF(X50="VIgente",(T50/(1+O50)^((R50-$U$5)/365))) -> 5955.3961 | V50: =IF(X50="VIgente",(T50/(1+O50)^((R50-$V$5)/365))) -> 5954.3769 | W50: =IF(Tabla3[[#This Row],[Fecha de operación]]=$C$1,0,U50-V50) -> 1.0192105 | X50: =IF(R50<=$U$5,"Vencido","Vigente") -> Vigente | Z50: =+R50-$U$5 -> 353 | AA50: =AA49 -> 1.4111813 | AB50: =AB49 -> 1.3887993 | AC50: =+AC49 -> Familiar CB | AD50: Cupón de Interés | AG50: =+IF(Tabla3[[#This Row],[Amortización k | cupón de intereses]]="Amortización de K",Tabla3[[#This Row],[Valor Nominal]],0) -> 0 | AH50: =+IF(AND(Tabla3[[#This Row],[Amortización k | cupón de intereses]]="Cupón de interés",Tabla3[[#This Row],[Estado]]="Vigente"),Tabla3[[#This Row],[Valor Nominal]],0) -> 6326.3 | AI50: =+IF(Tabla3[[#This Row],[Amortización k | cupón de intereses]]="Amortización de K",SUMIFS($AH$7:$AH$557,Tabla3[Código Emisión],Tabla3[[#This Row],[Código Emisión]],Tabla3[Fecha de operación],Tabla3[[#This Row],[Fecha de operación]]),0)-Tabla3[[#This Row],[Accrued]]*Tabla3[[#This Row],[Valor Nominal]] -> 0 | AJ50: =+IF(Tabla3[[#This Row],[Amortización k | cupón de intereses]]="Amortización de K",IF(Tabla3[[#This Row],[Precio Clean]]>1,Tabla3[[#This Row],[Valor Nominal]]*(Tabla3[[#This Row],[Precio Clean]]-1),0),0) -> 0 | AK50: =+IF(Tabla3[[#This Row],[Amortización k | cupón de intereses]]="Amortización de K",IF(Tabla3[[#This Row],[Precio Clean]]<1,Tabla3[[#This Row],[Valor Nominal]]*(Tabla3[[#This Row],[Precio Clean]]-1),0),0) -> 0
B51: =+B50 -> Banco Nacional de Fomento | C51: =+C50 -> BNF_6,45%_200927_BB1790-1794_200K | D51: =+D50 -> CDA | E51: =+E50 -> AA+py | F51: =+F50 -> Financiero | G51: =+G50 -> Paraguay | H51: =+H50 -> 1 | I51: 6573.69 | O51: =+O50 -> 0.064464328 | P51: =+P50 -> 0.063452567 | Q51: =+Q50 -> 45821 | R51: 46286 | S51: USD | T51: =Tabla3[[#This Row],[Cantidad]]*Tabla3[[#This Row],[Cortes]] -> 6573.69 | U51: =IF(X51="VIgente",(T51/(1+O51)^((R51-$U$5)/365))) -> 6380.8052 | V51: =IF(X51="VIgente",(T51/(1+O51)^((R51-$V$5)/365))) -> 6379.7132 | W51: =IF(Tabla3[[#This Row],[Fecha de operación]]=$C$1,0,U51-V51) -> 1.0920153 | X51: =IF(R51<=$U$5,"Vencido","Vigente") -> Vigente | Z51: =+R51-$U$5 -> 174 | AA51: =AA50 -> 1.4111813 | AB51: =AB50 -> 1.3887993 | AC51: =+AC50 -> Familiar CB | AD51: Cupón de Interés | AG51: =+IF(Tabla3[[#This Row],[Amortización k | cupón de intereses]]="Amortización de K",Tabla3[[#This Row],[Valor Nominal]],0) -> 0 | AH51: =+IF(AND(Tabla3[[#This Row],[Amortización k | cupón de intereses]]="Cupón de interés",Tabla3[[#This Row],[Estado]]="Vigente"),Tabla3[[#This Row],[Valor Nominal]],0) -> 6573.69 | AI51: =+IF(Tabla3[[#This Row],[Amortización k | cupón de intereses]]="Amortización de K",SUMIFS($AH$7:$AH$557,Tabla3[Código Emisión],Tabla3[[#This Row],[Código Emisión]],Tabla3[Fecha de operación],Tabla3[[#This Row],[Fecha de operación]]),0)-Tabla3[[#This Row],[Accrued]]*Tabla3[[#This Row],[Valor Nominal]] -> 0 | AJ51: =+IF(Tabla3[[#This Row],[Amortización k | cupón de intereses]]="Amortización de K",IF(Tabla3[[#This Row],[Precio Clean]]>1,Tabla3[[#This Row],[Valor Nominal]]*(Tabla3[[#This Row],[Precio Clean]]-1),0),0) -> 0 | AK51: =+IF(Tabla3[[#This Row],[Amortización k | cupón de intereses]]="Amortización de K",IF(Tabla3[[#This Row],[Precio Clean]]<1,Tabla3[[#This Row],[Valor Nominal]]*(Tabla3[[#This Row],[Precio Clean]]-1),0),0) -> 0
B52: =+B51 -> Banco Nacional de Fomento | C52: =+C51 -> BNF_6,45%_200927_BB1790-1794_200K | D52: =+D51 -> CDA | E52: =+E51 -> AA+py | F52: =+F51 -> Financiero | G52: =+G51 -> Paraguay | H52: =+H51 -> 1 | I52: 6396.98 | O52: =+O51 -> 0.064464328 | P52: =+P51 -> 0.063452567 | Q52: =+Q51 -> 45821 | R52: 46100 | S52: USD | T52: =Tabla3[[#This Row],[Cantidad]]*Tabla3[[#This Row],[Cortes]] -> 6396.98 | U52: =IF(X52="VIgente",(T52/(1+O52)^((R52-$U$5)/365))) -> FALSE | V52: =IF(X52="VIgente",(T52/(1+O52)^((R52-$V$5)/365))) -> FALSE | W52: =IF(Tabla3[[#This Row],[Fecha de operación]]=$C$1,0,U52-V52) -> 0 | X52: =IF(R52<=$U$5,"Vencido","Vigente") -> Vencido | Z52: =+R52-$U$5 -> -12 | AA52: =AA51 -> 1.4111813 | AB52: =AB51 -> 1.3887993 | AC52: =+AC51 -> Familiar CB | AD52: Cupón de Interés | AG52: =+IF(Tabla3[[#This Row],[Amortización k | cupón de intereses]]="Amortización de K",Tabla3[[#This Row],[Valor Nominal]],0) -> 0 | AH52: =+IF(AND(Tabla3[[#This Row],[Amortización k | cupón de intereses]]="Cupón de interés",Tabla3[[#This Row],[Estado]]="Vigente"),Tabla3[[#This Row],[Valor Nominal]],0) -> 0 | AI52: =+IF(Tabla3[[#This Row],[Amortización k | cupón de intereses]]="Amortización de K",SUMIFS($AH$7:$AH$557,Tabla3[Código Emisión],Tabla3[[#This Row],[Código Emisión]],Tabla3[Fecha de operación],Tabla3[[#This Row],[Fecha de operación]]),0)-Tabla3[[#This Row],[Accrued]]*Tabla3[[#This Row],[Valor Nominal]] -> 0 | AJ52: =+IF(Tabla3[[#This Row],[Amortización k | cupón de intereses]]="Amortización de K",IF(Tabla3[[#This Row],[Precio Clean]]>1,Tabla3[[#This Row],[Valor Nominal]]*(Tabla3[[#This Row],[Precio Clean]]-1),0),0) -> 0 | AK52: =+IF(Tabla3[[#This Row],[Amortización k | cupón de intereses]]="Amortización de K",IF(Tabla3[[#This Row],[Precio Clean]]<1,Tabla3[[#This Row],[Valor Nominal]]*(Tabla3[[#This Row],[Precio Clean]]-1),0),0) -> 0
B53: =+B52 -> Banco Nacional de Fomento | C53: =+C52 -> BNF_6,45%_200927_BB1790-1794_200K | D53: =+D52 -> CDA | E53: =+E52 -> AA+py | F53: =+F52 -> Financiero | G53: =+G52 -> Paraguay | H53: =+H52 -> 1 | I53: 6503.01 | O53: =+O52 -> 0.064464328 | P53: =+P52 -> 0.063452567 | Q53: =+Q52 -> 45821 | R53: 45919 | S53: USD | T53: =Tabla3[[#This Row],[Cantidad]]*Tabla3[[#This Row],[Cortes]] -> 6503.01 | U53: =IF(X53="VIgente",(T53/(1+O53)^((R53-$U$5)/365))) -> FALSE | V53: =IF(X53="VIgente",(T53/(1+O53)^((R53-$V$5)/365))) -> FALSE | W53: =IF(Tabla3[[#This Row],[Fecha de operación]]=$C$1,0,U53-V53) -> 0 | X53: =IF(R53<=$U$5,"Vencido","Vigente") -> Vencido | Z53: =+R53-$U$5 -> -193 | AA53: =AA52 -> 1.4111813 | AB53: =AB52 -> 1.3887993 | AC53: =+AC52 -> Familiar CB | AD53: Cupón de Interés | AG53: =+IF(Tabla3[[#This Row],[Amortización k | cupón de intereses]]="Amortización de K",Tabla3[[#This Row],[Valor Nominal]],0) -> 0 | AH53: =+IF(AND(Tabla3[[#This Row],[Amortización k | cupón de intereses]]="Cupón de interés",Tabla3[[#This Row],[Estado]]="Vigente"),Tabla3[[#This Row],[Valor Nominal]],0) -> 0 | AI53: =+IF(Tabla3[[#This Row],[Amortización k | cupón de intereses]]="Amortización de K",SUMIFS($AH$7:$AH$557,Tabla3[Código Emisión],Tabla3[[#This Row],[Código Emisión]],Tabla3[Fecha de operación],Tabla3[[#This Row],[Fecha de operación]]),0)-Tabla3[[#This Row],[Accrued]]*Tabla3[[#This Row],[Valor Nominal]] -> 0 | AJ53: =+IF(Tabla3[[#This Row],[Amortización k | cupón de intereses]]="Amortización de K",IF(Tabla3[[#This Row],[Precio Clean]]>1,Tabla3[[#This Row],[Valor Nominal]]*(Tabla3[[#This Row],[Precio Clean]]-1),0),0) -> 0 | AK53: =+IF(Tabla3[[#This Row],[Amortización k | cupón de intereses]]="Amortización de K",IF(Tabla3[[#This Row],[Precio Clean]]<1,Tabla3[[#This Row],[Valor Nominal]]*(Tabla3[[#This Row],[Precio Clean]]-1),0),0) -> 0
A54: =+A48+1 -> 5 | B54: Solar Banco SAECA | C54: GSAF_6,40%_28122026_AA3247-56_50K | D54: CDA | E54: Apy | F54: Financiero | G54: Paraguay | H54: 3 | I54: 50000 | J54: 0.064 | K54: =_xlfn.MAXIFS(R:R,C:C,C54,AD:AD,"Cupón de interés",X:X,"Vencido") -> 46104 | L54: =+Tabla3[[#This Row],[Tasa de Interés]]*($U$5-Tabla3[[#This Row],[Last coupon]])/365 -> 0.0014027397 | M54: =+Tabla3[[#This Row],[Precio Dirty]]-Tabla3[[#This Row],[Accrued]] -> 1.0003516 | N54: =SUMIFS(U:U,C:C,C54,Q:Q,Q54)/SUMIFS(T:T,C:C,C54,Q:Q,Q54,AD:AD,"Amortización de K") -> 1.0017543 | O54: 0.065012875 | P54: =+NOMINAL(Tabla3[[#This Row],[YTM]],4) -> 0.06348542 | Q54: 45838 | R54: 46384 | S54: USD | T54: =Tabla3[[#This Row],[Cantidad]]*Tabla3[[#This Row],[Cortes]] -> 150000 | U54: =IF(X54="VIgente",(T54/(1+O54)^((R54-$U$5)/365))) -> 143121.96 | V54: =IF(X54="VIgente",(T54/(1+O54)^((R54-$V$5)/365))) -> 143097.26 | W54: =IF(Tabla3[[#This Row],[Fecha de operación]]=$C$1,0,U54-V54) -> 24.69597 | X54: =IF(R54<=$U$5,"Vencido","Vigente") -> Vigente | Y54: Trimestral | Z54: =+R54-$U$5 -> 272 | AA54: =IF(Y54="Mensual",DURATION($C$1,$C$1+Z54*12,J54/12,O54/12,1)/12,DURATION($C$1,R54,J54,O54,IF(Y54="Cupón cero",1,IF(Y54="Al vencimiento",1,IF(Y54="Anual",1,IF(Y54="Semestral",2,IF(Y54="Trimestral",4,""))))))) -> 0.72991289 | AB54: =IF(Y54="Mensual",MDURATION($C$1,$C$1+Z54*12,J54/12,O54/12,1)/12,MDURATION($C$1,R54,J54,O54,IF(Y54="Cupón cero",1,IF(Y54="Al vencimiento",1,IF(Y54="Anual",1,IF(Y54="Semestral",2,IF(Y54="Trimestral",4,""))))))) -> 0.71823919 | AC54: Familiar CB | AD54: Amortización de K | AG54: =+IF(Tabla3[[#This Row],[Amortización k | cupón de intereses]]="Amortización de K",Tabla3[[#This Row],[Valor Nominal]],0) -> 150000 | AH54: =+IF(AND(Tabla3[[#This Row],[Amortización k | cupón de intereses]]="Cupón de interés",Tabla3[[#This Row],[Estado]]="Vigente"),Tabla3[[#This Row],[Valor Nominal]],0) -> 0 | AI54: =+IF(Tabla3[[#This Row],[Amortización k | cupón de intereses]]="Amortización de K",SUMIFS($AH$7:$AH$557,Tabla3[Código Emisión],Tabla3[[#This Row],[Código Emisión]],Tabla3[Fecha de operación],Tabla3[[#This Row],[Fecha de operación]]),0)-Tabla3[[#This Row],[Accrued]]*Tabla3[[#This Row],[Valor Nominal]] -> 7153.959 | AJ54: =+IF(Tabla3[[#This Row],[Amortización k | cupón de intereses]]="Amortización de K",IF(Tabla3[[#This Row],[Precio Clean]]>1,Tabla3[[#This Row],[Valor Nominal]]*(Tabla3[[#This Row],[Precio Clean]]-1),0),0) -> 52.737287 | AK54: =+IF(Tabla3[[#This Row],[Amortización k | cupón de intereses]]="Amortización de K",IF(Tabla3[[#This Row],[Precio Clean]]<1,Tabla3[[#This Row],[Valor Nominal]]*(Tabla3[[#This Row],[Precio Clean]]-1),0),0) -> 0
B55: =+B54 -> Solar Banco SAECA | C55: =+C54 -> GSAF_6,40%_28122026_AA3247-56_50K | D55: =+D54 -> CDA | E55: =+E54 -> Apy | F55: =+F54 -> Financiero | G55: =+G54 -> Paraguay | H55: =+H54 -> 3 | I55: 894.24 | O55: =+O54 -> 0.065012875 | P55: =+P54 -> 0.06348542 | Q55: =+Q54 -> 45838 | R55: 46384 | S55: USD | T55: =Tabla3[[#This Row],[Cantidad]]*Tabla3[[#This Row],[Cortes]] -> 2682.72 | U55: =IF(X55="VIgente",(T55/(1+O55)^((R55-$U$5)/365))) -> 2559.7076 | V55: =IF(X55="VIgente",(T55/(1+O55)^((R55-$V$5)/365))) -> 2559.2659 | W55: =IF(Tabla3[[#This Row],[Fecha de operación]]=$C$1,0,U55-V55) -> 0.44168248 | X55: =IF(R55<=$U$5,"Vencido","Vigente") -> Vigente | Z55: =+R55-$U$5 -> 272 | AA55: =AA54 -> 0.72991289 | AB55: =AB54 -> 0.71823919 | AC55: =+AC54 -> Familiar CB | AD55: Cupón de Interés | AG55: =+IF(Tabla3[[#This Row],[Amortización k | cupón de intereses]]="Amortización de K",Tabla3[[#This Row],[Valor Nominal]],0) -> 0 | AH55: =+IF(AND(Tabla3[[#This Row],[Amortización k | cupón de intereses]]="Cupón de interés",Tabla3[[#This Row],[Estado]]="Vigente"),Tabla3[[#This Row],[Valor Nominal]],0) -> 2682.72 | AI55: =+IF(Tabla3[[#This Row],[Amortización k | cupón de intereses]]="Amortización de K",SUMIFS($AH$7:$AH$557,Tabla3[Código Emisión],Tabla3[[#This Row],[Código Emisión]],Tabla3[Fecha de operación],Tabla3[[#This Row],[Fecha de operación]]),0)-Tabla3[[#This Row],[Accrued]]*Tabla3[[#This Row],[Valor Nominal]] -> 0 | AJ55: =+IF(Tabla3[[#This Row],[Amortización k | cupón de intereses]]="Amortización de K",IF(Tabla3[[#This Row],[Precio Clean]]>1,Tabla3[[#This Row],[Valor Nominal]]*(Tabla3[[#This Row],[Precio Clean]]-1),0),0) -> 0 | AK55: =+IF(Tabla3[[#This Row],[Amortización k | cupón de intereses]]="Amortización de K",IF(Tabla3[[#This Row],[Precio Clean]]<1,Tabla3[[#This Row],[Valor Nominal]]*(Tabla3[[#This Row],[Precio Clean]]-1),0),0) -> 0
B56: =+B55 -> Solar Banco SAECA | C56: =+C55 -> GSAF_6,40%_28122026_AA3247-56_50K | D56: =+D55 -> CDA | E56: =+E55 -> Apy | F56: =+F55 -> Financiero | G56: =+G55 -> Paraguay | H56: =+H55 -> 3 | I56: 789.04 | O56: =+O55 -> 0.065012875 | P56: =+P55 -> 0.06348542 | Q56: =+Q55 -> 45838 | R56: 46282 | S56: USD | T56: =Tabla3[[#This Row],[Cantidad]]*Tabla3[[#This Row],[Cortes]] -> 2367.12 | U56: =IF(X56="VIgente",(T56/(1+O56)^((R56-$U$5)/365))) -> 2298.686 | V56: =IF(X56="VIgente",(T56/(1+O56)^((R56-$V$5)/365))) -> 2298.2894 | W56: =IF(Tabla3[[#This Row],[Fecha de operación]]=$C$1,0,U56-V56) -> 0.39664271 | X56: =IF(R56<=$U$5,"Vencido","Vigente") -> Vigente | Z56: =+R56-$U$5 -> 170 | AA56: =AA55 -> 0.72991289 | AB56: =AB55 -> 0.71823919 | AC56: =+AC55 -> Familiar CB | AD56: Cupón de Interés | AG56: =+IF(Tabla3[[#This Row],[Amortización k | cupón de intereses]]="Amortización de K",Tabla3[[#This Row],[Valor Nominal]],0) -> 0 | AH56: =+IF(AND(Tabla3[[#This Row],[Amortización k | cupón de intereses]]="Cupón de interés",Tabla3[[#This Row],[Estado]]="Vigente"),Tabla3[[#This Row],[Valor Nominal]],0) -> 2367.12 | AI56: =+IF(Tabla3[[#This Row],[Amortización k | cupón de intereses]]="Amortización de K",SUMIFS($AH$7:$AH$557,Tabla3[Código Emisión],Tabla3[[#This Row],[Código Emisión]],Tabla3[Fecha de operación],Tabla3[[#This Row],[Fecha de operación]]),0)-Tabla3[[#This Row],[Accrued]]*Tabla3[[#This Row],[Valor Nominal]] -> 0 | AJ56: =+IF(Tabla3[[#This Row],[Amortización k | cupón de intereses]]="Amortización de K",IF(Tabla3[[#This Row],[Precio Clean]]>1,Tabla3[[#This Row],[Valor Nominal]]*(Tabla3[[#This Row],[Precio Clean]]-1),0),0) -> 0 | AK56: =+IF(Tabla3[[#This Row],[Amortización k | cupón de intereses]]="Amortización de K",IF(Tabla3[[#This Row],[Precio Clean]]<1,Tabla3[[#This Row],[Valor Nominal]]*(Tabla3[[#This Row],[Precio Clean]]-1),0),0) -> 0
B57: =+B56 -> Solar Banco SAECA | C57: =+C56 -> GSAF_6,40%_28122026_AA3247-56_50K | D57: =+D56 -> CDA | E57: =+E56 -> Apy | F57: =+F56 -> Financiero | G57: =+G56 -> Paraguay | H57: =+H56 -> 3 | I57: 771.51 | O57: =+O56 -> 0.065012875 | P57: =+P56 -> 0.06348542 | Q57: =+Q56 -> 45838 | R57: 46192 | S57: USD | T57: =Tabla3[[#This Row],[Cantidad]]*Tabla3[[#This Row],[Cortes]] -> 2314.53 | U57: =IF(X57="VIgente",(T57/(1+O57)^((R57-$U$5)/365))) -> 2282.7967 | V57: =IF(X57="VIgente",(T57/(1+O57)^((R57-$V$5)/365))) -> 2282.4028 | W57: =IF(Tabla3[[#This Row],[Fecha de operación]]=$C$1,0,U57-V57) -> 0.39390097 | X57: =IF(R57<=$U$5,"Vencido","Vigente") -> Vigente | Z57: =+R57-$U$5 -> 80 | AA57: =AA56 -> 0.72991289 | AB57: =AB56 -> 0.71823919 | AC57: =+AC56 -> Familiar CB | AD57: Cupón de Interés | AG57: =+IF(Tabla3[[#This Row],[Amortización k | cupón de intereses]]="Amortización de K",Tabla3[[#This Row],[Valor Nominal]],0) -> 0 | AH57: =+IF(AND(Tabla3[[#This Row],[Amortización k | cupón de intereses]]="Cupón de interés",Tabla3[[#This Row],[Estado]]="Vigente"),Tabla3[[#This Row],[Valor Nominal]],0) -> 2314.53 | AI57: =+IF(Tabla3[[#This Row],[Amortización k | cupón de intereses]]="Amortización de K",SUMIFS($AH$7:$AH$557,Tabla3[Código Emisión],Tabla3[[#This Row],[Código Emisión]],Tabla3[Fecha de operación],Tabla3[[#This Row],[Fecha de operación]]),0)-Tabla3[[#This Row],[Accrued]]*Tabla3[[#This Row],[Valor Nominal]] -> 0 | AJ57: =+IF(Tabla3[[#This Row],[Amortización k | cupón de intereses]]="Amortización de K",IF(Tabla3[[#This Row],[Precio Clean]]>1,Tabla3[[#This Row],[Valor Nominal]]*(Tabla3[[#This Row],[Precio Clean]]-1),0),0) -> 0 | AK57: =+IF(Tabla3[[#This Row],[Amortización k | cupón de intereses]]="Amortización de K",IF(Tabla3[[#This Row],[Precio Clean]]<1,Tabla3[[#This Row],[Valor Nominal]]*(Tabla3[[#This Row],[Precio Clean]]-1),0),0) -> 0
B58: =+B57 -> Solar Banco SAECA | C58: =+C57 -> GSAF_6,40%_28122026_AA3247-56_50K | D58: =+D57 -> CDA | E58: =+E57 -> Apy | F58: =+F57 -> Financiero | G58: =+G57 -> Paraguay | H58: =+H57 -> 3 | I58: 797.81 | O58: =+O57 -> 0.065012875 | P58: =+P57 -> 0.06348542 | Q58: =+Q57 -> 45838 | R58: 46104 | S58: USD | T58: =Tabla3[[#This Row],[Cantidad]]*Tabla3[[#This Row],[Cortes]] -> 2393.43 | U58: =IF(X58="VIgente",(T58/(1+O58)^((R58-$U$5)/365))) -> FALSE | V58: =IF(X58="VIgente",(T58/(1+O58)^((R58-$V$5)/365))) -> FALSE | W58: =IF(Tabla3[[#This Row],[Fecha de operación]]=$C$1,0,U58-V58) -> 0 | X58: =IF(R58<=$U$5,"Vencido","Vigente") -> Vencido | Z58: =+R58-$U$5 -> -8 | AA58: =AA57 -> 0.72991289 | AB58: =AB57 -> 0.71823919 | AC58: =+AC57 -> Familiar CB | AD58: Cupón de Interés | AG58: =+IF(Tabla3[[#This Row],[Amortización k | cupón de intereses]]="Amortización de K",Tabla3[[#This Row],[Valor Nominal]],0) -> 0 | AH58: =+IF(AND(Tabla3[[#This Row],[Amortización k | cupón de intereses]]="Cupón de interés",Tabla3[[#This Row],[Estado]]="Vigente"),Tabla3[[#This Row],[Valor Nominal]],0) -> 0 | AI58: =+IF(Tabla3[[#This Row],[Amortización k | cupón de intereses]]="Amortización de K",SUMIFS($AH$7:$AH$557,Tabla3[Código Emisión],Tabla3[[#This Row],[Código Emisión]],Tabla3[Fecha de operación],Tabla3[[#This Row],[Fecha de operación]]),0)-Tabla3[[#This Row],[Accrued]]*Tabla3[[#This Row],[Valor Nominal]] -> 0 | AJ58: =+IF(Tabla3[[#This Row],[Amortización k | cupón de intereses]]="Amortización de K",IF(Tabla3[[#This Row],[Precio Clean]]>1,Tabla3[[#This Row],[Valor Nominal]]*(Tabla3[[#This Row],[Precio Clean]]-1),0),0) -> 0 | AK58: =+IF(Tabla3[[#This Row],[Amortización k | cupón de intereses]]="Amortización de K",IF(Tabla3[[#This Row],[Precio Clean]]<1,Tabla3[[#This Row],[Valor Nominal]]*(Tabla3[[#This Row],[Precio Clean]]-1),0),0) -> 0
B59: =+B58 -> Solar Banco SAECA | C59: =+C58 -> GSAF_6,40%_28122026_AA3247-56_50K | D59: =+D58 -> CDA | E59: =+E58 -> Apy | F59: =+F58 -> Financiero | G59: =+G58 -> Paraguay | H59: =+H58 -> 3 | I59: 797.81 | O59: =+O58 -> 0.065012875 | P59: =+P58 -> 0.06348542 | Q59: =+Q58 -> 45838 | R59: 46013 | S59: USD | T59: =Tabla3[[#This Row],[Cantidad]]*Tabla3[[#This Row],[Cortes]] -> 2393.43 | U59: =IF(X59="VIgente",(T59/(1+O59)^((R59-$U$5)/365))) -> FALSE | V59: =IF(X59="VIgente",(T59/(1+O59)^((R59-$V$5)/365))) -> FALSE | W59: =IF(Tabla3[[#This Row],[Fecha de operación]]=$C$1,0,U59-V59) -> 0 | X59: =IF(R59<=$U$5,"Vencido","Vigente") -> Vencido | Z59: =+R59-$U$5 -> -99 | AA59: =AA58 -> 0.72991289 | AB59: =AB58 -> 0.71823919 | AC59: =+AC58 -> Familiar CB | AD59: Cupón de Interés | AG59: =+IF(Tabla3[[#This Row],[Amortización k | cupón de intereses]]="Amortización de K",Tabla3[[#This Row],[Valor Nominal]],0) -> 0 | AH59: =+IF(AND(Tabla3[[#This Row],[Amortización k | cupón de intereses]]="Cupón de interés",Tabla3[[#This Row],[Estado]]="Vigente"),Tabla3[[#This Row],[Valor Nominal]],0) -> 0 | AI59: =+IF(Tabla3[[#This Row],[Amortización k | cupón de intereses]]="Amortización de K",SUMIFS($AH$7:$AH$557,Tabla3[Código Emisión],Tabla3[[#This Row],[Código Emisión]],Tabla3[Fecha de operación],Tabla3[[#This Row],[Fecha de operación]]),0)-Tabla3[[#This Row],[Accrued]]*Tabla3[[#This Row],[Valor Nominal]] -> 0 | AJ59: =+IF(Tabla3[[#This Row],[Amortización k | cupón de intereses]]="Amortización de K",IF(Tabla3[[#This Row],[Precio Clean]]>1,Tabla3[[#This Row],[Valor Nominal]]*(Tabla3[[#This Row],[Precio Clean]]-1),0),0) -> 0 | AK59: =+IF(Tabla3[[#This Row],[Amortización k | cupón de intereses]]="Amortización de K",IF(Tabla3[[#This Row],[Precio Clean]]<1,Tabla3[[#This Row],[Valor Nominal]]*(Tabla3[[#This Row],[Precio Clean]]-1),0),0) -> 0
B60: =+B59 -> Solar Banco SAECA | C60: =+C59 -> GSAF_6,40%_28122026_AA3247-56_50K | D60: =+D59 -> CDA | E60: =+E59 -> Apy | F60: =+F59 -> Financiero | G60: =+G59 -> Paraguay | H60: =+H59 -> 3 | I60: 789.04 | O60: =+O59 -> 0.065012875 | P60: =+P59 -> 0.06348542 | Q60: =+Q59 -> 45838 | R60: 45922 | S60: USD | T60: =Tabla3[[#This Row],[Cantidad]]*Tabla3[[#This Row],[Cortes]] -> 2367.12 | U60: =IF(X60="VIgente",(T60/(1+O60)^((R60-$U$5)/365))) -> FALSE | V60: =IF(X60="VIgente",(T60/(1+O60)^((R60-$V$5)/365))) -> FALSE | W60: =IF(Tabla3[[#This Row],[Fecha de operación]]=$C$1,0,U60-V60) -> 0 | X60: =IF(R60<=$U$5,"Vencido","Vigente") -> Vencido | Z60: =+R60-$U$5 -> -190 | AA60: =AA59 -> 0.72991289 | AB60: =AB59 -> 0.71823919 | AC60: =+AC59 -> Familiar CB | AD60: Cupón de Interés | AG60: =+IF(Tabla3[[#This Row],[Amortización k | cupón de intereses]]="Amortización de K",Tabla3[[#This Row],[Valor Nominal]],0) -> 0 | AH60: =+IF(AND(Tabla3[[#This Row],[Amortización k | cupón de intereses]]="Cupón de interés",Tabla3[[#This Row],[Estado]]="Vigente"),Tabla3[[#This Row],[Valor Nominal]],0) -> 0 | AI60: =+IF(Tabla3[[#This Row],[Amortización k | cupón de intereses]]="Amortización de K",SUMIFS($AH$7:$AH$557,Tabla3[Código Emisión],Tabla3[[#This Row],[Código Emisión]],Tabla3[Fecha de operación],Tabla3[[#This Row],[Fecha de operación]]),0)-Tabla3[[#This Row],[Accrued]]*Tabla3[[#This Row],[Valor Nominal]] -> 0 | AJ60: =+IF(Tabla3[[#This Row],[Amortización k | cupón de intereses]]="Amortización de K",IF(Tabla3[[#This Row],[Precio Clean]]>1,Tabla3[[#This Row],[Valor Nominal]]*(Tabla3[[#This Row],[Precio Clean]]-1),0),0) -> 0 | AK60: =+IF(Tabla3[[#This Row],[Amortización k | cupón de intereses]]="Amortización de K",IF(Tabla3[[#This Row],[Precio Clean]]<1,Tabla3[[#This Row],[Valor Nominal]]*(Tabla3[[#This Row],[Precio Clean]]-1),0),0) -> 0
A61: =+A54+1 -> 6 | B61: Financiera FIC SAECA | C61: FIC_6,55%_11082026_AA1538_380K | D61: CDA | E61: A-py | F61: Financiero | G61: Paraguay | H61: 1 | I61: 380000 | J61: 0.0655 | K61: 45695 | L61: =+Tabla3[[#This Row],[Tasa de Interés]]*($U$5-Tabla3[[#This Row],[Last coupon]])/365 -> 0.074831507 | M61: =+Tabla3[[#This Row],[Precio Dirty]]-Tabla3[[#This Row],[Accrued]] -> 0.99857699 | N61: =SUMIFS(U:U,C:C,C61,Q:Q,Q61)/SUMIFS(T:T,C:C,C61,Q:Q,Q61,AD:AD,"Amortización de K") -> 1.0734085 | O61: 0.065995201 | P61: 0.066 | Q61: 45845 | R61: 46245 | S61: USD | T61: =Tabla3[[#This Row],[Cantidad]]*Tabla3[[#This Row],[Cortes]] -> 380000 | U61: =IF(X61="VIgente",(T61/(1+O61)^((R61-$U$5)/365))) -> 371253.06 | V61: =IF(X61="VIgente",(T61/(1+O61)^((R61-$V$5)/365))) -> 371188.06 | W61: =IF(Tabla3[[#This Row],[Fecha de operación]]=$C$1,0,U61-V61) -> 64.997998 | X61: =IF(R61<=$U$5,"Vencido","Vigente") -> Vigente | Y61: Al vencimiento | Z61: =+R61-$U$5 -> 133 | AA61: =IF(Y61="Mensual",DURATION($C$1,$C$1+Z61*12,J61/12,O61/12,1)/12,DURATION($C$1,R61,J61,O61,IF(Y61="Cupón cero",1,IF(Y61="Al vencimiento",1,IF(Y61="Anual",1,IF(Y61="Semestral",2,IF(Y61="Trimestral",4,""))))))) -> 0.36111111 | AB61: =IF(Y61="Mensual",MDURATION($C$1,$C$1+Z61*12,J61/12,O61/12,1)/12,MDURATION($C$1,R61,J61,O61,IF(Y61="Cupón cero",1,IF(Y61="Al vencimiento",1,IF(Y61="Anual",1,IF(Y61="Semestral",2,IF(Y61="Trimestral",4,""))))))) -> 0.33875491 | AC61: Familiar CB | AD61: Amortización de K | AG61: =+IF(Tabla3[[#This Row],[Amortización k | cupón de intereses]]="Amortización de K",Tabla3[[#This Row],[Valor Nominal]],0) -> 380000 | AH61: =+IF(AND(Tabla3[[#This Row],[Amortización k | cupón de intereses]]="Cupón de interés",Tabla3[[#This Row],[Estado]]="Vigente"),Tabla3[[#This Row],[Valor Nominal]],0) -> 0 | AI61: =+IF(Tabla3[[#This Row],[Amortización k | cupón de intereses]]="Amortización de K",SUMIFS($AH$7:$AH$557,Tabla3[Código Emisión],Tabla3[[#This Row],[Código Emisión]],Tabla3[Fecha de operación],Tabla3[[#This Row],[Fecha de operación]]),0)-Tabla3[[#This Row],[Accrued]]*Tabla3[[#This Row],[Valor Nominal]] -> 9069.5074 | AJ61: =+IF(Tabla3[[#This Row],[Amortización k | cupón de intereses]]="Amortización de K",IF(Tabla3[[#This Row],[Precio Clean]]>1,Tabla3[[#This Row],[Valor Nominal]]*(Tabla3[[#This Row],[Precio Clean]]-1),0),0) -> 0 | AK61: =+IF(Tabla3[[#This Row],[Amortización k | cupón de intereses]]="Amortización de K",IF(Tabla3[[#This Row],[Precio Clean]]<1,Tabla3[[#This Row],[Valor Nominal]]*(Tabla3[[#This Row],[Precio Clean]]-1),0),0) -> -540.74557
B62: =+B61 -> Financiera FIC SAECA | C62: =+C61 -> FIC_6,55%_11082026_AA1538_380K | D62: =+D61 -> CDA | E62: =+E61 -> A-py | F62: =+F61 -> Financiero | G62: =+G61 -> Paraguay | H62: =+H61 -> 1 | I62: 37505.48 | O62: =+O61 -> 0.065995201 | P62: =+P61 -> 0.066 | Q62: =+Q61 -> 45845 | R62: 46245 | S62: USD | T62: =Tabla3[[#This Row],[Cantidad]]*Tabla3[[#This Row],[Cortes]] -> 37505.48 | U62: =IF(X62="VIgente",(T62/(1+O62)^((R62-$U$5)/365))) -> 36642.169 | V62: =IF(X62="VIgente",(T62/(1+O62)^((R62-$V$5)/365))) -> 36635.754 | W62: =IF(Tabla3[[#This Row],[Fecha de operación]]=$C$1,0,U62-V62) -> 6.4152135 | X62: =IF(R62<=$U$5,"Vencido","Vigente") -> Vigente | Z62: =+R62-$U$5 -> 133 | AA62: =AA61 -> 0.36111111 | AB62: =AB61 -> 0.33875491 | AC62: =+AC61 -> Familiar CB | AD62: Cupón de Interés | AG62: =+IF(Tabla3[[#This Row],[Amortización k | cupón de intereses]]="Amortización de K",Tabla3[[#This Row],[Valor Nominal]],0) -> 0 | AH62: =+IF(AND(Tabla3[[#This Row],[Amortización k | cupón de intereses]]="Cupón de interés",Tabla3[[#This Row],[Estado]]="Vigente"),Tabla3[[#This Row],[Valor Nominal]],0) -> 37505.48 | AI62: =+IF(Tabla3[[#This Row],[Amortización k | cupón de intereses]]="Amortización de K",SUMIFS($AH$7:$AH$557,Tabla3[Código Emisión],Tabla3[[#This Row],[Código Emisión]],Tabla3[Fecha de operación],Tabla3[[#This Row],[Fecha de operación]]),0)-Tabla3[[#This Row],[Accrued]]*Tabla3[[#This Row],[Valor Nominal]] -> 0 | AJ62: =+IF(Tabla3[[#This Row],[Amortización k | cupón de intereses]]="Amortización de K",IF(Tabla3[[#This Row],[Precio Clean]]>1,Tabla3[[#This Row],[Valor Nominal]]*(Tabla3[[#This Row],[Precio Clean]]-1),0),0) -> 0 | AK62: =+IF(Tabla3[[#This Row],[Amortización k | cupón de intereses]]="Amortización de K",IF(Tabla3[[#This Row],[Precio Clean]]<1,Tabla3[[#This Row],[Valor Nominal]]*(Tabla3[[#This Row],[Precio Clean]]-1),0),0) -> 0
A63: =+A61+1 -> 7 | B63: Banco Nacional de Fomento | C63: BNF_6,45%_200927_BB1790-1794_200K | D63: CDA | E63: AA+py | F63: Financiero | G63: Paraguay | H63: 1 | I63: 200000 | J63: 0.0645 | K63: =_xlfn.MAXIFS(R:R,C:C,C63,AD:AD,"Cupón de interés",X:X,"Vencido") -> 46100 | L63: =+Tabla3[[#This Row],[Tasa de Interés]]*($U$5-Tabla3[[#This Row],[Last coupon]])/365 -> 0.0021205479 | M63: =+Tabla3[[#This Row],[Precio Dirty]]-Tabla3[[#This Row],[Accrued]] -> 1.0014074 | N63: =SUMIFS(U:U,C:C,C63,Q:Q,Q63)/SUMIFS(T:T,C:C,C63,Q:Q,Q63,AD:AD,"Amortización de K") -> 1.003528 | O63: 0.064464089 | P63: 0.063457801 | Q63: 45847 | R63: 46650 | S63: USD | T63: =Tabla3[[#This Row],[Cantidad]]*Tabla3[[#This Row],[Cortes]] -> 200000 | U63: =IF(X63="VIgente",(T63/(1+O63)^((R63-$U$5)/365))) -> 182406.21 | V63: =IF(X63="VIgente",(T63/(1+O63)^((R63-$V$5)/365))) -> 182374.99 | W63: =IF(Tabla3[[#This Row],[Fecha de operación]]=$C$1,0,U63-V63) -> 31.217011 | X63: =IF(R63<=$U$5,"Vencido","Vigente") -> Vigente | Y63: Trimestral | Z63: =+R63-$U$5 -> 538 | AA63: =IF(Y63="Mensual",DURATION($C$1,$C$1+Z63*12,J63/12,O63/12,1)/12,DURATION($C$1,R63,J63,O63,IF(Y63="Cupón cero",1,IF(Y63="Al vencimiento",1,IF(Y63="Anual",1,IF(Y63="Semestral",2,IF(Y63="Trimestral",4,""))))))) -> 1.4111813 | AB63: =IF(Y63="Mensual",MDURATION($C$1,$C$1+Z63*12,J63/12,O63/12,1)/12,MDURATION($C$1,R63,J63,O63,IF(Y63="Cupón cero",1,IF(Y63="Al vencimiento",1,IF(Y63="Anual",1,IF(Y63="Semestral",2,IF(Y63="Trimestral",4,""))))))) -> 1.3887994 | AC63: Familiar CB | AD63: Amortización de K | AG63: =+IF(Tabla3[[#This Row],[Amortización k | cupón de intereses]]="Amortización de K",Tabla3[[#This Row],[Valor Nominal]],0) -> 200000 | AH63: =+IF(AND(Tabla3[[#This Row],[Amortización k | cupón de intereses]]="Cupón de interés",Tabla3[[#This Row],[Estado]]="Vigente"),Tabla3[[#This Row],[Valor Nominal]],0) -> 0 | AI63: =+IF(Tabla3[[#This Row],[Amortización k | cupón de intereses]]="Amortización de K",SUMIFS($AH$7:$AH$557,Tabla3[Código Emisión],Tabla3[[#This Row],[Código Emisión]],Tabla3[Fecha de operación],Tabla3[[#This Row],[Fecha de operación]]),0)-Tabla3[[#This Row],[Accrued]]*Tabla3[[#This Row],[Valor Nominal]] -> 19014.23 | AJ63: =+IF(Tabla3[[#This Row],[Amortización k | cupón de intereses]]="Amortización de K",IF(Tabla3[[#This Row],[Precio Clean]]>1,Tabla3[[#This Row],[Valor Nominal]]*(Tabla3[[#This Row],[Precio Clean]]-1),0),0) -> 281.48343 | AK63: =+IF(Tabla3[[#This Row],[Amortización k | cupón de intereses]]="Amortización de K",IF(Tabla3[[#This Row],[Precio Clean]]<1,Tabla3[[#This Row],[Valor Nominal]]*(Tabla3[[#This Row],[Precio Clean]]-1),0),0) -> 0
B64: Banco Nacional de Fomento | C64: =+C63 -> BNF_6,45%_200927_BB1790-1794_200K | D64: CDA | E64: =+E63 -> AA+py | F64: Financiero | G64: Paraguay | H64: 1 | I64: 6538.35 | O64: =+O63 -> 0.064464089 | P64: =+P63 -> 0.063457801 | Q64: =+Q63 -> 45847 | R64: 46650 | S64: USD | T64: =Tabla3[[#This Row],[Cantidad]]*Tabla3[[#This Row],[Cortes]] -> 6538.35 | U64: =IF(X64="VIgente",(T64/(1+O64)^((R64-$U$5)/365))) -> 5963.1783 | V64: =IF(X64="VIgente",(T64/(1+O64)^((R64-$V$5)/365))) -> 5962.1577 | W64: =IF(Tabla3[[#This Row],[Fecha de operación]]=$C$1,0,U64-V64) -> 1.0205387 | X64: =IF(R64<=$U$5,"Vencido","Vigente") -> Vigente | Y64: Trimestral | Z64: =+R64-$U$5 -> 538 | AA64: =+AA63 -> 1.4111813 | AB64: =+AB63 -> 1.3887994 | AC64: Familiar CB | AD64: Cupón de Interés | AG64: =+IF(Tabla3[[#This Row],[Amortización k | cupón de intereses]]="Amortización de K",Tabla3[[#This Row],[Valor Nominal]],0) -> 0 | AH64: =+IF(AND(Tabla3[[#This Row],[Amortización k | cupón de intereses]]="Cupón de interés",Tabla3[[#This Row],[Estado]]="Vigente"),Tabla3[[#This Row],[Valor Nominal]],0) -> 6538.35 | AI64: =+IF(Tabla3[[#This Row],[Amortización k | cupón de intereses]]="Amortización de K",SUMIFS($AH$7:$AH$557,Tabla3[Código Emisión],Tabla3[[#This Row],[Código Emisión]],Tabla3[Fecha de operación],Tabla3[[#This Row],[Fecha de operación]]),0)-Tabla3[[#This Row],[Accrued]]*Tabla3[[#This Row],[Valor Nominal]] -> 0 | AJ64: =+IF(Tabla3[[#This Row],[Amortización k | cupón de intereses]]="Amortización de K",IF(Tabla3[[#This Row],[Precio Clean]]>1,Tabla3[[#This Row],[Valor Nominal]]*(Tabla3[[#This Row],[Precio Clean]]-1),0),0) -> 0 | AK64: =+IF(Tabla3[[#This Row],[Amortización k | cupón de intereses]]="Amortización de K",IF(Tabla3[[#This Row],[Precio Clean]]<1,Tabla3[[#This Row],[Valor Nominal]]*(Tabla3[[#This Row],[Precio Clean]]-1),0),0) -> 0
B65: Banco Nacional de Fomento | C65: =+C64 -> BNF_6,45%_200927_BB1790-1794_200K | D65: CDA | E65: =+E64 -> AA+py | F65: Financiero | G65: Paraguay | H65: 1 | I65: 6326.3 | O65: =+O64 -> 0.064464089 | P65: =+P64 -> 0.063457801 | Q65: =+Q64 -> 45847 | R65: 46465 | S65: USD | T65: =Tabla3[[#This Row],[Cantidad]]*Tabla3[[#This Row],[Cortes]] -> 6326.3 | U65: =IF(X65="VIgente",(T65/(1+O65)^((R65-$U$5)/365))) -> 5955.3974 | V65: =IF(X65="VIgente",(T65/(1+O65)^((R65-$V$5)/365))) -> 5954.3782 | W65: =IF(Tabla3[[#This Row],[Fecha de operación]]=$C$1,0,U65-V65) -> 1.0192071 | X65: =IF(R65<=$U$5,"Vencido","Vigente") -> Vigente | Y65: Trimestral | Z65: =+R65-$U$5 -> 353 | AA65: =+AA64 -> 1.4111813 | AB65: =+AB64 -> 1.3887994 | AC65: Familiar CB | AD65: Cupón de Interés | AG65: =+IF(Tabla3[[#This Row],[Amortización k | cupón de intereses]]="Amortización de K",Tabla3[[#This Row],[Valor Nominal]],0) -> 0 | AH65: =+IF(AND(Tabla3[[#This Row],[Amortización k | cupón de intereses]]="Cupón de interés",Tabla3[[#This Row],[Estado]]="Vigente"),Tabla3[[#This Row],[Valor Nominal]],0) -> 6326.3 | AI65: =+IF(Tabla3[[#This Row],[Amortización k | cupón de intereses]]="Amortización de K",SUMIFS($AH$7:$AH$557,Tabla3[Código Emisión],Tabla3[[#This Row],[Código Emisión]],Tabla3[Fecha de operación],Tabla3[[#This Row],[Fecha de operación]]),0)-Tabla3[[#This Row],[Accrued]]*Tabla3[[#This Row],[Valor Nominal]] -> 0 | AJ65: =+IF(Tabla3[[#This Row],[Amortización k | cupón de intereses]]="Amortización de K",IF(Tabla3[[#This Row],[Precio Clean]]>1,Tabla3[[#This Row],[Valor Nominal]]*(Tabla3[[#This Row],[Precio Clean]]-1),0),0) -> 0 | AK65: =+IF(Tabla3[[#This Row],[Amortización k | cupón de intereses]]="Amortización de K",IF(Tabla3[[#This Row],[Precio Clean]]<1,Tabla3[[#This Row],[Valor Nominal]]*(Tabla3[[#This Row],[Precio Clean]]-1),0),0) -> 0
B66: Banco Nacional de Fomento | C66: =+C65 -> BNF_6,45%_200927_BB1790-1794_200K | D66: CDA | E66: =+E65 -> AA+py | F66: Financiero | G66: Paraguay | H66: 1 | I66: 6573.69 | O66: =+O65 -> 0.064464089 | P66: =+P65 -> 0.063457801 | Q66: =+Q65 -> 45847 | R66: 46286 | S66: USD | T66: =Tabla3[[#This Row],[Cantidad]]*Tabla3[[#This Row],[Cortes]] -> 6573.69 | U66: =IF(X66="VIgente",(T66/(1+O66)^((R66-$U$5)/365))) -> 6380.8059 | V66: =IF(X66="VIgente",(T66/(1+O66)^((R66-$V$5)/365))) -> 6379.7138 | W66: =IF(Tabla3[[#This Row],[Fecha de operación]]=$C$1,0,U66-V66) -> 1.0920115 | X66: =IF(R66<=$U$5,"Vencido","Vigente") -> Vigente | Y66: Trimestral | Z66: =+R66-$U$5 -> 174 | AA66: =+AA65 -> 1.4111813 | AB66: =+AB65 -> 1.3887994 | AC66: Familiar CB | AD66: Cupón de Interés | AG66: =+IF(Tabla3[[#This Row],[Amortización k | cupón de intereses]]="Amortización de K",Tabla3[[#This Row],[Valor Nominal]],0) -> 0 | AH66: =+IF(AND(Tabla3[[#This Row],[Amortización k | cupón de intereses]]="Cupón de interés",Tabla3[[#This Row],[Estado]]="Vigente"),Tabla3[[#This Row],[Valor Nominal]],0) -> 6573.69 | AI66: =+IF(Tabla3[[#This Row],[Amortización k | cupón de intereses]]="Amortización de K",SUMIFS($AH$7:$AH$557,Tabla3[Código Emisión],Tabla3[[#This Row],[Código Emisión]],Tabla3[Fecha de operación],Tabla3[[#This Row],[Fecha de operación]]),0)-Tabla3[[#This Row],[Accrued]]*Tabla3[[#This Row],[Valor Nominal]] -> 0 | AJ66: =+IF(Tabla3[[#This Row],[Amortización k | cupón de intereses]]="Amortización de K",IF(Tabla3[[#This Row],[Precio Clean]]>1,Tabla3[[#This Row],[Valor Nominal]]*(Tabla3[[#This Row],[Precio Clean]]-1),0),0) -> 0 | AK66: =+IF(Tabla3[[#This Row],[Amortización k | cupón de intereses]]="Amortización de K",IF(Tabla3[[#This Row],[Precio Clean]]<1,Tabla3[[#This Row],[Valor Nominal]]*(Tabla3[[#This Row],[Precio Clean]]-1),0),0) -> 0
B67: Banco Nacional de Fomento | C67: =+C66 -> BNF_6,45%_200927_BB1790-1794_200K | D67: CDA | E67: =+E66 -> AA+py | F67: Financiero | G67: Paraguay | H67: 1 | I67: 6396.98 | O67: =+O66 -> 0.064464089 | P67: =+P66 -> 0.063457801 | Q67: =+Q66 -> 45847 | R67: 46100 | S67: USD | T67: =Tabla3[[#This Row],[Cantidad]]*Tabla3[[#This Row],[Cortes]] -> 6396.98 | U67: =IF(X67="VIgente",(T67/(1+O67)^((R67-$U$5)/365))) -> FALSE | V67: =IF(X67="VIgente",(T67/(1+O67)^((R67-$V$5)/365))) -> FALSE | W67: =IF(Tabla3[[#This Row],[Fecha de operación]]=$C$1,0,U67-V67) -> 0 | X67: =IF(R67<=$U$5,"Vencido","Vigente") -> Vencido | Y67: Trimestral | Z67: =+R67-$U$5 -> -12 | AA67: =+AA66 -> 1.4111813 | AB67: =+AB66 -> 1.3887994 | AC67: Familiar CB | AD67: Cupón de Interés | AG67: =+IF(Tabla3[[#This Row],[Amortización k | cupón de intereses]]="Amortización de K",Tabla3[[#This Row],[Valor Nominal]],0) -> 0 | AH67: =+IF(AND(Tabla3[[#This Row],[Amortización k | cupón de intereses]]="Cupón de interés",Tabla3[[#This Row],[Estado]]="Vigente"),Tabla3[[#This Row],[Valor Nominal]],0) -> 0 | AI67: =+IF(Tabla3[[#This Row],[Amortización k | cupón de intereses]]="Amortización de K",SUMIFS($AH$7:$AH$557,Tabla3[Código Emisión],Tabla3[[#This Row],[Código Emisión]],Tabla3[Fecha de operación],Tabla3[[#This Row],[Fecha de operación]]),0)-Tabla3[[#This Row],[Accrued]]*Tabla3[[#This Row],[Valor Nominal]] -> 0 | AJ67: =+IF(Tabla3[[#This Row],[Amortización k | cupón de intereses]]="Amortización de K",IF(Tabla3[[#This Row],[Precio Clean]]>1,Tabla3[[#This Row],[Valor Nominal]]*(Tabla3[[#This Row],[Precio Clean]]-1),0),0) -> 0 | AK67: =+IF(Tabla3[[#This Row],[Amortización k | cupón de intereses]]="Amortización de K",IF(Tabla3[[#This Row],[Precio Clean]]<1,Tabla3[[#This Row],[Valor Nominal]]*(Tabla3[[#This Row],[Precio Clean]]-1),0),0) -> 0
B68: Banco Nacional de Fomento | C68: =+C67 -> BNF_6,45%_200927_BB1790-1794_200K | D68: CDA | E68: =+E67 -> AA+py | F68: Financiero | G68: Paraguay | H68: 1 | I68: 6503.01 | O68: =+O67 -> 0.064464089 | P68: =+P67 -> 0.063457801 | Q68: =+Q67 -> 45847 | R68: 45919 | S68: USD | T68: =Tabla3[[#This Row],[Cantidad]]*Tabla3[[#This Row],[Cortes]] -> 6503.01 | U68: =IF(X68="VIgente",(T68/(1+O68)^((R68-$U$5)/365))) -> FALSE | V68: =IF(X68="VIgente",(T68/(1+O68)^((R68-$V$5)/365))) -> FALSE | W68: =IF(Tabla3[[#This Row],[Fecha de operación]]=$C$1,0,U68-V68) -> 0 | X68: =IF(R68<=$U$5,"Vencido","Vigente") -> Vencido | Y68: Trimestral | Z68: =+R68-$U$5 -> -193 | AA68: =+AA67 -> 1.4111813 | AB68: =+AB67 -> 1.3887994 | AC68: Familiar CB | AD68: Cupón de Interés | AG68: =+IF(Tabla3[[#This Row],[Amortización k | cupón de intereses]]="Amortización de K",Tabla3[[#This Row],[Valor Nominal]],0) -> 0 | AH68: =+IF(AND(Tabla3[[#This Row],[Amortización k | cupón de intereses]]="Cupón de interés",Tabla3[[#This Row],[Estado]]="Vigente"),Tabla3[[#This Row],[Valor Nominal]],0) -> 0 | AI68: =+IF(Tabla3[[#This Row],[Amortización k | cupón de intereses]]="Amortización de K",SUMIFS($AH$7:$AH$557,Tabla3[Código Emisión],Tabla3[[#This Row],[Código Emisión]],Tabla3[Fecha de operación],Tabla3[[#This Row],[Fecha de operación]]),0)-Tabla3[[#This Row],[Accrued]]*Tabla3[[#This Row],[Valor Nominal]] -> 0 | AJ68: =+IF(Tabla3[[#This Row],[Amortización k | cupón de intereses]]="Amortización de K",IF(Tabla3[[#This Row],[Precio Clean]]>1,Tabla3[[#This Row],[Valor Nominal]]*(Tabla3[[#This Row],[Precio Clean]]-1),0),0) -> 0 | AK68: =+IF(Tabla3[[#This Row],[Amortización k | cupón de intereses]]="Amortización de K",IF(Tabla3[[#This Row],[Precio Clean]]<1,Tabla3[[#This Row],[Valor Nominal]]*(Tabla3[[#This Row],[Precio Clean]]-1),0),0) -> 0
A69: =+A63+1 -> 8 | B69: Globo Comunicacao e Participacoes S.A. | C69: USP47777AA86 | D69: Bonos en el exterior | E69: BB+ Internacional | F69: Medios y telecomunicaciones | G69: Brasil | H69: 250 | I69: 1000 | J69: 0.05125 | K69: =_xlfn.MAXIFS(R:R,C:C,C69,AD:AD,"Cupón de interés",X:X,"Vencido") -> 46112 | L69: =+Tabla3[[#This Row],[Tasa de Interés]]*($U$5-Tabla3[[#This Row],[Last coupon]])/365 -> 0 | M69: =+Tabla3[[#This Row],[Precio Dirty]]-Tabla3[[#This Row],[Accrued]] -> 0.98589766 | N69: =SUMIFS(U:U,C:C,C69,Q:Q,Q69)/SUMIFS(T:T,C:C,C69,Q:Q,Q69,AD:AD,"Amortización de K") -> 0.98589766 | O69: 0.066193596 | P69: 0.066052426 | Q69: 45854 | R69: 46477 | S69: USD | T69: =Tabla3[[#This Row],[Cantidad]]*Tabla3[[#This Row],[Cortes]] -> 250000 | U69: =IF(X69="VIgente",(T69/(1+O69)^((R69-$U$5)/360))) -> 234270.35 | V69: =IF(X69="VIgente",(T69/(1+O69)^((R69-$V$5)/360))) -> 234228.64 | W69: =IF(Tabla3[[#This Row],[Fecha de operación]]=$C$1,0,U69-V69) -> 41.706118 | X69: =IF(R69<=$U$5,"Vencido","Vigente") -> Vigente | Y69: Semestral | Z69: =+R69-$U$5 -> 365 | AA69: =IF(Y69="Mensual",DURATION($C$1,$C$1+Z69*12,J69/12,O69/12,1)/12,DURATION($C$1,R69,J69,O69,IF(Y69="Cupón cero",1,IF(Y69="Al vencimiento",1,IF(Y69="Anual",1,IF(Y69="Semestral",2,IF(Y69="Trimestral",4,""))))))) -> 0.9874189 | AB69: =IF(Y69="Mensual",MDURATION($C$1,$C$1+Z69*12,J69/12,O69/12,1)/12,MDURATION($C$1,R69,J69,O69,IF(Y69="Cupón cero",1,IF(Y69="Al vencimiento",1,IF(Y69="Anual",1,IF(Y69="Semestral",2,IF(Y69="Trimestral",4,""))))))) -> 0.95578546 | AC69: Familiar CB | AD69: Amortización de K | AG69: =+IF(Tabla3[[#This Row],[Amortización k | cupón de intereses]]="Amortización de K",Tabla3[[#This Row],[Valor Nominal]],0) -> 250000 | AH69: =+IF(AND(Tabla3[[#This Row],[Amortización k | cupón de intereses]]="Cupón de interés",Tabla3[[#This Row],[Estado]]="Vigente"),Tabla3[[#This Row],[Valor Nominal]],0) -> 0 | AI69: =+IF(Tabla3[[#This Row],[Amortización k | cupón de intereses]]="Amortización de K",SUMIFS($AH$7:$AH$557,Tabla3[Código Emisión],Tabla3[[#This Row],[Código Emisión]],Tabla3[Fecha de operación],Tabla3[[#This Row],[Fecha de operación]]),0)-Tabla3[[#This Row],[Accrued]]*Tabla3[[#This Row],[Valor Nominal]] -> 12812.5 | AJ69: =+IF(Tabla3[[#This Row],[Amortización k | cupón de intereses]]="Amortización de K",IF(Tabla3[[#This Row],[Precio Clean]]>1,Tabla3[[#This Row],[Valor Nominal]]*(Tabla3[[#This Row],[Precio Clean]]-1),0),0) -> 0 | AK69: =+IF(Tabla3[[#This Row],[Amortización k | cupón de intereses]]="Amortización de K",IF(Tabla3[[#This Row],[Precio Clean]]<1,Tabla3[[#This Row],[Valor Nominal]]*(Tabla3[[#This Row],[Precio Clean]]-1),0),0) -> -3525.5842
B70: =+B69 -> Globo Comunicacao e Participacoes S.A. | C70: =+C69 -> USP47777AA86 | D70: =+D69 -> Bonos en el exterior | E70: =+E69 -> BB+ Internacional | F70: =+F69 -> Medios y telecomunicaciones | G70: =+G69 -> Brasil | H70: =+H69 -> 250 | I70: =2.5625*10 -> 25.625 | O70: =+O69 -> 0.066193596 | P70: =+P69 -> 0.066052426 | Q70: =+Q69 -> 45854 | R70: 46477 | S70: USD | T70: =Tabla3[[#This Row],[Cantidad]]*Tabla3[[#This Row],[Cortes]] -> 6406.25 | U70: =IF(X70="VIgente",(T70/(1+O70)^((R70-$U$5)/360))) -> 6003.1777 | V70: =IF(X70="VIgente",(T70/(1+O70)^((R70-$V$5)/360))) -> 6002.109 | W70: =IF(Tabla3[[#This Row],[Fecha de operación]]=$C$1,0,U70-V70) -> 1.0687193 | X70: =IF(R70<=$U$5,"Vencido","Vigente") -> Vigente | Z70: =+R70-$U$5 -> 365 | AA70: =AA69 -> 0.9874189 | AB70: =AB69 -> 0.95578546 | AC70: =+AC69 -> Familiar CB | AD70: Cupón de Interés | AG70: =+IF(Tabla3[[#This Row],[Amortización k | cupón de intereses]]="Amortización de K",Tabla3[[#This Row],[Valor Nominal]],0) -> 0 | AH70: =+IF(AND(Tabla3[[#This Row],[Amortización k | cupón de intereses]]="Cupón de interés",Tabla3[[#This Row],[Estado]]="Vigente"),Tabla3[[#This Row],[Valor Nominal]],0) -> 6406.25 | AI70: =+IF(Tabla3[[#This Row],[Amortización k | cupón de intereses]]="Amortización de K",SUMIFS($AH$7:$AH$557,Tabla3[Código Emisión],Tabla3[[#This Row],[Código Emisión]],Tabla3[Fecha de operación],Tabla3[[#This Row],[Fecha de operación]]),0)-Tabla3[[#This Row],[Accrued]]*Tabla3[[#This Row],[Valor Nominal]] -> 0 | AJ70: =+IF(Tabla3[[#This Row],[Amortización k | cupón de intereses]]="Amortización de K",IF(Tabla3[[#This Row],[Precio Clean]]>1,Tabla3[[#This Row],[Valor Nominal]]*(Tabla3[[#This Row],[Precio Clean]]-1),0),0) -> 0 | AK70: =+IF(Tabla3[[#This Row],[Amortización k | cupón de intereses]]="Amortización de K",IF(Tabla3[[#This Row],[Precio Clean]]<1,Tabla3[[#This Row],[Valor Nominal]]*(Tabla3[[#This Row],[Precio Clean]]-1),0),0) -> 0
B71: =+B70 -> Globo Comunicacao e Participacoes S.A. | C71: =+C70 -> USP47777AA86 | D71: =+D70 -> Bonos en el exterior | E71: =+E70 -> BB+ Internacional | F71: =+F70 -> Medios y telecomunicaciones | G71: =+G70 -> Brasil | H71: =+H70 -> 250 | I71: =2.5625*10 -> 25.625 | O71: =+O70 -> 0.066193596 | P71: =+P70 -> 0.066052426 | Q71: =+Q70 -> 45854 | R71: 46295 | S71: USD | T71: =Tabla3[[#This Row],[Cantidad]]*Tabla3[[#This Row],[Cortes]] -> 6406.25 | U71: =IF(X71="VIgente",(T71/(1+O71)^((R71-$U$5)/360))) -> 6200.8879 | V71: =IF(X71="VIgente",(T71/(1+O71)^((R71-$V$5)/360))) -> 6199.784 | W71: =IF(Tabla3[[#This Row],[Fecha de operación]]=$C$1,0,U71-V71) -> 1.1039168 | X71: =IF(R71<=$U$5,"Vencido","Vigente") -> Vigente | Z71: =+R71-$U$5 -> 183 | AA71: =AA70 -> 0.9874189 | AB71: =AB70 -> 0.95578546 | AC71: =+AC70 -> Familiar CB | AD71: Cupón de Interés | AG71: =+IF(Tabla3[[#This Row],[Amortización k | cupón de intereses]]="Amortización de K",Tabla3[[#This Row],[Valor Nominal]],0) -> 0 | AH71: =+IF(AND(Tabla3[[#This Row],[Amortización k | cupón de intereses]]="Cupón de interés",Tabla3[[#This Row],[Estado]]="Vigente"),Tabla3[[#This Row],[Valor Nominal]],0) -> 6406.25 | AI71: =+IF(Tabla3[[#This Row],[Amortización k | cupón de intereses]]="Amortización de K",SUMIFS($AH$7:$AH$557,Tabla3[Código Emisión],Tabla3[[#This Row],[Código Emisión]],Tabla3[Fecha de operación],Tabla3[[#This Row],[Fecha de operación]]),0)-Tabla3[[#This Row],[Accrued]]*Tabla3[[#This Row],[Valor Nominal]] -> 0 | AJ71: =+IF(Tabla3[[#This Row],[Amortización k | cupón de intereses]]="Amortización de K",IF(Tabla3[[#This Row],[Precio Clean]]>1,Tabla3[[#This Row],[Valor Nominal]]*(Tabla3[[#This Row],[Precio Clean]]-1),0),0) -> 0 | AK71: =+IF(Tabla3[[#This Row],[Amortización k | cupón de intereses]]="Amortización de K",IF(Tabla3[[#This Row],[Precio Clean]]<1,Tabla3[[#This Row],[Valor Nominal]]*(Tabla3[[#This Row],[Precio Clean]]-1),0),0) -> 0
B72: =+B71 -> Globo Comunicacao e Participacoes S.A. | C72: =+C71 -> USP47777AA86 | D72: =+D71 -> Bonos en el exterior | E72: =+E71 -> BB+ Internacional | F72: =+F71 -> Medios y telecomunicaciones | G72: =+G71 -> Brasil | H72: =+H71 -> 250 | I72: =2.5625*10 -> 25.625 | O72: =+O71 -> 0.066193596 | P72: =+P71 -> 0.066052426 | Q72: =+Q71 -> 45854 | R72: 46112 | S72: USD | T72: =Tabla3[[#This Row],[Cantidad]]*Tabla3[[#This Row],[Cortes]] -> 6406.25 | U72: =IF(X72="VIgente",(T72/(1+O72)^((R72-$U$5)/360))) -> FALSE | V72: =IF(X72="VIgente",(T72/(1+O72)^((R72-$V$5)/360))) -> FALSE | W72: =IF(Tabla3[[#This Row],[Fecha de operación]]=$C$1,0,U72-V72) -> 0 | X72: =IF(R72<=$U$5,"Vencido","Vigente") -> Vencido | Z72: =+R72-$U$5 -> 0 | AA72: =AA71 -> 0.9874189 | AB72: =AB71 -> 0.95578546 | AC72: =+AC71 -> Familiar CB | AD72: Cupón de Interés | AG72: =+IF(Tabla3[[#This Row],[Amortización k | cupón de intereses]]="Amortización de K",Tabla3[[#This Row],[Valor Nominal]],0) -> 0 | AH72: =+IF(AND(Tabla3[[#This Row],[Amortización k | cupón de intereses]]="Cupón de interés",Tabla3[[#This Row],[Estado]]="Vigente"),Tabla3[[#This Row],[Valor Nominal]],0) -> 0 | AI72: =+IF(Tabla3[[#This Row],[Amortización k | cupón de intereses]]="Amortización de K",SUMIFS($AH$7:$AH$557,Tabla3[Código Emisión],Tabla3[[#This Row],[Código Emisión]],Tabla3[Fecha de operación],Tabla3[[#This Row],[Fecha de operación]]),0)-Tabla3[[#This Row],[Accrued]]*Tabla3[[#This Row],[Valor Nominal]] -> 0 | AJ72: =+IF(Tabla3[[#This Row],[Amortización k | cupón de intereses]]="Amortización de K",IF(Tabla3[[#This Row],[Precio Clean]]>1,Tabla3[[#This Row],[Valor Nominal]]*(Tabla3[[#This Row],[Precio Clean]]-1),0),0) -> 0 | AK72: =+IF(Tabla3[[#This Row],[Amortización k | cupón de intereses]]="Amortización de K",IF(Tabla3[[#This Row],[Precio Clean]]<1,Tabla3[[#This Row],[Valor Nominal]]*(Tabla3[[#This Row],[Precio Clean]]-1),0),0) -> 0
B73: =+B72 -> Globo Comunicacao e Participacoes S.A. | C73: =+C72 -> USP47777AA86 | D73: =+D72 -> Bonos en el exterior | E73: =+E72 -> BB+ Internacional | F73: =+F72 -> Medios y telecomunicaciones | G73: =+G72 -> Brasil | H73: =+H72 -> 250 | I73: =2.5625*10 -> 25.625 | O73: =+O72 -> 0.066193596 | P73: =+P72 -> 0.066052426 | Q73: =+Q72 -> 45854 | R73: 45930 | S73: USD | T73: =Tabla3[[#This Row],[Cantidad]]*Tabla3[[#This Row],[Cortes]] -> 6406.25 | U73: =IF(X73="VIgente",(T73/(1+O73)^((R73-$U$5)/365))) -> FALSE | V73: =IF(X73="VIgente",(T73/(1+O73)^((R73-$V$5)/365))) -> FALSE | W73: =IF(Tabla3[[#This Row],[Fecha de operación]]=$C$1,0,U73-V73) -> 0 | X73: =IF(R73<=$U$5,"Vencido","Vigente") -> Vencido | Z73: =+R73-$U$5 -> -182 | AA73: =AA72 -> 0.9874189 | AB73: =AB72 -> 0.95578546 | AC73: =+AC72 -> Familiar CB | AD73: Cupón de Interés | AG73: =+IF(Tabla3[[#This Row],[Amortización k | cupón de intereses]]="Amortización de K",Tabla3[[#This Row],[Valor Nominal]],0) -> 0 | AH73: =+IF(AND(Tabla3[[#This Row],[Amortización k | cupón de intereses]]="Cupón de interés",Tabla3[[#This Row],[Estado]]="Vigente"),Tabla3[[#This Row],[Valor Nominal]],0) -> 0 | AI73: =+IF(Tabla3[[#This Row],[Amortización k | cupón de intereses]]="Amortización de K",SUMIFS($AH$7:$AH$557,Tabla3[Código Emisión],Tabla3[[#This Row],[Código Emisión]],Tabla3[Fecha de operación],Tabla3[[#This Row],[Fecha de operación]]),0)-Tabla3[[#This Row],[Accrued]]*Tabla3[[#This Row],[Valor Nominal]] -> 0 | AJ73: =+IF(Tabla3[[#This Row],[Amortización k | cupón de intereses]]="Amortización de K",IF(Tabla3[[#This Row],[Precio Clean]]>1,Tabla3[[#This Row],[Valor Nominal]]*(Tabla3[[#This Row],[Precio Clean]]-1),0),0) -> 0 | AK73: =+IF(Tabla3[[#This Row],[Amortización k | cupón de intereses]]="Amortización de K",IF(Tabla3[[#This Row],[Precio Clean]]<1,Tabla3[[#This Row],[Valor Nominal]]*(Tabla3[[#This Row],[Precio Clean]]-1),0),0) -> 0
A74: =+A69+1 -> 9 | B74: Banco Nacional de Fomento | C74: BNF_6,45%_210927_200K_BB1814-1820-2 | D74: CDA | E74: AA+py | F74: Financiero | G74: Paraguay | H74: =5-1-1 -> 3 | I74: 200000 | J74: 0.0645 | K74: =_xlfn.MAXIFS(R:R,C:C,C74,AD:AD,"Cupón de interés",X:X,"Vencido") -> 46101 | L74: =+Tabla3[[#This Row],[Tasa de Interés]]*($U$5-Tabla3[[#This Row],[Last coupon]])/365 -> 0.0019438356 | M74: =+Tabla3[[#This Row],[Precio Dirty]]-Tabla3[[#This Row],[Accrued]] -> 1.0012964 | N74: =SUMIFS(U:U,C:C,C74,Q:Q,Q74)/SUMIFS(T:T,C:C,C74,Q:Q,Q74,AD:AD,"Amortización de K") -> 1.0032402 | O74: 0.064554039 | P74: 0.063457801 | Q74: 45863 | R74: 46651 | S74: USD | T74: =Tabla3[[#This Row],[Cantidad]]*Tabla3[[#This Row],[Cortes]] -> 600000 | U74: =IF(X74="VIgente",(T74/(1+O74)^((R74-$U$5)/365))) -> 547056.72 | V74: =IF(X74="VIgente",(T74/(1+O74)^((R74-$V$5)/365))) -> 546962.97 | W74: =IF(Tabla3[[#This Row],[Fecha de operación]]=$C$1,0,U74-V74) -> 93.749946 | X74: =IF(R74<=$U$5,"Vencido","Vigente") -> Vigente | Y74: Semestral | Z74: =+R74-$U$5 -> 539 | AA74: =IF(Y74="Mensual",DURATION($C$1,$C$1+Z74*12,J74/12,O74/12,1)/12,DURATION($C$1,R74,J74,O74,IF(Y74="Cupón cero",1,IF(Y74="Al vencimiento",1,IF(Y74="Anual",1,IF(Y74="Semestral",2,IF(Y74="Trimestral",4,""))))))) -> 1.4258447 | AB74: =IF(Y74="Mensual",MDURATION($C$1,$C$1+Z74*12,J74/12,O74/12,1)/12,MDURATION($C$1,R74,J74,O74,IF(Y74="Cupón cero",1,IF(Y74="Al vencimiento",1,IF(Y74="Anual",1,IF(Y74="Semestral",2,IF(Y74="Trimestral",4,""))))))) -> 1.3812617 | AC74: Familiar CB | AD74: Amortización de K | AG74: =+IF(Tabla3[[#This Row],[Amortización k | cupón de intereses]]="Amortización de K",Tabla3[[#This Row],[Valor Nominal]],0) -> 600000 | AH74: =+IF(AND(Tabla3[[#This Row],[Amortización k | cupón de intereses]]="Cupón de interés",Tabla3[[#This Row],[Estado]]="Vigente"),Tabla3[[#This Row],[Valor Nominal]],0) -> 0 | AI74: =+IF(Tabla3[[#This Row],[Amortización k | cupón de intereses]]="Amortización de K",SUMIFS($AH$7:$AH$557,Tabla3[Código Emisión],Tabla3[[#This Row],[Código Emisión]],Tabla3[Fecha de operación],Tabla3[[#This Row],[Fecha de operación]]),0)-Tabla3[[#This Row],[Accrued]]*Tabla3[[#This Row],[Valor Nominal]] -> 57148.689 | AJ74: =+IF(Tabla3[[#This Row],[Amortización k | cupón de intereses]]="Amortización de K",IF(Tabla3[[#This Row],[Precio Clean]]>1,Tabla3[[#This Row],[Valor Nominal]]*(Tabla3[[#This Row],[Precio Clean]]-1),0),0) -> 777.84102 | AK74: =+IF(Tabla3[[#This Row],[Amortización k | cupón de intereses]]="Amortización de K",IF(Tabla3[[#This Row],[Precio Clean]]<1,Tabla3[[#This Row],[Valor Nominal]]*(Tabla3[[#This Row],[Precio Clean]]-1),0),0) -> 0
B75: Banco Nacional de Fomento | C75: =+C74 -> BNF_6,45%_210927_200K_BB1814-1820-2 | D75: CDA | E75: =+E74 -> AA+py | F75: Financiero | G75: Paraguay | H75: =+H74 -> 3 | I75: 35.34 | O75: =+O74 -> 0.064554039 | P75: =+P74 -> 0.063457801 | Q75: =+Q74 -> 45863 | R75: 46651 | S75: USD | T75: =Tabla3[[#This Row],[Cantidad]]*Tabla3[[#This Row],[Cortes]] -> 106.02 | U75: =IF(X75="VIgente",(T75/(1+O75)^((R75-$U$5)/365))) -> 96.664922 | V75: =IF(X75="VIgente",(T75/(1+O75)^((R75-$V$5)/365))) -> 96.648356 | W75: =IF(Tabla3[[#This Row],[Fecha de operación]]=$C$1,0,U75-V75) -> 0.016565615 | X75: =IF(R75<=$U$5,"Vencido","Vigente") -> Vigente | Y75: Trimestral | Z75: =+R75-$U$5 -> 539 | AA75: =+AA74 -> 1.4258447 | AB75: =+AB74 -> 1.3812617 | AC75: Familiar CB | AD75: Cupón de Interés | AG75: =+IF(Tabla3[[#This Row],[Amortización k | cupón de intereses]]="Amortización de K",Tabla3[[#This Row],[Valor Nominal]],0) -> 0 | AH75: =+IF(AND(Tabla3[[#This Row],[Amortización k | cupón de intereses]]="Cupón de interés",Tabla3[[#This Row],[Estado]]="Vigente"),Tabla3[[#This Row],[Valor Nominal]],0) -> 106.02 | AI75: =+IF(Tabla3[[#This Row],[Amortización k | cupón de intereses]]="Amortización de K",SUMIFS($AH$7:$AH$557,Tabla3[Código Emisión],Tabla3[[#This Row],[Código Emisión]],Tabla3[Fecha de operación],Tabla3[[#This Row],[Fecha de operación]]),0)-Tabla3[[#This Row],[Accrued]]*Tabla3[[#This Row],[Valor Nominal]] -> 0 | AJ75: =+IF(Tabla3[[#This Row],[Amortización k | cupón de intereses]]="Amortización de K",IF(Tabla3[[#This Row],[Precio Clean]]>1,Tabla3[[#This Row],[Valor Nominal]]*(Tabla3[[#This Row],[Precio Clean]]-1),0),0) -> 0 | AK75: =+IF(Tabla3[[#This Row],[Amortización k | cupón de intereses]]="Amortización de K",IF(Tabla3[[#This Row],[Precio Clean]]<1,Tabla3[[#This Row],[Valor Nominal]]*(Tabla3[[#This Row],[Precio Clean]]-1),0),0) -> 0
B76: Banco Nacional de Fomento | C76: =+C75 -> BNF_6,45%_210927_200K_BB1814-1820-2 | D76: CDA | E76: =+E75 -> AA+py | F76: Financiero | G76: Paraguay | H76: =+H75 -> 3 | I76: 6432.32 | O76: =+O75 -> 0.064554039 | P76: =+P75 -> 0.063457801 | Q76: =+Q75 -> 45863 | R76: 46650 | S76: USD | T76: =Tabla3[[#This Row],[Cantidad]]*Tabla3[[#This Row],[Cortes]] -> 19296.96 | U76: =IF(X76="VIgente",(T76/(1+O76)^((R76-$U$5)/365))) -> 17597.235 | V76: =IF(X76="VIgente",(T76/(1+O76)^((R76-$V$5)/365))) -> 17594.219 | W76: =IF(Tabla3[[#This Row],[Fecha de operación]]=$C$1,0,U76-V76) -> 3.0156651 | X76: =IF(R76<=$U$5,"Vencido","Vigente") -> Vigente | Y76: Trimestral | Z76: =+R76-$U$5 -> 538 | AA76: =+AA75 -> 1.4258447 | AB76: =+AB75 -> 1.3812617 | AC76: Familiar CB | AD76: Cupón de Interés | AG76: =+IF(Tabla3[[#This Row],[Amortización k | cupón de intereses]]="Amortización de K",Tabla3[[#This Row],[Valor Nominal]],0) -> 0 | AH76: =+IF(AND(Tabla3[[#This Row],[Amortización k | cupón de intereses]]="Cupón de interés",Tabla3[[#This Row],[Estado]]="Vigente"),Tabla3[[#This Row],[Valor Nominal]],0) -> 19296.96 | AI76: =+IF(Tabla3[[#This Row],[Amortización k | cupón de intereses]]="Amortización de K",SUMIFS($AH$7:$AH$557,Tabla3[Código Emisión],Tabla3[[#This Row],[Código Emisión]],Tabla3[Fecha de operación],Tabla3[[#This Row],[Fecha de operación]]),0)-Tabla3[[#This Row],[Accrued]]*Tabla3[[#This Row],[Valor Nominal]] -> 0 | AJ76: =+IF(Tabla3[[#This Row],[Amortización k | cupón de intereses]]="Amortización de K",IF(Tabla3[[#This Row],[Precio Clean]]>1,Tabla3[[#This Row],[Valor Nominal]]*(Tabla3[[#This Row],[Precio Clean]]-1),0),0) -> 0 | AK76: =+IF(Tabla3[[#This Row],[Amortización k | cupón de intereses]]="Amortización de K",IF(Tabla3[[#This Row],[Precio Clean]]<1,Tabla3[[#This Row],[Valor Nominal]]*(Tabla3[[#This Row],[Precio Clean]]-1),0),0) -> 0
B77: Banco Nacional de Fomento | C77: =+C76 -> BNF_6,45%_210927_200K_BB1814-1820-2 | D77: CDA | E77: =+E76 -> AA+py | F77: Financiero | G77: Paraguay | H77: =+H76 -> 3 | I77: 6432.32 | O77: =+O76 -> 0.064554039 | P77: =+P76 -> 0.063457801 | Q77: =+Q76 -> 45863 | R77: 46468 | S77: USD | T77: =Tabla3[[#This Row],[Cantidad]]*Tabla3[[#This Row],[Cortes]] -> 19296.96 | U77: =IF(X77="VIgente",(T77/(1+O77)^((R77-$U$5)/365))) -> 18154.783 | V77: =IF(X77="VIgente",(T77/(1+O77)^((R77-$V$5)/365))) -> 18151.672 | W77: =IF(Tabla3[[#This Row],[Fecha de operación]]=$C$1,0,U77-V77) -> 3.111213 | X77: =IF(R77<=$U$5,"Vencido","Vigente") -> Vigente | Y77: Trimestral | Z77: =+R77-$U$5 -> 356 | AA77: =+AA76 -> 1.4258447 | AB77: =+AB76 -> 1.3812617 | AC77: Familiar CB | AD77: Cupón de Interés | AG77: =+IF(Tabla3[[#This Row],[Amortización k | cupón de intereses]]="Amortización de K",Tabla3[[#This Row],[Valor Nominal]],0) -> 0 | AH77: =+IF(AND(Tabla3[[#This Row],[Amortización k | cupón de intereses]]="Cupón de interés",Tabla3[[#This Row],[Estado]]="Vigente"),Tabla3[[#This Row],[Valor Nominal]],0) -> 19296.96 | AI77: =+IF(Tabla3[[#This Row],[Amortización k | cupón de intereses]]="Amortización de K",SUMIFS($AH$7:$AH$557,Tabla3[Código Emisión],Tabla3[[#This Row],[Código Emisión]],Tabla3[Fecha de operación],Tabla3[[#This Row],[Fecha de operación]]),0)-Tabla3[[#This Row],[Accrued]]*Tabla3[[#This Row],[Valor Nominal]] -> 0 | AJ77: =+IF(Tabla3[[#This Row],[Amortización k | cupón de intereses]]="Amortización de K",IF(Tabla3[[#This Row],[Precio Clean]]>1,Tabla3[[#This Row],[Valor Nominal]]*(Tabla3[[#This Row],[Precio Clean]]-1),0),0) -> 0 | AK77: =+IF(Tabla3[[#This Row],[Amortización k | cupón de intereses]]="Amortización de K",IF(Tabla3[[#This Row],[Precio Clean]]<1,Tabla3[[#This Row],[Valor Nominal]]*(Tabla3[[#This Row],[Precio Clean]]-1),0),0) -> 0
B78: Banco Nacional de Fomento | C78: =+C77 -> BNF_6,45%_210927_200K_BB1814-1820-2 | D78: CDA | E78: =+E77 -> AA+py | F78: Financiero | G78: Paraguay | H78: =+H77 -> 3 | I78: 6538.35 | O78: =+O77 -> 0.064554039 | P78: =+P77 -> 0.063457801 | Q78: =+Q77 -> 45863 | R78: 46286 | S78: USD | T78: =Tabla3[[#This Row],[Cantidad]]*Tabla3[[#This Row],[Cortes]] -> 19615.05 | U78: =IF(X78="VIgente",(T78/(1+O78)^((R78-$U$5)/365))) -> 19038.741 | V78: =IF(X78="VIgente",(T78/(1+O78)^((R78-$V$5)/365))) -> 19035.479 | W78: =IF(Tabla3[[#This Row],[Fecha de operación]]=$C$1,0,U78-V78) -> 3.2626982 | X78: =IF(R78<=$U$5,"Vencido","Vigente") -> Vigente | Y78: Trimestral | Z78: =+R78-$U$5 -> 174 | AA78: =+AA77 -> 1.4258447 | AB78: =+AB77 -> 1.3812617 | AC78: Familiar CB | AD78: Cupón de Interés | AG78: =+IF(Tabla3[[#This Row],[Amortización k | cupón de intereses]]="Amortización de K",Tabla3[[#This Row],[Valor Nominal]],0) -> 0 | AH78: =+IF(AND(Tabla3[[#This Row],[Amortización k | cupón de intereses]]="Cupón de interés",Tabla3[[#This Row],[Estado]]="Vigente"),Tabla3[[#This Row],[Valor Nominal]],0) -> 19615.05 | AI78: =+IF(Tabla3[[#This Row],[Amortización k | cupón de intereses]]="Amortización de K",SUMIFS($AH$7:$AH$557,Tabla3[Código Emisión],Tabla3[[#This Row],[Código Emisión]],Tabla3[Fecha de operación],Tabla3[[#This Row],[Fecha de operación]]),0)-Tabla3[[#This Row],[Accrued]]*Tabla3[[#This Row],[Valor Nominal]] -> 0 | AJ78: =+IF(Tabla3[[#This Row],[Amortización k | cupón de intereses]]="Amortización de K",IF(Tabla3[[#This Row],[Precio Clean]]>1,Tabla3[[#This Row],[Valor Nominal]]*(Tabla3[[#This Row],[Precio Clean]]-1),0),0) -> 0 | AK78: =+IF(Tabla3[[#This Row],[Amortización k | cupón de intereses]]="Amortización de K",IF(Tabla3[[#This Row],[Precio Clean]]<1,Tabla3[[#This Row],[Valor Nominal]]*(Tabla3[[#This Row],[Precio Clean]]-1),0),0) -> 0
B79: Banco Nacional de Fomento | C79: =+C78 -> BNF_6,45%_210927_200K_BB1814-1820-2 | D79: CDA | E79: =+E78 -> AA+py | F79: Financiero | G79: Paraguay | H79: =+H78 -> 3 | I79: 6326.3 | O79: =+O78 -> 0.064554039 | P79: =+P78 -> 0.063457801 | Q79: =+Q78 -> 45863 | R79: 46101 | S79: USD | T79: =Tabla3[[#This Row],[Cantidad]]*Tabla3[[#This Row],[Cortes]] -> 18978.9 | U79: =IF(X79="VIgente",(T79/(1+O79)^((R79-$U$5)/365))) -> FALSE | V79: =IF(X79="VIgente",(T79/(1+O79)^((R79-$V$5)/365))) -> FALSE | W79: =IF(Tabla3[[#This Row],[Fecha de operación]]=$C$1,0,U79-V79) -> 0 | X79: =IF(R79<=$U$5,"Vencido","Vigente") -> Vencido | Y79: Trimestral | Z79: =+R79-$U$5 -> -11 | AA79: =+AA78 -> 1.4258447 | AB79: =+AB78 -> 1.3812617 | AC79: Familiar CB | AD79: Cupón de Interés | AG79: =+IF(Tabla3[[#This Row],[Amortización k | cupón de intereses]]="Amortización de K",Tabla3[[#This Row],[Valor Nominal]],0) -> 0 | AH79: =+IF(AND(Tabla3[[#This Row],[Amortización k | cupón de intereses]]="Cupón de interés",Tabla3[[#This Row],[Estado]]="Vigente"),Tabla3[[#This Row],[Valor Nominal]],0) -> 0 | AI79: =+IF(Tabla3[[#This Row],[Amortización k | cupón de intereses]]="Amortización de K",SUMIFS($AH$7:$AH$557,Tabla3[Código Emisión],Tabla3[[#This Row],[Código Emisión]],Tabla3[Fecha de operación],Tabla3[[#This Row],[Fecha de operación]]),0)-Tabla3[[#This Row],[Accrued]]*Tabla3[[#This Row],[Valor Nominal]] -> 0 | AJ79: =+IF(Tabla3[[#This Row],[Amortización k | cupón de intereses]]="Amortización de K",IF(Tabla3[[#This Row],[Precio Clean]]>1,Tabla3[[#This Row],[Valor Nominal]]*(Tabla3[[#This Row],[Precio Clean]]-1),0),0) -> 0 | AK79: =+IF(Tabla3[[#This Row],[Amortización k | cupón de intereses]]="Amortización de K",IF(Tabla3[[#This Row],[Precio Clean]]<1,Tabla3[[#This Row],[Valor Nominal]]*(Tabla3[[#This Row],[Precio Clean]]-1),0),0) -> 0
B80: Banco Nacional de Fomento | C80: =+C79 -> BNF_6,45%_210927_200K_BB1814-1820-2 | D80: CDA | E80: =+E79 -> AA+py | F80: Financiero | G80: Paraguay | H80: =+H79 -> 3 | I80: 6573.69 | O80: =+O79 -> 0.064554039 | P80: =+P79 -> 0.063457801 | Q80: =+Q79 -> 45863 | R80: 45922 | S80: USD | T80: =Tabla3[[#This Row],[Cantidad]]*Tabla3[[#This Row],[Cortes]] -> 19721.07 | U80: =IF(X80="VIgente",(T80/(1+O80)^((R80-$U$5)/365))) -> FALSE | V80: =IF(X80="VIgente",(T80/(1+O80)^((R80-$V$5)/365))) -> FALSE | W80: =IF(Tabla3[[#This Row],[Fecha de operación]]=$C$1,0,U80-V80) -> 0 | X80: =IF(R80<=$U$5,"Vencido","Vigente") -> Vencido | Y80: Trimestral | Z80: =+R80-$U$5 -> -190 | AA80: =+AA79 -> 1.4258447 | AB80: =+AB79 -> 1.3812617 | AC80: Familiar CB | AD80: Cupón de Interés | AG80: =+IF(Tabla3[[#This Row],[Amortización k | cupón de intereses]]="Amortización de K",Tabla3[[#This Row],[Valor Nominal]],0) -> 0 | AH80: =+IF(AND(Tabla3[[#This Row],[Amortización k | cupón de intereses]]="Cupón de interés",Tabla3[[#This Row],[Estado]]="Vigente"),Tabla3[[#This Row],[Valor Nominal]],0) -> 0 | AI80: =+IF(Tabla3[[#This Row],[Amortización k | cupón de intereses]]="Amortización de K",SUMIFS($AH$7:$AH$557,Tabla3[Código Emisión],Tabla3[[#This Row],[Código Emisión]],Tabla3[Fecha de operación],Tabla3[[#This Row],[Fecha de operación]]),0)-Tabla3[[#This Row],[Accrued]]*Tabla3[[#This Row],[Valor Nominal]] -> 0 | AJ80: =+IF(Tabla3[[#This Row],[Amortización k | cupón de intereses]]="Amortización de K",IF(Tabla3[[#This Row],[Precio Clean]]>1,Tabla3[[#This Row],[Valor Nominal]]*(Tabla3[[#This Row],[Precio Clean]]-1),0),0) -> 0 | AK80: =+IF(Tabla3[[#This Row],[Amortización k | cupón de intereses]]="Amortización de K",IF(Tabla3[[#This Row],[Precio Clean]]<1,Tabla3[[#This Row],[Valor Nominal]]*(Tabla3[[#This Row],[Precio Clean]]-1),0),0) -> 0
A81: =+A74+1 -> 10 | B81: Banco Nacional de Fomento | C81: BNF_6,45%_210927_200K_BB1814-1820-2 | D81: CDA | E81: AA+py | F81: Financiero | G81: Paraguay | H81: 2 | I81: 200000 | J81: 0.0645 | K81: =_xlfn.MAXIFS(R:R,C:C,C81,AD:AD,"Cupón de interés",X:X,"Vencido") -> 46101 | L81: =+Tabla3[[#This Row],[Tasa de Interés]]*($U$5-Tabla3[[#This Row],[Last coupon]])/365 -> 0.0019438356 | M81: =+Tabla3[[#This Row],[Precio Dirty]]-Tabla3[[#This Row],[Accrued]] -> 1.0012964 | N81: =SUMIFS(U:U,C:C,C81,Q:Q,Q81)/SUMIFS(T:T,C:C,C81,Q:Q,Q81,AD:AD,"Amortización de K") -> 1.0032402 | O81: 0.064554039 | P81: 0.063508022 | Q81: 45867 | R81: 46651 | S81: USD | T81: =Tabla3[[#This Row],[Cantidad]]*Tabla3[[#This Row],[Cortes]] -> 400000 | U81: =IF(X81="VIgente",(T81/(1+O81)^((R81-$U$5)/365))) -> 364704.48 | V81: =IF(X81="VIgente",(T81/(1+O81)^((R81-$V$5)/365))) -> 364641.98 | W81: =IF(Tabla3[[#This Row],[Fecha de operación]]=$C$1,0,U81-V81) -> 62.499964 | X81: =IF(R81<=$U$5,"Vencido","Vigente") -> Vigente | Y81: Semestral | Z81: =+R81-$U$5 -> 539 | AA81: =IF(Y81="Mensual",DURATION($C$1,$C$1+Z81*12,J81/12,O81/12,1)/12,DURATION($C$1,R81,J81,O81,IF(Y81="Cupón cero",1,IF(Y81="Al vencimiento",1,IF(Y81="Anual",1,IF(Y81="Semestral",2,IF(Y81="Trimestral",4,""))))))) -> 1.4258447 | AB81: =IF(Y81="Mensual",MDURATION($C$1,$C$1+Z81*12,J81/12,O81/12,1)/12,MDURATION($C$1,R81,J81,O81,IF(Y81="Cupón cero",1,IF(Y81="Al vencimiento",1,IF(Y81="Anual",1,IF(Y81="Semestral",2,IF(Y81="Trimestral",4,""))))))) -> 1.3812617 | AC81: Familiar CB | AD81: Amortización de K | AG81: =+IF(Tabla3[[#This Row],[Amortización k | cupón de intereses]]="Amortización de K",Tabla3[[#This Row],[Valor Nominal]],0) -> 400000 | AH81: =+IF(AND(Tabla3[[#This Row],[Amortización k | cupón de intereses]]="Cupón de interés",Tabla3[[#This Row],[Estado]]="Vigente"),Tabla3[[#This Row],[Valor Nominal]],0) -> 0 | AI81: =+IF(Tabla3[[#This Row],[Amortización k | cupón de intereses]]="Amortización de K",SUMIFS($AH$7:$AH$557,Tabla3[Código Emisión],Tabla3[[#This Row],[Código Emisión]],Tabla3[Fecha de operación],Tabla3[[#This Row],[Fecha de operación]]),0)-Tabla3[[#This Row],[Accrued]]*Tabla3[[#This Row],[Valor Nominal]] -> 38099.126 | AJ81: =+IF(Tabla3[[#This Row],[Amortización k | cupón de intereses]]="Amortización de K",IF(Tabla3[[#This Row],[Precio Clean]]>1,Tabla3[[#This Row],[Valor Nominal]]*(Tabla3[[#This Row],[Precio Clean]]-1),0),0) -> 518.56068 | AK81: =+IF(Tabla3[[#This Row],[Amortización k | cupón de intereses]]="Amortización de K",IF(Tabla3[[#This Row],[Precio Clean]]<1,Tabla3[[#This Row],[Valor Nominal]]*(Tabla3[[#This Row],[Precio Clean]]-1),0),0) -> 0
B82: Banco Nacional de Fomento | C82: =+C81 -> BNF_6,45%_210927_200K_BB1814-1820-2 | D82: CDA | E82: =+E81 -> AA+py | F82: Financiero | G82: Paraguay | H82: =+H81 -> 2 | I82: 35.34 | O82: =+O81 -> 0.064554039 | P82: =+P81 -> 0.063508022 | Q82: =+Q81 -> 45867 | R82: 46651 | S82: USD | T82: =Tabla3[[#This Row],[Cantidad]]*Tabla3[[#This Row],[Cortes]] -> 70.68 | U82: =IF(X82="VIgente",(T82/(1+O82)^((R82-$U$5)/365))) -> 64.443281 | V82: =IF(X82="VIgente",(T82/(1+O82)^((R82-$V$5)/365))) -> 64.432238 | W82: =IF(Tabla3[[#This Row],[Fecha de operación]]=$C$1,0,U82-V82) -> 0.011043744 | X82: =IF(R82<=$U$5,"Vencido","Vigente") -> Vigente | Y82: Trimestral | Z82: =+R82-$U$5 -> 539 | AA82: =+AA81 -> 1.4258447 | AB82: =+AB81 -> 1.3812617 | AC82: Familiar CB | AD82: Cupón de Interés | AG82: =+IF(Tabla3[[#This Row],[Amortización k | cupón de intereses]]="Amortización de K",Tabla3[[#This Row],[Valor Nominal]],0) -> 0 | AH82: =+IF(AND(Tabla3[[#This Row],[Amortización k | cupón de intereses]]="Cupón de interés",Tabla3[[#This Row],[Estado]]="Vigente"),Tabla3[[#This Row],[Valor Nominal]],0) -> 70.68 | AI82: =+IF(Tabla3[[#This Row],[Amortización k | cupón de intereses]]="Amortización de K",SUMIFS($AH$7:$AH$557,Tabla3[Código Emisión],Tabla3[[#This Row],[Código Emisión]],Tabla3[Fecha de operación],Tabla3[[#This Row],[Fecha de operación]]),0)-Tabla3[[#This Row],[Accrued]]*Tabla3[[#This Row],[Valor Nominal]] -> 0 | AJ82: =+IF(Tabla3[[#This Row],[Amortización k | cupón de intereses]]="Amortización de K",IF(Tabla3[[#This Row],[Precio Clean]]>1,Tabla3[[#This Row],[Valor Nominal]]*(Tabla3[[#This Row],[Precio Clean]]-1),0),0) -> 0 | AK82: =+IF(Tabla3[[#This Row],[Amortización k | cupón de intereses]]="Amortización de K",IF(Tabla3[[#This Row],[Precio Clean]]<1,Tabla3[[#This Row],[Valor Nominal]]*(Tabla3[[#This Row],[Precio Clean]]-1),0),0) -> 0
B83: Banco Nacional de Fomento | C83: =+C82 -> BNF_6,45%_210927_200K_BB1814-1820-2 | D83: CDA | E83: =+E82 -> AA+py | F83: Financiero | G83: Paraguay | H83: =+H82 -> 2 | I83: 6432.32 | O83: =+O82 -> 0.064554039 | P83: =+P82 -> 0.063508022 | Q83: =+Q82 -> 45867 | R83: 46650 | S83: USD | T83: =Tabla3[[#This Row],[Cantidad]]*Tabla3[[#This Row],[Cortes]] -> 12864.64 | U83: =IF(X83="VIgente",(T83/(1+O83)^((R83-$U$5)/365))) -> 11731.49 | V83: =IF(X83="VIgente",(T83/(1+O83)^((R83-$V$5)/365))) -> 11729.48 | W83: =IF(Tabla3[[#This Row],[Fecha de operación]]=$C$1,0,U83-V83) -> 2.0104434 | X83: =IF(R83<=$U$5,"Vencido","Vigente") -> Vigente | Y83: Trimestral | Z83: =+R83-$U$5 -> 538 | AA83: =+AA82 -> 1.4258447 | AB83: =+AB82 -> 1.3812617 | AC83: Familiar CB | AD83: Cupón de Interés | AG83: =+IF(Tabla3[[#This Row],[Amortización k | cupón de intereses]]="Amortización de K",Tabla3[[#This Row],[Valor Nominal]],0) -> 0 | AH83: =+IF(AND(Tabla3[[#This Row],[Amortización k | cupón de intereses]]="Cupón de interés",Tabla3[[#This Row],[Estado]]="Vigente"),Tabla3[[#This Row],[Valor Nominal]],0) -> 12864.64 | AI83: =+IF(Tabla3[[#This Row],[Amortización k | cupón de intereses]]="Amortización de K",SUMIFS($AH$7:$AH$557,Tabla3[Código Emisión],Tabla3[[#This Row],[Código Emisión]],Tabla3[Fecha de operación],Tabla3[[#This Row],[Fecha de operación]]),0)-Tabla3[[#This Row],[Accrued]]*Tabla3[[#This Row],[Valor Nominal]] -> 0 | AJ83: =+IF(Tabla3[[#This Row],[Amortización k | cupón de intereses]]="Amortización de K",IF(Tabla3[[#This Row],[Precio Clean]]>1,Tabla3[[#This Row],[Valor Nominal]]*(Tabla3[[#This Row],[Precio Clean]]-1),0),0) -> 0 | AK83: =+IF(Tabla3[[#This Row],[Amortización k | cupón de intereses]]="Amortización de K",IF(Tabla3[[#This Row],[Precio Clean]]<1,Tabla3[[#This Row],[Valor Nominal]]*(Tabla3[[#This Row],[Precio Clean]]-1),0),0) -> 0
B84: Banco Nacional de Fomento | C84: =+C83 -> BNF_6,45%_210927_200K_BB1814-1820-2 | D84: CDA | E84: =+E83 -> AA+py | F84: Financiero | G84: Paraguay | H84: =+H83 -> 2 | I84: 6432.32 | O84: =+O83 -> 0.064554039 | P84: =+P83 -> 0.063508022 | Q84: =+Q83 -> 45867 | R84: 46468 | S84: USD | T84: =Tabla3[[#This Row],[Cantidad]]*Tabla3[[#This Row],[Cortes]] -> 12864.64 | U84: =IF(X84="VIgente",(T84/(1+O84)^((R84-$U$5)/365))) -> 12103.189 | V84: =IF(X84="VIgente",(T84/(1+O84)^((R84-$V$5)/365))) -> 12101.115 | W84: =IF(Tabla3[[#This Row],[Fecha de operación]]=$C$1,0,U84-V84) -> 2.074142 | X84: =IF(R84<=$U$5,"Vencido","Vigente") -> Vigente | Y84: Trimestral | Z84: =+R84-$U$5 -> 356 | AA84: =+AA83 -> 1.4258447 | AB84: =+AB83 -> 1.3812617 | AC84: Familiar CB | AD84: Cupón de Interés | AG84: =+IF(Tabla3[[#This Row],[Amortización k | cupón de intereses]]="Amortización de K",Tabla3[[#This Row],[Valor Nominal]],0) -> 0 | AH84: =+IF(AND(Tabla3[[#This Row],[Amortización k | cupón de intereses]]="Cupón de interés",Tabla3[[#This Row],[Estado]]="Vigente"),Tabla3[[#This Row],[Valor Nominal]],0) -> 12864.64 | AI84: =+IF(Tabla3[[#This Row],[Amortización k | cupón de intereses]]="Amortización de K",SUMIFS($AH$7:$AH$557,Tabla3[Código Emisión],Tabla3[[#This Row],[Código Emisión]],Tabla3[Fecha de operación],Tabla3[[#This Row],[Fecha de operación]]),0)-Tabla3[[#This Row],[Accrued]]*Tabla3[[#This Row],[Valor Nominal]] -> 0 | AJ84: =+IF(Tabla3[[#This Row],[Amortización k | cupón de intereses]]="Amortización de K",IF(Tabla3[[#This Row],[Precio Clean]]>1,Tabla3[[#This Row],[Valor Nominal]]*(Tabla3[[#This Row],[Precio Clean]]-1),0),0) -> 0 | AK84: =+IF(Tabla3[[#This Row],[Amortización k | cupón de intereses]]="Amortización de K",IF(Tabla3[[#This Row],[Precio Clean]]<1,Tabla3[[#This Row],[Valor Nominal]]*(Tabla3[[#This Row],[Precio Clean]]-1),0),0) -> 0
B85: Banco Nacional de Fomento | C85: =+C84 -> BNF_6,45%_210927_200K_BB1814-1820-2 | D85: CDA | E85: =+E84 -> AA+py | F85: Financiero | G85: Paraguay | H85: =+H84 -> 2 | I85: 6538.35 | O85: =+O84 -> 0.064554039 | P85: =+P84 -> 0.063508022 | Q85: =+Q84 -> 45867 | R85: 46286 | S85: USD | T85: =Tabla3[[#This Row],[Cantidad]]*Tabla3[[#This Row],[Cortes]] -> 13076.7 | U85: =IF(X85="VIgente",(T85/(1+O85)^((R85-$U$5)/365))) -> 12692.494 | V85: =IF(X85="VIgente",(T85/(1+O85)^((R85-$V$5)/365))) -> 12690.319 | W85: =IF(Tabla3[[#This Row],[Fecha de operación]]=$C$1,0,U85-V85) -> 2.1751322 | X85: =IF(R85<=$U$5,"Vencido","Vigente") -> Vigente | Y85: Trimestral | Z85: =+R85-$U$5 -> 174 | AA85: =+AA84 -> 1.4258447 | AB85: =+AB84 -> 1.3812617 | AC85: Familiar CB | AD85: Cupón de Interés | AG85: =+IF(Tabla3[[#This Row],[Amortización k | cupón de intereses]]="Amortización de K",Tabla3[[#This Row],[Valor Nominal]],0) -> 0 | AH85: =+IF(AND(Tabla3[[#This Row],[Amortización k | cupón de intereses]]="Cupón de interés",Tabla3[[#This Row],[Estado]]="Vigente"),Tabla3[[#This Row],[Valor Nominal]],0) -> 13076.7 | AI85: =+IF(Tabla3[[#This Row],[Amortización k | cupón de intereses]]="Amortización de K",SUMIFS($AH$7:$AH$557,Tabla3[Código Emisión],Tabla3[[#This Row],[Código Emisión]],Tabla3[Fecha de operación],Tabla3[[#This Row],[Fecha de operación]]),0)-Tabla3[[#This Row],[Accrued]]*Tabla3[[#This Row],[Valor Nominal]] -> 0 | AJ85: =+IF(Tabla3[[#This Row],[Amortización k | cupón de intereses]]="Amortización de K",IF(Tabla3[[#This Row],[Precio Clean]]>1,Tabla3[[#This Row],[Valor Nominal]]*(Tabla3[[#This Row],[Precio Clean]]-1),0),0) -> 0 | AK85: =+IF(Tabla3[[#This Row],[Amortización k | cupón de intereses]]="Amortización de K",IF(Tabla3[[#This Row],[Precio Clean]]<1,Tabla3[[#This Row],[Valor Nominal]]*(Tabla3[[#This Row],[Precio Clean]]-1),0),0) -> 0
B86: Banco Nacional de Fomento | C86: =+C85 -> BNF_6,45%_210927_200K_BB1814-1820-2 | D86: CDA | E86: =+E85 -> AA+py | F86: Financiero | G86: Paraguay | H86: =+H85 -> 2 | I86: 6326.3 | O86: =+O85 -> 0.064554039 | P86: =+P85 -> 0.063508022 | Q86: =+Q85 -> 45867 | R86: 46101 | S86: USD | T86: =Tabla3[[#This Row],[Cantidad]]*Tabla3[[#This Row],[Cortes]] -> 12652.6 | U86: =IF(X86="VIgente",(T86/(1+O86)^((R86-$U$5)/365))) -> FALSE | V86: =IF(X86="VIgente",(T86/(1+O86)^((R86-$V$5)/365))) -> FALSE | W86: =IF(Tabla3[[#This Row],[Fecha de operación]]=$C$1,0,U86-V86) -> 0 | X86: =IF(R86<=$U$5,"Vencido","Vigente") -> Vencido | Y86: Trimestral | Z86: =+R86-$U$5 -> -11 | AA86: =+AA85 -> 1.4258447 | AB86: =+AB85 -> 1.3812617 | AC86: Familiar CB | AD86: Cupón de Interés | AG86: =+IF(Tabla3[[#This Row],[Amortización k | cupón de intereses]]="Amortización de K",Tabla3[[#This Row],[Valor Nominal]],0) -> 0 | AH86: =+IF(AND(Tabla3[[#This Row],[Amortización k | cupón de intereses]]="Cupón de interés",Tabla3[[#This Row],[Estado]]="Vigente"),Tabla3[[#This Row],[Valor Nominal]],0) -> 0 | AI86: =+IF(Tabla3[[#This Row],[Amortización k | cupón de intereses]]="Amortización de K",SUMIFS($AH$7:$AH$557,Tabla3[Código Emisión],Tabla3[[#This Row],[Código Emisión]],Tabla3[Fecha de operación],Tabla3[[#This Row],[Fecha de operación]]),0)-Tabla3[[#This Row],[Accrued]]*Tabla3[[#This Row],[Valor Nominal]] -> 0 | AJ86: =+IF(Tabla3[[#This Row],[Amortización k | cupón de intereses]]="Amortización de K",IF(Tabla3[[#This Row],[Precio Clean]]>1,Tabla3[[#This Row],[Valor Nominal]]*(Tabla3[[#This Row],[Precio Clean]]-1),0),0) -> 0 | AK86: =+IF(Tabla3[[#This Row],[Amortización k | cupón de intereses]]="Amortización de K",IF(Tabla3[[#This Row],[Precio Clean]]<1,Tabla3[[#This Row],[Valor Nominal]]*(Tabla3[[#This Row],[Precio Clean]]-1),0),0) -> 0
B87: Banco Nacional de Fomento | C87: =+C86 -> BNF_6,45%_210927_200K_BB1814-1820-2 | D87: CDA | E87: =+E86 -> AA+py | F87: Financiero | G87: Paraguay | H87: =+H86 -> 2 | I87: 6573.69 | O87: =+O86 -> 0.064554039 | P87: =+P86 -> 0.063508022 | Q87: =+Q86 -> 45867 | R87: 45922 | S87: USD | T87: =Tabla3[[#This Row],[Cantidad]]*Tabla3[[#This Row],[Cortes]] -> 13147.38 | U87: =IF(X87="VIgente",(T87/(1+O87)^((R87-$U$5)/365))) -> FALSE | V87: =IF(X87="VIgente",(T87/(1+O87)^((R87-$V$5)/365))) -> FALSE | W87: =IF(Tabla3[[#This Row],[Fecha de operación]]=$C$1,0,U87-V87) -> 0 | X87: =IF(R87<=$U$5,"Vencido","Vigente") -> Vencido | Y87: Trimestral | Z87: =+R87-$U$5 -> -190 | AA87: =+AA86 -> 1.4258447 | AB87: =+AB86 -> 1.3812617 | AC87: Familiar CB | AD87: Cupón de Interés | AG87: =+IF(Tabla3[[#This Row],[Amortización k | cupón de intereses]]="Amortización de K",Tabla3[[#This Row],[Valor Nominal]],0) -> 0 | AH87: =+IF(AND(Tabla3[[#This Row],[Amortización k | cupón de intereses]]="Cupón de interés",Tabla3[[#This Row],[Estado]]="Vigente"),Tabla3[[#This Row],[Valor Nominal]],0) -> 0 | AI87: =+IF(Tabla3[[#This Row],[Amortización k | cupón de intereses]]="Amortización de K",SUMIFS($AH$7:$AH$557,Tabla3[Código Emisión],Tabla3[[#This Row],[Código Emisión]],Tabla3[Fecha de operación],Tabla3[[#This Row],[Fecha de operación]]),0)-Tabla3[[#This Row],[Accrued]]*Tabla3[[#This Row],[Valor Nominal]] -> 0 | AJ87: =+IF(Tabla3[[#This Row],[Amortización k | cupón de intereses]]="Amortización de K",IF(Tabla3[[#This Row],[Precio Clean]]>1,Tabla3[[#This Row],[Valor Nominal]]*(Tabla3[[#This Row],[Precio Clean]]-1),0),0) -> 0 | AK87: =+IF(Tabla3[[#This Row],[Amortización k | cupón de intereses]]="Amortización de K",IF(Tabla3[[#This Row],[Precio Clean]]<1,Tabla3[[#This Row],[Valor Nominal]]*(Tabla3[[#This Row],[Precio Clean]]-1),0),0) -> 0
A88: =+A81+1 -> 11 | B88: Banco Nacional de Fomento | C88: BNF_6,45%_210927_200K_BB1814-1820-2 | D88: CDA | E88: AA+py | F88: Financiero | G88: Paraguay | H88: 1 | I88: 200000 | J88: 0.0645 | K88: =_xlfn.MAXIFS(R:R,C:C,C88,AD:AD,"Cupón de interés",X:X,"Vencido") -> 46101 | L88: =+Tabla3[[#This Row],[Tasa de Interés]]*($U$5-Tabla3[[#This Row],[Last coupon]])/365 -> 0.0019438356 | M88: =+Tabla3[[#This Row],[Precio Dirty]]-Tabla3[[#This Row],[Accrued]] -> 1.0012964 | N88: =SUMIFS(U:U,C:C,C88,Q:Q,Q88)/SUMIFS(T:T,C:C,C88,Q:Q,Q88,AD:AD,"Amortización de K") -> 1.0032402 | O88: 0.064554057 | P88: 0.063544578 | Q88: 45875 | R88: 46651 | S88: USD | T88: =Tabla3[[#This Row],[Cantidad]]*Tabla3[[#This Row],[Cortes]] -> 200000 | U88: =IF(X88="VIgente",(T88/(1+O88)^((R88-$U$5)/365))) -> 182352.23 | V88: =IF(X88="VIgente",(T88/(1+O88)^((R88-$V$5)/365))) -> 182320.98 | W88: =IF(Tabla3[[#This Row],[Fecha de operación]]=$C$1,0,U88-V88) -> 31.24999 | X88: =IF(R88<=$U$5,"Vencido","Vigente") -> Vigente | Y88: Semestral | Z88: =+R88-$U$5 -> 539 | AA88: =IF(Y88="Mensual",DURATION($C$1,$C$1+Z88*12,J88/12,O88/12,1)/12,DURATION($C$1,R88,J88,O88,IF(Y88="Cupón cero",1,IF(Y88="Al vencimiento",1,IF(Y88="Anual",1,IF(Y88="Semestral",2,IF(Y88="Trimestral",4,""))))))) -> 1.4258447 | AB88: =IF(Y88="Mensual",MDURATION($C$1,$C$1+Z88*12,J88/12,O88/12,1)/12,MDURATION($C$1,R88,J88,O88,IF(Y88="Cupón cero",1,IF(Y88="Al vencimiento",1,IF(Y88="Anual",1,IF(Y88="Semestral",2,IF(Y88="Trimestral",4,""))))))) -> 1.3812617 | AC88: Familiar CB | AD88: Amortización de K | AG88: =+IF(Tabla3[[#This Row],[Amortización k | cupón de intereses]]="Amortización de K",Tabla3[[#This Row],[Valor Nominal]],0) -> 200000 | AH88: =+IF(AND(Tabla3[[#This Row],[Amortización k | cupón de intereses]]="Cupón de interés",Tabla3[[#This Row],[Estado]]="Vigente"),Tabla3[[#This Row],[Valor Nominal]],0) -> 0 | AI88: =+IF(Tabla3[[#This Row],[Amortización k | cupón de intereses]]="Amortización de K",SUMIFS($AH$7:$AH$557,Tabla3[Código Emisión],Tabla3[[#This Row],[Código Emisión]],Tabla3[Fecha de operación],Tabla3[[#This Row],[Fecha de operación]]),0)-Tabla3[[#This Row],[Accrued]]*Tabla3[[#This Row],[Valor Nominal]] -> 19049.563 | AJ88: =+IF(Tabla3[[#This Row],[Amortización k | cupón de intereses]]="Amortización de K",IF(Tabla3[[#This Row],[Precio Clean]]>1,Tabla3[[#This Row],[Valor Nominal]]*(Tabla3[[#This Row],[Precio Clean]]-1),0),0) -> 259.27552 | AK88: =+IF(Tabla3[[#This Row],[Amortización k | cupón de intereses]]="Amortización de K",IF(Tabla3[[#This Row],[Precio Clean]]<1,Tabla3[[#This Row],[Valor Nominal]]*(Tabla3[[#This Row],[Precio Clean]]-1),0),0) -> 0
B89: Banco Nacional de Fomento | C89: =+C88 -> BNF_6,45%_210927_200K_BB1814-1820-2 | D89: CDA | E89: =+E88 -> AA+py | F89: Financiero | G89: Paraguay | H89: =+H88 -> 1 | I89: 35.34 | O89: =+O88 -> 0.064554057 | P89: =+P88 -> 0.063544578 | Q89: =+Q88 -> 45875 | R89: 46651 | S89: USD | T89: =Tabla3[[#This Row],[Cantidad]]*Tabla3[[#This Row],[Cortes]] -> 35.34 | U89: =IF(X89="VIgente",(T89/(1+O89)^((R89-$U$5)/365))) -> 32.22164 | V89: =IF(X89="VIgente",(T89/(1+O89)^((R89-$V$5)/365))) -> 32.216118 | W89: =IF(Tabla3[[#This Row],[Fecha de operación]]=$C$1,0,U89-V89) -> 0.0055218732 | X89: =IF(R89<=$U$5,"Vencido","Vigente") -> Vigente | Y89: Trimestral | Z89: =+R89-$U$5 -> 539 | AA89: =+AA88 -> 1.4258447 | AB89: =+AB88 -> 1.3812617 | AC89: Familiar CB | AD89: Cupón de Interés | AG89: =+IF(Tabla3[[#This Row],[Amortización k | cupón de intereses]]="Amortización de K",Tabla3[[#This Row],[Valor Nominal]],0) -> 0 | AH89: =+IF(AND(Tabla3[[#This Row],[Amortización k | cupón de intereses]]="Cupón de interés",Tabla3[[#This Row],[Estado]]="Vigente"),Tabla3[[#This Row],[Valor Nominal]],0) -> 35.34 | AI89: =+IF(Tabla3[[#This Row],[Amortización k | cupón de intereses]]="Amortización de K",SUMIFS($AH$7:$AH$557,Tabla3[Código Emisión],Tabla3[[#This Row],[Código Emisión]],Tabla3[Fecha de operación],Tabla3[[#This Row],[Fecha de operación]]),0)-Tabla3[[#This Row],[Accrued]]*Tabla3[[#This Row],[Valor Nominal]] -> 0 | AJ89: =+IF(Tabla3[[#This Row],[Amortización k | cupón de intereses]]="Amortización de K",IF(Tabla3[[#This Row],[Precio Clean]]>1,Tabla3[[#This Row],[Valor Nominal]]*(Tabla3[[#This Row],[Precio Clean]]-1),0),0) -> 0 | AK89: =+IF(Tabla3[[#This Row],[Amortización k | cupón de intereses]]="Amortización de K",IF(Tabla3[[#This Row],[Precio Clean]]<1,Tabla3[[#This Row],[Valor Nominal]]*(Tabla3[[#This Row],[Precio Clean]]-1),0),0) -> 0
B90: Banco Nacional de Fomento | C90: =+C89 -> BNF_6,45%_210927_200K_BB1814-1820-2 | D90: CDA | E90: =+E89 -> AA+py | F90: Financiero | G90: Paraguay | H90: =+H89 -> 1 | I90: 6432.32 | O90: =+O89 -> 0.064554057 | P90: =+P89 -> 0.063544578 | Q90: =+Q89 -> 45875 | R90: 46650 | S90: USD | T90: =Tabla3[[#This Row],[Cantidad]]*Tabla3[[#This Row],[Cortes]] -> 6432.32 | U90: =IF(X90="VIgente",(T90/(1+O90)^((R90-$U$5)/365))) -> 5865.7449 | V90: =IF(X90="VIgente",(T90/(1+O90)^((R90-$V$5)/365))) -> 5864.7396 | W90: =IF(Tabla3[[#This Row],[Fecha de operación]]=$C$1,0,U90-V90) -> 1.0052219 | X90: =IF(R90<=$U$5,"Vencido","Vigente") -> Vigente | Y90: Trimestral | Z90: =+R90-$U$5 -> 538 | AA90: =+AA89 -> 1.4258447 | AB90: =+AB89 -> 1.3812617 | AC90: Familiar CB | AD90: Cupón de Interés | AG90: =+IF(Tabla3[[#This Row],[Amortización k | cupón de intereses]]="Amortización de K",Tabla3[[#This Row],[Valor Nominal]],0) -> 0 | AH90: =+IF(AND(Tabla3[[#This Row],[Amortización k | cupón de intereses]]="Cupón de interés",Tabla3[[#This Row],[Estado]]="Vigente"),Tabla3[[#This Row],[Valor Nominal]],0) -> 6432.32 | AI90: =+IF(Tabla3[[#This Row],[Amortización k | cupón de intereses]]="Amortización de K",SUMIFS($AH$7:$AH$557,Tabla3[Código Emisión],Tabla3[[#This Row],[Código Emisión]],Tabla3[Fecha de operación],Tabla3[[#This Row],[Fecha de operación]]),0)-Tabla3[[#This Row],[Accrued]]*Tabla3[[#This Row],[Valor Nominal]] -> 0 | AJ90: =+IF(Tabla3[[#This Row],[Amortización k | cupón de intereses]]="Amortización de K",IF(Tabla3[[#This Row],[Precio Clean]]>1,Tabla3[[#This Row],[Valor Nominal]]*(Tabla3[[#This Row],[Precio Clean]]-1),0),0) -> 0 | AK90: =+IF(Tabla3[[#This Row],[Amortización k | cupón de intereses]]="Amortización de K",IF(Tabla3[[#This Row],[Precio Clean]]<1,Tabla3[[#This Row],[Valor Nominal]]*(Tabla3[[#This Row],[Precio Clean]]-1),0),0) -> 0
B91: Banco Nacional de Fomento | C91: =+C90 -> BNF_6,45%_210927_200K_BB1814-1820-2 | D91: CDA | E91: =+E90 -> AA+py | F91: Financiero | G91: Paraguay | H91: =+H90 -> 1 | I91: 6432.32 | O91: =+O90 -> 0.064554057 | P91: =+P90 -> 0.063544578 | Q91: =+Q90 -> 45875 | R91: 46468 | S91: USD | T91: =Tabla3[[#This Row],[Cantidad]]*Tabla3[[#This Row],[Cortes]] -> 6432.32 | U91: =IF(X91="VIgente",(T91/(1+O91)^((R91-$U$5)/365))) -> 6051.5944 | V91: =IF(X91="VIgente",(T91/(1+O91)^((R91-$V$5)/365))) -> 6050.5573 | W91: =IF(Tabla3[[#This Row],[Fecha de operación]]=$C$1,0,U91-V91) -> 1.0370713 | X91: =IF(R91<=$U$5,"Vencido","Vigente") -> Vigente | Y91: Trimestral | Z91: =+R91-$U$5 -> 356 | AA91: =+AA90 -> 1.4258447 | AB91: =+AB90 -> 1.3812617 | AC91: Familiar CB | AD91: Cupón de Interés | AG91: =+IF(Tabla3[[#This Row],[Amortización k | cupón de intereses]]="Amortización de K",Tabla3[[#This Row],[Valor Nominal]],0) -> 0 | AH91: =+IF(AND(Tabla3[[#This Row],[Amortización k | cupón de intereses]]="Cupón de interés",Tabla3[[#This Row],[Estado]]="Vigente"),Tabla3[[#This Row],[Valor Nominal]],0) -> 6432.32 | AI91: =+IF(Tabla3[[#This Row],[Amortización k | cupón de intereses]]="Amortización de K",SUMIFS($AH$7:$AH$557,Tabla3[Código Emisión],Tabla3[[#This Row],[Código Emisión]],Tabla3[Fecha de operación],Tabla3[[#This Row],[Fecha de operación]]),0)-Tabla3[[#This Row],[Accrued]]*Tabla3[[#This Row],[Valor Nominal]] -> 0 | AJ91: =+IF(Tabla3[[#This Row],[Amortización k | cupón de intereses]]="Amortización de K",IF(Tabla3[[#This Row],[Precio Clean]]>1,Tabla3[[#This Row],[Valor Nominal]]*(Tabla3[[#This Row],[Precio Clean]]-1),0),0) -> 0 | AK91: =+IF(Tabla3[[#This Row],[Amortización k | cupón de intereses]]="Amortización de K",IF(Tabla3[[#This Row],[Precio Clean]]<1,Tabla3[[#This Row],[Valor Nominal]]*(Tabla3[[#This Row],[Precio Clean]]-1),0),0) -> 0
B92: Banco Nacional de Fomento | C92: =+C91 -> BNF_6,45%_210927_200K_BB1814-1820-2 | D92: CDA | E92: =+E91 -> AA+py | F92: Financiero | G92: Paraguay | H92: =+H91 -> 1 | I92: 6538.35 | O92: =+O91 -> 0.064554057 | P92: =+P91 -> 0.063544578 | Q92: =+Q91 -> 45875 | R92: 46286 | S92: USD | T92: =Tabla3[[#This Row],[Cantidad]]*Tabla3[[#This Row],[Cortes]] -> 6538.35 | U92: =IF(X92="VIgente",(T92/(1+O92)^((R92-$U$5)/365))) -> 6346.2471 | V92: =IF(X92="VIgente",(T92/(1+O92)^((R92-$V$5)/365))) -> 6345.1595 | W92: =IF(Tabla3[[#This Row],[Fecha de operación]]=$C$1,0,U92-V92) -> 1.0875664 | X92: =IF(R92<=$U$5,"Vencido","Vigente") -> Vigente | Y92: Trimestral | Z92: =+R92-$U$5 -> 174 | AA92: =+AA91 -> 1.4258447 | AB92: =+AB91 -> 1.3812617 | AC92: Familiar CB | AD92: Cupón de Interés | AG92: =+IF(Tabla3[[#This Row],[Amortización k | cupón de intereses]]="Amortización de K",Tabla3[[#This Row],[Valor Nominal]],0) -> 0 | AH92: =+IF(AND(Tabla3[[#This Row],[Amortización k | cupón de intereses]]="Cupón de interés",Tabla3[[#This Row],[Estado]]="Vigente"),Tabla3[[#This Row],[Valor Nominal]],0) -> 6538.35 | AI92: =+IF(Tabla3[[#This Row],[Amortización k | cupón de intereses]]="Amortización de K",SUMIFS($AH$7:$AH$557,Tabla3[Código Emisión],Tabla3[[#This Row],[Código Emisión]],Tabla3[Fecha de operación],Tabla3[[#This Row],[Fecha de operación]]),0)-Tabla3[[#This Row],[Accrued]]*Tabla3[[#This Row],[Valor Nominal]] -> 0 | AJ92: =+IF(Tabla3[[#This Row],[Amortización k | cupón de intereses]]="Amortización de K",IF(Tabla3[[#This Row],[Precio Clean]]>1,Tabla3[[#This Row],[Valor Nominal]]*(Tabla3[[#This Row],[Precio Clean]]-1),0),0) -> 0 | AK92: =+IF(Tabla3[[#This Row],[Amortización k | cupón de intereses]]="Amortización de K",IF(Tabla3[[#This Row],[Precio Clean]]<1,Tabla3[[#This Row],[Valor Nominal]]*(Tabla3[[#This Row],[Precio Clean]]-1),0),0) -> 0
B93: Banco Nacional de Fomento | C93: =+C92 -> BNF_6,45%_210927_200K_BB1814-1820-2 | D93: CDA | E93: =+E92 -> AA+py | F93: Financiero | G93: Paraguay | H93: =+H92 -> 1 | I93: 6326.3 | O93: =+O92 -> 0.064554057 | P93: =+P92 -> 0.063544578 | Q93: =+Q92 -> 45875 | R93: 46101 | S93: USD | T93: =Tabla3[[#This Row],[Cantidad]]*Tabla3[[#This Row],[Cortes]] -> 6326.3 | U93: =IF(X93="VIgente",(T93/(1+O93)^((R93-$U$5)/365))) -> FALSE | V93: =IF(X93="VIgente",(T93/(1+O93)^((R93-$V$5)/365))) -> FALSE | W93: =IF(Tabla3[[#This Row],[Fecha de operación]]=$C$1,0,U93-V93) -> 0 | X93: =IF(R93<=$U$5,"Vencido","Vigente") -> Vencido | Y93: Trimestral | Z93: =+R93-$U$5 -> -11 | AA93: =+AA92 -> 1.4258447 | AB93: =+AB92 -> 1.3812617 | AC93: Familiar CB | AD93: Cupón de Interés | AG93: =+IF(Tabla3[[#This Row],[Amortización k | cupón de intereses]]="Amortización de K",Tabla3[[#This Row],[Valor Nominal]],0) -> 0 | AH93: =+IF(AND(Tabla3[[#This Row],[Amortización k | cupón de intereses]]="Cupón de interés",Tabla3[[#This Row],[Estado]]="Vigente"),Tabla3[[#This Row],[Valor Nominal]],0) -> 0 | AI93: =+IF(Tabla3[[#This Row],[Amortización k | cupón de intereses]]="Amortización de K",SUMIFS($AH$7:$AH$557,Tabla3[Código Emisión],Tabla3[[#This Row],[Código Emisión]],Tabla3[Fecha de operación],Tabla3[[#This Row],[Fecha de operación]]),0)-Tabla3[[#This Row],[Accrued]]*Tabla3[[#This Row],[Valor Nominal]] -> 0 | AJ93: =+IF(Tabla3[[#This Row],[Amortización k | cupón de intereses]]="Amortización de K",IF(Tabla3[[#This Row],[Precio Clean]]>1,Tabla3[[#This Row],[Valor Nominal]]*(Tabla3[[#This Row],[Precio Clean]]-1),0),0) -> 0 | AK93: =+IF(Tabla3[[#This Row],[Amortización k | cupón de intereses]]="Amortización de K",IF(Tabla3[[#This Row],[Precio Clean]]<1,Tabla3[[#This Row],[Valor Nominal]]*(Tabla3[[#This Row],[Precio Clean]]-1),0),0) -> 0
B94: Banco Nacional de Fomento | C94: =+C93 -> BNF_6,45%_210927_200K_BB1814-1820-2 | D94: CDA | E94: =+E93 -> AA+py | F94: Financiero | G94: Paraguay | H94: =+H93 -> 1 | I94: 6573.69 | O94: =+O93 -> 0.064554057 | P94: =+P93 -> 0.063544578 | Q94: =+Q93 -> 45875 | R94: 45922 | S94: USD | T94: =Tabla3[[#This Row],[Cantidad]]*Tabla3[[#This Row],[Cortes]] -> 6573.69 | U94: =IF(X94="VIgente",(T94/(1+O94)^((R94-$U$5)/365))) -> FALSE | V94: =IF(X94="VIgente",(T94/(1+O94)^((R94-$V$5)/365))) -> FALSE | W94: =IF(Tabla3[[#This Row],[Fecha de operación]]=$C$1,0,U94-V94) -> 0 | X94: =IF(R94<=$U$5,"Vencido","Vigente") -> Vencido | Y94: Trimestral | Z94: =+R94-$U$5 -> -190 | AA94: =+AA93 -> 1.4258447 | AB94: =+AB93 -> 1.3812617 | AC94: Familiar CB | AD94: Cupón de Interés | AG94: =+IF(Tabla3[[#This Row],[Amortización k | cupón de intereses]]="Amortización de K",Tabla3[[#This Row],[Valor Nominal]],0) -> 0 | AH94: =+IF(AND(Tabla3[[#This Row],[Amortización k | cupón de intereses]]="Cupón de interés",Tabla3[[#This Row],[Estado]]="Vigente"),Tabla3[[#This Row],[Valor Nominal]],0) -> 0 | AI94: =+IF(Tabla3[[#This Row],[Amortización k | cupón de intereses]]="Amortización de K",SUMIFS($AH$7:$AH$557,Tabla3[Código Emisión],Tabla3[[#This Row],[Código Emisión]],Tabla3[Fecha de operación],Tabla3[[#This Row],[Fecha de operación]]),0)-Tabla3[[#This Row],[Accrued]]*Tabla3[[#This Row],[Valor Nominal]] -> 0 | AJ94: =+IF(Tabla3[[#This Row],[Amortización k | cupón de intereses]]="Amortización de K",IF(Tabla3[[#This Row],[Precio Clean]]>1,Tabla3[[#This Row],[Valor Nominal]]*(Tabla3[[#This Row],[Precio Clean]]-1),0),0) -> 0 | AK94: =+IF(Tabla3[[#This Row],[Amortización k | cupón de intereses]]="Amortización de K",IF(Tabla3[[#This Row],[Precio Clean]]<1,Tabla3[[#This Row],[Valor Nominal]]*(Tabla3[[#This Row],[Precio Clean]]-1),0),0) -> 0
A95: =+A88+1 -> 12 | B95: Sudameris Bank SAECA | C95: SUD_6,50%_07082028_BN7267-75_100K | D95: CDA | E95: AA+py | F95: Financiero | G95: Paraguay | H95: 5 | I95: 100000 | J95: 0.065 | K95: =_xlfn.MAXIFS(R:R,C:C,C95,AD:AD,"Cupón de interés",X:X,"Vencido") -> 46055 | L95: =+Tabla3[[#This Row],[Tasa de Interés]]*($U$5-Tabla3[[#This Row],[Last coupon]])/365 -> 0.010150685 | M95: =+Tabla3[[#This Row],[Precio Dirty]]-Tabla3[[#This Row],[Accrued]] -> 0.99783233 | N95: =SUMIFS(U:U,C:C,C95,Q:Q,Q95)/SUMIFS(T:T,C:C,C95,Q:Q,Q95,AD:AD,"Amortización de K") -> 1.007983 | O95: 0.067037466 | P95: =+NOMINAL(Tabla3[[#This Row],[YTM]],2) -> 0.065950112 | Q95: 45876 | R95: 46972 | S95: USD | T95: =Tabla3[[#This Row],[Cantidad]]*Tabla3[[#This Row],[Cortes]] -> 500000 | U95: =IF(X95="VIgente",(T95/(1+O95)^((R95-$U$5)/365))) -> 429115.37 | V95: =IF(X95="VIgente",(T95/(1+O95)^((R95-$V$5)/365))) -> 429039.09 | W95: =IF(Tabla3[[#This Row],[Fecha de operación]]=$C$1,0,U95-V95) -> 76.277101 | X95: =IF(R95<=$U$5,"Vencido","Vigente") -> Vigente | Y95: Semestral | Z95: =+R95-$U$5 -> 860 | AA95: =IF(Y95="Mensual",DURATION($C$1,$C$1+Z95*12,J95/12,O95/12,1)/12,DURATION($C$1,R95,J95,O95,IF(Y95="Cupón cero",1,IF(Y95="Al vencimiento",1,IF(Y95="Anual",1,IF(Y95="Semestral",2,IF(Y95="Trimestral",4,""))))))) -> 2.1970809 | AB95: =IF(Y95="Mensual",MDURATION($C$1,$C$1+Z95*12,J95/12,O95/12,1)/12,MDURATION($C$1,R95,J95,O95,IF(Y95="Cupón cero",1,IF(Y95="Al vencimiento",1,IF(Y95="Anual",1,IF(Y95="Semestral",2,IF(Y95="Trimestral",4,""))))))) -> 2.1258259 | AC95: Familiar CB | AD95: Amortización de K | AG95: =+IF(Tabla3[[#This Row],[Amortización k | cupón de intereses]]="Amortización de K",Tabla3[[#This Row],[Valor Nominal]],0) -> 500000 | AH95: =+IF(AND(Tabla3[[#This Row],[Amortización k | cupón de intereses]]="Cupón de interés",Tabla3[[#This Row],[Estado]]="Vigente"),Tabla3[[#This Row],[Valor Nominal]],0) -> 0 | AI95: =+IF(Tabla3[[#This Row],[Amortización k | cupón de intereses]]="Amortización de K",SUMIFS($AH$7:$AH$557,Tabla3[Código Emisión],Tabla3[[#This Row],[Código Emisión]],Tabla3[Fecha de operación],Tabla3[[#This Row],[Fecha de operación]]),0)-Tabla3[[#This Row],[Accrued]]*Tabla3[[#This Row],[Valor Nominal]] -> 76575.342 | AJ95: =+IF(Tabla3[[#This Row],[Amortización k | cupón de intereses]]="Amortización de K",IF(Tabla3[[#This Row],[Precio Clean]]>1,Tabla3[[#This Row],[Valor Nominal]]*(Tabla3[[#This Row],[Precio Clean]]-1),0),0) -> 0 | AK95: =+IF(Tabla3[[#This Row],[Amortización k | cupón de intereses]]="Amortización de K",IF(Tabla3[[#This Row],[Precio Clean]]<1,Tabla3[[#This Row],[Valor Nominal]]*(Tabla3[[#This Row],[Precio Clean]]-1),0),0) -> -1083.8339
B96: =+B95 -> Sudameris Bank SAECA | C96: =+C95 -> SUD_6,50%_07082028_BN7267-75_100K | D96: CDA | E96: =+E95 -> AA+py | F96: Financiero | G96: Paraguay | H96: 5 | I96: 3490.411 | O96: =+O95 -> 0.067037466 | P96: =+P95 -> 0.065950112 | Q96: =+Q95 -> 45876 | R96: 46972 | S96: USD | T96: =Tabla3[[#This Row],[Cantidad]]*Tabla3[[#This Row],[Cortes]] -> 17452.055 | U96: =IF(X96="VIgente",(T96/(1+O96)^((R96-$U$5)/365))) -> 14977.89 | V96: =IF(X96="VIgente",(T96/(1+O96)^((R96-$V$5)/365))) -> 14975.228 | W96: =IF(Tabla3[[#This Row],[Fecha de operación]]=$C$1,0,U96-V96) -> 2.6623843 | X96: =IF(R96<=$U$5,"Vencido","Vigente") -> Vigente | Y96: =+Y95 -> Semestral | Z96: =+R96-$U$5 -> 860 | AA96: =+AA95 -> 2.1970809 | AB96: =+AB95 -> 2.1258259 | AC96: Familiar CB | AD96: Cupón de Interés | AG96: =+IF(Tabla3[[#This Row],[Amortización k | cupón de intereses]]="Amortización de K",Tabla3[[#This Row],[Valor Nominal]],0) -> 0 | AH96: =+IF(AND(Tabla3[[#This Row],[Amortización k | cupón de intereses]]="Cupón de interés",Tabla3[[#This Row],[Estado]]="Vigente"),Tabla3[[#This Row],[Valor Nominal]],0) -> 17452.055 | AI96: =+IF(Tabla3[[#This Row],[Amortización k | cupón de intereses]]="Amortización de K",SUMIFS($AH$7:$AH$557,Tabla3[Código Emisión],Tabla3[[#This Row],[Código Emisión]],Tabla3[Fecha de operación],Tabla3[[#This Row],[Fecha de operación]]),0)-Tabla3[[#This Row],[Accrued]]*Tabla3[[#This Row],[Valor Nominal]] -> 0 | AJ96: =+IF(Tabla3[[#This Row],[Amortización k | cupón de intereses]]="Amortización de K",IF(Tabla3[[#This Row],[Precio Clean]]>1,Tabla3[[#This Row],[Valor Nominal]]*(Tabla3[[#This Row],[Precio Clean]]-1),0),0) -> 0 | AK96: =+IF(Tabla3[[#This Row],[Amortización k | cupón de intereses]]="Amortización de K",IF(Tabla3[[#This Row],[Precio Clean]]<1,Tabla3[[#This Row],[Valor Nominal]]*(Tabla3[[#This Row],[Precio Clean]]-1),0),0) -> 0
B97: =+B96 -> Sudameris Bank SAECA | C97: =+C96 -> SUD_6,50%_07082028_BN7267-75_100K | D97: CDA | E97: =+E96 -> AA+py | F97: Financiero | G97: Paraguay | H97: 5 | I97: 3223.2877 | O97: =+O96 -> 0.067037466 | P97: =+P96 -> 0.065950112 | Q97: =+Q96 -> 45876 | R97: 46776 | S97: USD | T97: =Tabla3[[#This Row],[Cantidad]]*Tabla3[[#This Row],[Cortes]] -> 16116.438 | U97: =IF(X97="VIgente",(T97/(1+O97)^((R97-$U$5)/365))) -> 14322.052 | V97: =IF(X97="VIgente",(T97/(1+O97)^((R97-$V$5)/365))) -> 14319.506 | W97: =IF(Tabla3[[#This Row],[Fecha de operación]]=$C$1,0,U97-V97) -> 2.5458062 | X97: =IF(R97<=$U$5,"Vencido","Vigente") -> Vigente | Y97: =+Y96 -> Semestral | Z97: =+R97-$U$5 -> 664 | AA97: =+AA96 -> 2.1970809 | AB97: =+AB96 -> 2.1258259 | AC97: Familiar CB | AD97: Cupón de Interés | AG97: =+IF(Tabla3[[#This Row],[Amortización k | cupón de intereses]]="Amortización de K",Tabla3[[#This Row],[Valor Nominal]],0) -> 0 | AH97: =+IF(AND(Tabla3[[#This Row],[Amortización k | cupón de intereses]]="Cupón de interés",Tabla3[[#This Row],[Estado]]="Vigente"),Tabla3[[#This Row],[Valor Nominal]],0) -> 16116.438 | AI97: =+IF(Tabla3[[#This Row],[Amortización k | cupón de intereses]]="Amortización de K",SUMIFS($AH$7:$AH$557,Tabla3[Código Emisión],Tabla3[[#This Row],[Código Emisión]],Tabla3[Fecha de operación],Tabla3[[#This Row],[Fecha de operación]]),0)-Tabla3[[#This Row],[Accrued]]*Tabla3[[#This Row],[Valor Nominal]] -> 0 | AJ97: =+IF(Tabla3[[#This Row],[Amortización k | cupón de intereses]]="Amortización de K",IF(Tabla3[[#This Row],[Precio Clean]]>1,Tabla3[[#This Row],[Valor Nominal]]*(Tabla3[[#This Row],[Precio Clean]]-1),0),0) -> 0 | AK97: =+IF(Tabla3[[#This Row],[Amortización k | cupón de intereses]]="Amortización de K",IF(Tabla3[[#This Row],[Precio Clean]]<1,Tabla3[[#This Row],[Valor Nominal]]*(Tabla3[[#This Row],[Precio Clean]]-1),0),0) -> 0
B98: =+B97 -> Sudameris Bank SAECA | C98: =+C97 -> SUD_6,50%_07082028_BN7267-75_100K | D98: CDA | E98: =+E97 -> AA+py | F98: Financiero | G98: Paraguay | H98: 5 | I98: 3205.4795 | O98: =+O97 -> 0.067037466 | P98: =+P97 -> 0.065950112 | Q98: =+Q97 -> 45876 | R98: 46595 | S98: USD | T98: =Tabla3[[#This Row],[Cantidad]]*Tabla3[[#This Row],[Cortes]] -> 16027.397 | U98: =IF(X98="VIgente",(T98/(1+O98)^((R98-$U$5)/365))) -> 14708.663 | V98: =IF(X98="VIgente",(T98/(1+O98)^((R98-$V$5)/365))) -> 14706.048 | W98: =IF(Tabla3[[#This Row],[Fecha de operación]]=$C$1,0,U98-V98) -> 2.614528 | X98: =IF(R98<=$U$5,"Vencido","Vigente") -> Vigente | Y98: =+Y97 -> Semestral | Z98: =+R98-$U$5 -> 483 | AA98: =+AA97 -> 2.1970809 | AB98: =+AB97 -> 2.1258259 | AC98: Familiar CB | AD98: Cupón de Interés | AG98: =+IF(Tabla3[[#This Row],[Amortización k | cupón de intereses]]="Amortización de K",Tabla3[[#This Row],[Valor Nominal]],0) -> 0 | AH98: =+IF(AND(Tabla3[[#This Row],[Amortización k | cupón de intereses]]="Cupón de interés",Tabla3[[#This Row],[Estado]]="Vigente"),Tabla3[[#This Row],[Valor Nominal]],0) -> 16027.397 | AI98: =+IF(Tabla3[[#This Row],[Amortización k | cupón de intereses]]="Amortización de K",SUMIFS($AH$7:$AH$557,Tabla3[Código Emisión],Tabla3[[#This Row],[Código Emisión]],Tabla3[Fecha de operación],Tabla3[[#This Row],[Fecha de operación]]),0)-Tabla3[[#This Row],[Accrued]]*Tabla3[[#This Row],[Valor Nominal]] -> 0 | AJ98: =+IF(Tabla3[[#This Row],[Amortización k | cupón de intereses]]="Amortización de K",IF(Tabla3[[#This Row],[Precio Clean]]>1,Tabla3[[#This Row],[Valor Nominal]]*(Tabla3[[#This Row],[Precio Clean]]-1),0),0) -> 0 | AK98: =+IF(Tabla3[[#This Row],[Amortización k | cupón de intereses]]="Amortización de K",IF(Tabla3[[#This Row],[Precio Clean]]<1,Tabla3[[#This Row],[Valor Nominal]]*(Tabla3[[#This Row],[Precio Clean]]-1),0),0) -> 0
B99: =+B98 -> Sudameris Bank SAECA | C99: =+C98 -> SUD_6,50%_07082028_BN7267-75_100K | D99: CDA | E99: =+E98 -> AA+py | F99: Financiero | G99: Paraguay | H99: 5 | I99: 3169.863 | O99: =+O98 -> 0.067037466 | P99: =+P98 -> 0.065950112 | Q99: =+Q98 -> 45876 | R99: 46415 | S99: USD | T99: =Tabla3[[#This Row],[Cantidad]]*Tabla3[[#This Row],[Cortes]] -> 15849.315 | U99: =IF(X99="VIgente",(T99/(1+O99)^((R99-$U$5)/365))) -> 15018.187 | V99: =IF(X99="VIgente",(T99/(1+O99)^((R99-$V$5)/365))) -> 15015.518 | W99: =IF(Tabla3[[#This Row],[Fecha de operación]]=$C$1,0,U99-V99) -> 2.6695473 | X99: =IF(R99<=$U$5,"Vencido","Vigente") -> Vigente | Y99: =+Y98 -> Semestral | Z99: =+R99-$U$5 -> 303 | AA99: =+AA98 -> 2.1970809 | AB99: =+AB98 -> 2.1258259 | AC99: Familiar CB | AD99: Cupón de Interés | AG99: =+IF(Tabla3[[#This Row],[Amortización k | cupón de intereses]]="Amortización de K",Tabla3[[#This Row],[Valor Nominal]],0) -> 0 | AH99: =+IF(AND(Tabla3[[#This Row],[Amortización k | cupón de intereses]]="Cupón de interés",Tabla3[[#This Row],[Estado]]="Vigente"),Tabla3[[#This Row],[Valor Nominal]],0) -> 15849.315 | AI99: =+IF(Tabla3[[#This Row],[Amortización k | cupón de intereses]]="Amortización de K",SUMIFS($AH$7:$AH$557,Tabla3[Código Emisión],Tabla3[[#This Row],[Código Emisión]],Tabla3[Fecha de operación],Tabla3[[#This Row],[Fecha de operación]]),0)-Tabla3[[#This Row],[Accrued]]*Tabla3[[#This Row],[Valor Nominal]] -> 0 | AJ99: =+IF(Tabla3[[#This Row],[Amortización k | cupón de intereses]]="Amortización de K",IF(Tabla3[[#This Row],[Precio Clean]]>1,Tabla3[[#This Row],[Valor Nominal]]*(Tabla3[[#This Row],[Precio Clean]]-1),0),0) -> 0 | AK99: =+IF(Tabla3[[#This Row],[Amortización k | cupón de intereses]]="Amortización de K",IF(Tabla3[[#This Row],[Precio Clean]]<1,Tabla3[[#This Row],[Valor Nominal]]*(Tabla3[[#This Row],[Precio Clean]]-1),0),0) -> 0
B100: =+B99 -> Sudameris Bank SAECA | C100: =+C99 -> SUD_6,50%_07082028_BN7267-75_100K | D100: CDA | E100: =+E99 -> AA+py | F100: Financiero | G100: Paraguay | H100: 5 | I100: 3241.0959 | O100: =+O99 -> 0.067037466 | P100: =+P99 -> 0.065950112 | Q100: =+Q99 -> 45876 | R100: 46237 | S100: USD | T100: =Tabla3[[#This Row],[Cantidad]]*Tabla3[[#This Row],[Cortes]] -> 16205.479 | U100: =IF(X100="VIgente",(T100/(1+O100)^((R100-$U$5)/365))) -> 15849.345 | V100: =IF(X100="VIgente",(T100/(1+O100)^((R100-$V$5)/365))) -> 15846.527 | W100: =IF(Tabla3[[#This Row],[Fecha de operación]]=$C$1,0,U100-V100) -> 2.8172891 | X100: =IF(R100<=$U$5,"Vencido","Vigente") -> Vigente | Y100: =+Y99 -> Semestral | Z100: =+R100-$U$5 -> 125 | AA100: =+AA99 -> 2.1970809 | AB100: =+AB99 -> 2.1258259 | AC100: Familiar CB | AD100: Cupón de Interés | AG100: =+IF(Tabla3[[#This Row],[Amortización k | cupón de intereses]]="Amortización de K",Tabla3[[#This Row],[Valor Nominal]],0) -> 0 | AH100: =+IF(AND(Tabla3[[#This Row],[Amortización k | cupón de intereses]]="Cupón de interés",Tabla3[[#This Row],[Estado]]="Vigente"),Tabla3[[#This Row],[Valor Nominal]],0) -> 16205.479 | AI100: =+IF(Tabla3[[#This Row],[Amortización k | cupón de intereses]]="Amortización de K",SUMIFS($AH$7:$AH$557,Tabla3[Código Emisión],Tabla3[[#This Row],[Código Emisión]],Tabla3[Fecha de operación],Tabla3[[#This Row],[Fecha de operación]]),0)-Tabla3[[#This Row],[Accrued]]*Tabla3[[#This Row],[Valor Nominal]] -> 0 | AJ100: =+IF(Tabla3[[#This Row],[Amortización k | cupón de intereses]]="Amortización de K",IF(Tabla3[[#This Row],[Precio Clean]]>1,Tabla3[[#This Row],[Valor Nominal]]*(Tabla3[[#This Row],[Precio Clean]]-1),0),0) -> 0 | AK100: =+IF(Tabla3[[#This Row],[Amortización k | cupón de intereses]]="Amortización de K",IF(Tabla3[[#This Row],[Precio Clean]]<1,Tabla3[[#This Row],[Valor Nominal]]*(Tabla3[[#This Row],[Precio Clean]]-1),0),0) -> 0
...

Sheet INVENTARIO RF
B1: FECHA VALOR | C1: =+'[2]FM FAMPLUSUSD'!A214 -> 46021 | I1: =+C3-1.38% -> 0.050433255
B2: PORTAFOLIO | C2: =ROUND((SUM(Tabla33[Valor Presente o Contable])),2) -> 13997380 | D2: Plazo promedio | G2: =SUMPRODUCT(Tabla33[Valor Presente o Contable],Tabla33[Plazo residual])/SUM(Tabla33[Valor Presente o Contable]) -> 569.48003 | I2: =+C4-1.38% -> 0.048979835
B3: YTM | C3: =SUMPRODUCT(Tabla33[YTM],Tabla33[Valor Presente o Contable])/SUM(Tabla33[Valor Presente o Contable]) -> 0.064233255 | D3: Duración promedio | G3: =SUMPRODUCT(Tabla33[Valor Presente o Contable],Tabla33[Duration])/SUM(Tabla33[Valor Presente o Contable]) -> 1.553496
B4: TNA | C4: =SUMPRODUCT(Tabla33[TNA],Tabla33[Valor Presente o Contable])/SUM(Tabla33[Valor Presente o Contable]) -> 0.062779835 | D4: Duración Modif. Prom. | G4: =SUMPRODUCT(Tabla33[Valor Presente o Contable],Tabla33[Modified Duration])/SUM(Tabla33[Valor Presente o Contable]) -> 1.5243364 | H4: Valuación por devengado | K4: =SUM(Tabla33[Valuación por devegamiento]) -> 2159.6292
U5: =C1 -> 46021 | V5: =U5-1 -> 46020 | W5: =SUM(Tabla33[Valuación por devegamiento]) -> 2159.6292 | AF5: =+SUM(AF7:AF418) -> 13864972 | AG5: =+SUM(AG7:AG418) -> 1630031 | AH5: =+SUM(AH7:AH418) -> 1498739.8 | AI5: =+SUM(AI7:AI418) -> 20570.997 | AJ5: =+SUM(AJ7:AJ418) -> -19454.001 | AK5: =+AF5+AG5-AH5+AI5+AJ5 -> 13997380 | AL5: =+AK5-C2 -> 0.15111014
A6: #Operación | B6: Emisor | C6: Código Emisión | D6: Instrumento | E6: Calificación | F6: Sector | G6: País | H6: Cantidad | I6: Cortes | J6: Tasa de Interés | K6: Last coupon | L6: Accrued | M6: Precio Clean | N6: Precio Dirty | O6: YTM | P6: TNA | Q6: Fecha de operación | R6: Fecha de Vencimiento | S6: Moneda | T6: Valor Nominal | U6: Valor Presente o Contable | V6: Valor presente o contable2 | W6: Valuación por devegamiento | X6: Estado | Y6: Periodicidad | Z6: Plazo residual | AA6: Duration | AB6: Modified Duration | AC6: Custodio | AD6: Amortización k | cupón de intereses | AF6: Valor nominal K | AG6: Valor nominal CI | AH6: Int. a devengar | AI6: Diferencia de Px + | AJ6: Diferencia de Px -
A7: 1 | B7: Banco Basa SA | C7: PYBAM01F0358 | D7: Bonos Financieros | E7: AA-py | F7: Financiero | G7: Paraguay | H7: 50 | I7: 1000 | J7: 0.065 | K7: =_xlfn.MAXIFS(R:R,C:C,C7,AD:AD,"Cupón de interés",X:X,"Vencido") -> 45958 | L7: =+Tabla33[[#This Row],[Tasa de Interés]]*($U$5-Tabla33[[#This Row],[Last coupon]])/365 -> 0.011219178 | M7: =+Tabla33[[#This Row],[Precio Dirty]]-Tabla33[[#This Row],[Accrued]] -> 1.0002326 | N7: =SUMIFS(U:U,C:C,C7,Q:Q,Q7)/SUMIFS(T:T,C:C,C7,Q:Q,Q7,AD:AD,"Amortización de K") -> 1.0114518 | O7: 0.066508695 | P7: 0.06491147 | Q7: 45812 | R7: 47238 | S7: USD | T7: =Tabla33[[#This Row],[Cantidad]]*Tabla33[[#This Row],[Cortes]] -> 50000 | U7: =IF(X7="VIgente",(T7/(1+O7)^((R7-$U$5)/365))) -> 40339.434 | V7: =IF(X7="VIgente",(T7/(1+O7)^((R7-$V$5)/365))) -> 40332.318 | W7: =IF(Tabla33[[#This Row],[Fecha de operación]]=$C$1,0,U7-V7) -> 7.1157361 | X7: =IF(R7<=$U$5,"Vencido","Vigente") -> Vigente | Y7: Trimestral | Z7: =+R7-$U$5 -> 1217 | AA7: =IF(Y7="Mensual",DURATION($C$1,$C$1+Z7*12,J7/12,O7/12,1)/12,DURATION($C$1,R7,J7,O7,IF(Y7="Cupón cero",1,IF(Y7="Al vencimiento",1,IF(Y7="Anual",1,IF(Y7="Semestral",2,IF(Y7="Trimestral",4,""))))))) -> 2.9908444 | AB7: =IF(Y7="Mensual",MDURATION($C$1,$C$1+Z7*12,J7/12,O7/12,1)/12,MDURATION($C$1,R7,J7,O7,IF(Y7="Cupón cero",1,IF(Y7="Al vencimiento",1,IF(Y7="Anual",1,IF(Y7="Semestral",2,IF(Y7="Trimestral",4,""))))))) -> 2.9419285 | AC7: Familiar CB | AD7: Amortización de K | AF7: =+IF(Tabla33[[#This Row],[Amortización k | cupón de intereses]]="Amortización de K",Tabla33[[#This Row],[Valor Nominal]],0) -> 50000 | AG7: =+IF(AND(Tabla33[[#This Row],[Amortización k | cupón de intereses]]="Cupón de interés",Tabla33[[#This Row],[Estado]]="Vigente"),Tabla33[[#This Row],[Valor Nominal]],0) -> 0 | AH7: =+IF(Tabla33[[#This Row],[Amortización k | cupón de intereses]]="Amortización de K",SUMIFS($AG$7:$AG$418,Tabla33[Código Emisión],Tabla33[[#This Row],[Código Emisión]],Tabla33[Fecha de operación],Tabla33[[#This Row],[Fecha de operación]]),0)-Tabla33[[#This Row],[Accrued]]*Tabla33[[#This Row],[Valor Nominal]] -> 10836.301 | AI7: =+IF(Tabla33[[#This Row],[Amortización k | cupón de intereses]]="Amortización de K",IF(Tabla33[[#This Row],[Precio Clean]]>1,Tabla33[[#This Row],[Valor Nominal]]*(Tabla33[[#This Row],[Precio Clean]]-1),0),0) -> 11.63204 | AJ7: =+IF(Tabla33[[#This Row],[Amortización k | cupón de intereses]]="Amortización de K",IF(Tabla33[[#This Row],[Precio Clean]]<1,Tabla33[[#This Row],[Valor Nominal]]*(Tabla33[[#This Row],[Precio Clean]]-1),0),0) -> 0
B8: =+B7 -> Banco Basa SA | C8: =+C7 -> PYBAM01F0358 | D8: =+D7 -> Bonos Financieros | E8: =+E7 -> AA-py | F8: Financiero | G8: Paraguay | H8: =+H7 -> 50 | I8: 16.739726 | O8: =$O$7 -> 0.066508695 | P8: =$P$7 -> 0.06491147 | Q8: =+Q7 -> 45812 | R8: 47238 | S8: USD | T8: =Tabla33[[#This Row],[Cantidad]]*Tabla33[[#This Row],[Cortes]] -> 836.9863 | U8: =IF(X8="VIgente",(T8/(1+O8)^((R8-$U$5)/365))) -> 675.27107 | V8: =IF(X8="VIgente",(T8/(1+O8)^((R8-$V$5)/365))) -> 675.15195 | W8: =IF(Tabla33[[#This Row],[Fecha de operación]]=$C$1,0,U8-V8) -> 0.11911547 | X8: =IF(R8<=$U$5,"Vencido","Vigente") -> Vigente | Z8: =+R8-$U$5 -> 1217 | AA8: =+AA7 -> 2.9908444 | AB8: =AB7 -> 2.9419285 | AC8: Familiar CB | AD8: Cupón de Interés | AF8: =+IF(Tabla33[[#This Row],[Amortización k | cupón de intereses]]="Amortización de K",Tabla33[[#This Row],[Valor Nominal]],0) -> 0 | AG8: =+IF(AND(Tabla33[[#This Row],[Amortización k | cupón de intereses]]="Cupón de interés",Tabla33[[#This Row],[Estado]]="Vigente"),Tabla33[[#This Row],[Valor Nominal]],0) -> 836.9863 | AH8: =+IF(Tabla33[[#This Row],[Amortización k | cupón de intereses]]="Amortización de K",SUMIFS($AG$7:$AG$418,Tabla33[Código Emisión],Tabla33[[#This Row],[Código Emisión]],Tabla33[Fecha de operación],Tabla33[[#This Row],[Fecha de operación]]),0)-Tabla33[[#This Row],[Accrued]]*Tabla33[[#This Row],[Valor Nominal]] -> 0 | AI8: =+IF(Tabla33[[#This Row],[Amortización k | cupón de intereses]]="Amortización de K",IF(Tabla33[[#This Row],[Precio Clean]]>1,Tabla33[[#This Row],[Valor Nominal]]*(Tabla33[[#This Row],[Precio Clean]]-1),0),0) -> 0 | AJ8: =+IF(Tabla33[[#This Row],[Amortización k | cupón de intereses]]="Amortización de K",IF(Tabla33[[#This Row],[Precio Clean]]<1,Tabla33[[#This Row],[Valor Nominal]]*(Tabla33[[#This Row],[Precio Clean]]-1),0),0) -> 0 | AN8: CDA | AO8: =+AO9+AO10-AO11+AO12+AO13 -> 11064933 | AP8: =+SUMIFS(Tabla33[Valor Presente o Contable],Tabla33[Instrumento],AN8) -> 11064933 | AQ8: =+AO8-AP8 -> 0
